Workbook

Sheet Army Costs
A1: Maintaince Cost | B1: Time Period in months | C1: Cost in Drachms per month | D1: Cost in Talents per month | E1: Soldiers to be hired | F1: Army Cost in talents
A2: Archer | B2: 7 | C2: 150 | D2: =(C2/6000)*B2 -> 0.175 | E2: 5000 | F2: =E2*D2 -> 875
A3: Infantry member | B3: 7 | C3: 250 | D3: =(C3/6000)*B3 -> 0.29166667 | E3: 20000 | F3: =E3*D3 -> 5833.3333
A4: Cavalry member | B4: 7 | C4: 500 | D4: =(C4/6000)*B4 -> 0.58333333 | E4: 2000 | F4: =E4*D4 -> 1166.6667
A5: Ship | B5: 7 | C5: 6000 | D5: =(C5/6000)*B5 -> 7 | F5: =E5*D5 -> 0
A6: Total | F6: =SUM(F2:F5) -> 7875

Sheet Money Value
A2: 50 talents | B2: Purple
A3: 100 talents | B3: Yellow
A4: 250 talents | B4: Orange
A5: 500 talents | B5: Green
A6: 750 talents | B6: Red
A7: 1000 talents | B7: Dark Blue
A8: 5000 talents | B8: Light Blue

Sheet Distribution of Money
A1: Location | B1: Owner | C1: Total Value in Talents | D1: Total Value in Drachms
A2: Athens | B2: Harpalus | D2: =C2*6000 -> 0
A3: Kilikia | B3: Krateros | D3: =C3*6000 -> 0
A4: Persepolis | B4: Peukestas | D4: =C4*6000 -> 0
A5: Sardis | B5: Eumenes | D5: =C5*6000 -> 0
A6: Babylon | B6: Meleagros | D6: =C6*6000 -> 0
A7: Bactria | B7: Lysimachos | D7: =C7*6000 -> 0
A8: Pella | B8: Antipater | D8: =C8*6000 -> 0
A9: Kelania | B9: Antigonos | D9: =C9*6000 -> 0
A10: Alexandria | B10: Ptolemy | D10: =C10*6000 -> 0
C13: =SUM(C2:C10) -> 0
C16: =90000-36000-21600 -> 32400 | D16: 0.6 | E16: =C16*D16 -> 19440
C17: =90000*0.4 -> 36000

Sheet Distribution of Troops
A1: Location | B1: Commander | C1: Archers/Slingers | D1: Infantry | E1: Cavalry | F1: Ships | G1: Cost per year in Talents
A2: Kilikia | B2: Antigonos | E2: 1620 | F2: 0 | G2: =(D2*'Army Costs'!$D$3)+(E2*'Army Costs'!$D$4)+('Distribution of Troops'!F2*'Army Costs'!$D$5)+(C2*'Army Costs'!$D$2) -> 945
A3: Thrace | B3: Krateros | D3: 9900 | E3: 1485 | F3: 0 | G3: =(D3*'Army Costs'!$D$3)+(E3*'Army Costs'!$D$4)+('Distribution of Troops'!F3*'Army Costs'!$D$5)+(C3*'Army Costs'!$D$2) -> 3753.75
A4: Macedon | B4: Antipater | D4: 17000 | E4: 3000 | F4: 0 | G4: =(D4*'Army Costs'!$D$3)+(E4*'Army Costs'!$D$4)+('Distribution of Troops'!F4*'Army Costs'!$D$5)+(C4*'Army Costs'!$D$2) -> 6708.3333
A5: Macedon | B5: Perdiccas | E5: 235 | G5: =(D5*'Army Costs'!$D$3)+(E5*'Army Costs'!$D$4)+('Distribution of Troops'!F5*'Army Costs'!$D$5)+(C5*'Army Costs'!$D$2) -> 137.08333
A6: Thrace | B6: Nearchos | F6: 3500 | G6: =(D6*'Army Costs'!$D$3)+(E6*'Army Costs'!$D$4)+('Distribution of Troops'!F6*'Army Costs'!$D$5)+(C6*'Army Costs'!$D$2) -> 24500
A7: Greece | B7: Harpalos | G7: =(D7*'Army Costs'!$D$3)+(E7*'Army Costs'!$D$4)+('Distribution of Troops'!F7*'Army Costs'!$D$5)+(C7*'Army Costs'!$D$2) -> 0
A8: Sardis | B8: Eumenes | E8: 0 | G8: =(D8*'Army Costs'!$D$3)+(E8*'Army Costs'!$D$4)+('Distribution of Troops'!F8*'Army Costs'!$D$5)+(C8*'Army Costs'!$D$2) -> 0
A9: Babylon | B9: Meleagros | C9: 2000 | D9: 3000 | G9: =(D9*'Army Costs'!$D$3)+(E9*'Army Costs'!$D$4)+('Distribution of Troops'!F9*'Army Costs'!$D$5)+(C9*'Army Costs'!$D$2) -> 1225
A10: Media | B10: Peithon | G10: =(D10*'Army Costs'!$D$3)+(E10*'Army Costs'!$D$4)+('Distribution of Troops'!F10*'Army Costs'!$D$5)+(C10*'Army Costs'!$D$2) -> 0
A11: Bactria | B11: Peukestas/Lysimachos | C11: 1000 | D11: 1000 | G11: =(D11*'Army Costs'!$D$3)+(E11*'Army Costs'!$D$4)+('Distribution of Troops'!F11*'Army Costs'!$D$5)+(C11*'Army Costs'!$D$2) -> 466.66667
A12: Egypt | B12: Ptolemy | D12: 5000 | E12: 800 | F12: 500 | G12: =(D12*'Army Costs'!$D$3)+(E12*'Army Costs'!$D$4)+('Distribution of Troops'!F12*'Army Costs'!$D$5)+(C12*'Army Costs'!$D$2) -> 5425
A13: Egypt | B13: Seleukos | E13: 200 | G13: =(D13*'Army Costs'!$D$3)+(E13*'Army Costs'!$D$4)+('Distribution of Troops'!F13*'Army Costs'!$D$5)+(C13*'Army Costs'!$D$2) -> 116.66667

Sheet Year 323
A1: Region | B1: Satrap | C1: Garrison Size | D1: Garrisoned Soldier Cost | E1: Army Costs | F1: Population | G1: Potential Troop levy | H1: Low Grain Harvest | I1: Normal Grain Harvest | J1: High Grain Harvest | K1: Required Grain | L1: Suplus Grain | M1: Tax Income in Talents | N1: Top 3 trade resources | O1: Trade Income | P1: Other Expenditure | Q1: Revenue - Expenses
A2: Macedonia | B2: Antipater | C2: 1000 | D2: 500 | E2: 6000 | F2: 200000 | G2: 12000 | H2: =Table1[[#This Row],[Normal Grain Harvest]]*0.6 -> 1500000 | I2: 2500000 | J2: =Table1[[#This Row],[Normal Grain Harvest]]*1.3 -> 3250000 | K2: =(Table1[[#This Row],[Population]]*365)/1000 -> 73000 | L2: =Table1[[#This Row],[Normal Grain Harvest]]-Table1[[#This Row],[Required Grain]] -> 2427000 | M2: =(Table1[[#This Row],[Suplus Grain]]/2)/2000 -> 606.75 | N2: timber, gold, silver | Q2: =(Table1[[#This Row],[Tax Income in Talents]]+Table1[[#This Row],[Trade Income]]-Table1[[#This Row],[Army Costs]]-Table1[[#This Row],[Other Expenditure]]-Table1[[#This Row],[Garrisoned Soldier Cost]]) -> -5893.25
A3: Thrace | B3: Krateros/Nearchos | C3: 1000 | D3: 500 | E3: 5750 | F3: 200000 | G3: 7000 | H3: =Table1[[#This Row],[Normal Grain Harvest]]*0.6 -> 1500000 | I3: 2500000 | J3: =Table1[[#This Row],[Normal Grain Harvest]]*1.3 -> 3250000 | K3: =(Table1[[#This Row],[Population]]*365)/1000 -> 73000 | L3: =Table1[[#This Row],[Low Grain Harvest]]-Table1[[#This Row],[Required Grain]] -> 1427000 | M3: =(Table1[[#This Row],[Suplus Grain]]/2)/2000 -> 356.75 | N3: gold, tin, silver | Q3: =(Table1[[#This Row],[Tax Income in Talents]]+Table1[[#This Row],[Trade Income]]-Table1[[#This Row],[Army Costs]]-Table1[[#This Row],[Other Expenditure]]-Table1[[#This Row],[Garrisoned Soldier Cost]]) -> -5893.25
A4: Paphlogonia | C4: 3000 | D4: 1500 | F4: 500000 | G4: 15000 | H4: =Table1[[#This Row],[Normal Grain Harvest]]*0.6 -> 4050000 | I4: 6750000 | J4: =Table1[[#This Row],[Normal Grain Harvest]]*1.3 -> 8775000 | K4: =(Table1[[#This Row],[Population]]*365)/1000 -> 182500 | L4: =Table1[[#This Row],[Normal Grain Harvest]]-Table1[[#This Row],[Required Grain]] -> 6567500 | M4: =(Table1[[#This Row],[Suplus Grain]]/2)/2000 -> 1641.875 | N4: fish | Q4: =(Table1[[#This Row],[Tax Income in Talents]]+Table1[[#This Row],[Trade Income]]-Table1[[#This Row],[Army Costs]]-Table1[[#This Row],[Other Expenditure]]-Table1[[#This Row],[Garrisoned Soldier Cost]]) -> 141.875
A5: Greece | B5: Harpalos | C5: 3000 | D5: 1500 | E5: 7500 | F5: 500000 | G5: 15000 | H5: =Table1[[#This Row],[Normal Grain Harvest]]*0.6 -> 4050000 | I5: 6750000 | J5: =Table1[[#This Row],[Normal Grain Harvest]]*1.3 -> 8775000 | K5: =(Table1[[#This Row],[Population]]*365)/1000 -> 182500 | L5: =Table1[[#This Row],[Normal Grain Harvest]]-Table1[[#This Row],[Required Grain]] -> 6567500 | M5: =(Table1[[#This Row],[Suplus Grain]]/2)/2000 -> 1641.875 | N5: fish | Q5: =(Table1[[#This Row],[Tax Income in Talents]]+Table1[[#This Row],[Trade Income]]-Table1[[#This Row],[Army Costs]]-Table1[[#This Row],[Other Expenditure]]-Table1[[#This Row],[Garrisoned Soldier Cost]]) -> -7358.125
A6: Ionia | B6: Nearchos | C6: 3000 | D6: 1500 | F6: 500000 | G6: 13000 | H6: =Table1[[#This Row],[Normal Grain Harvest]]*0.6 -> 4050000 | I6: 6750000 | J6: =Table1[[#This Row],[Normal Grain Harvest]]*1.3 -> 8775000 | K6: =(Table1[[#This Row],[Population]]*365)/1000 -> 182500 | L6: =Table1[[#This Row],[Normal Grain Harvest]]-Table1[[#This Row],[Required Grain]] -> 6567500 | M6: =(Table1[[#This Row],[Suplus Grain]]/2)/2000 -> 1641.875 | N6: fish | Q6: =(Table1[[#This Row],[Tax Income in Talents]]+Table1[[#This Row],[Trade Income]]-Table1[[#This Row],[Army Costs]]-Table1[[#This Row],[Other Expenditure]]-Table1[[#This Row],[Garrisoned Soldier Cost]]) -> 141.875
A7: Mysia | C7: 3000 | D7: 1500 | F7: 500000 | G7: 10000 | H7: =Table1[[#This Row],[Normal Grain Harvest]]*0.6 -> 4050000 | I7: 6750000 | J7: =Table1[[#This Row],[Normal Grain Harvest]]*1.3 -> 8775000 | K7: =(Table1[[#This Row],[Population]]*365)/1000 -> 182500 | L7: =Table1[[#This Row],[Normal Grain Harvest]]-Table1[[#This Row],[Required Grain]] -> 6567500 | M7: =(Table1[[#This Row],[Suplus Grain]]/2)/2000 -> 1641.875 | N7: produce | Q7: =(Table1[[#This Row],[Tax Income in Talents]]+Table1[[#This Row],[Trade Income]]-Table1[[#This Row],[Army Costs]]-Table1[[#This Row],[Other Expenditure]]-Table1[[#This Row],[Garrisoned Soldier Cost]]) -> 141.875
A8: Phrygia | B8: Antigonos | C8: 3000 | D8: 1500 | E8: 5400 | F8: 500000 | G8: 20000 | H8: =Table1[[#This Row],[Normal Grain Harvest]]*0.6 -> 4050000 | I8: 6750000 | J8: =Table1[[#This Row],[Normal Grain Harvest]]*1.3 -> 8775000 | K8: =(Table1[[#This Row],[Population]]*365)/1000 -> 182500 | L8: =Table1[[#This Row],[Normal Grain Harvest]]-Table1[[#This Row],[Required Grain]] -> 6567500 | M8: =(Table1[[#This Row],[Suplus Grain]]/2)/2000 -> 1641.875 | N8: gold | Q8: =(Table1[[#This Row],[Tax Income in Talents]]+Table1[[#This Row],[Trade Income]]-Table1[[#This Row],[Army Costs]]-Table1[[#This Row],[Other Expenditure]]-Table1[[#This Row],[Garrisoned Soldier Cost]]) -> -5258.125
A9: Lydia | B9: Eumenes | C9: 3000 | D9: 1500 | F9: 500000 | G9: 20000 | H9: =Table1[[#This Row],[Normal Grain Harvest]]*0.6 -> 4050000 | I9: 6750000 | J9: =Table1[[#This Row],[Normal Grain Harvest]]*1.3 -> 8775000 | K9: =(Table1[[#This Row],[Population]]*365)/1000 -> 182500 | L9: =Table1[[#This Row],[Required Grain]]-Table1[[#This Row],[Low Grain Harvest]] -> -3867500 | M9: =(Table1[[#This Row],[Suplus Grain]]/2)/2000 -> -966.875 | N9: grain | Q9: =(Table1[[#This Row],[Tax Income in Talents]]+Table1[[#This Row],[Trade Income]]-Table1[[#This Row],[Army Costs]]-Table1[[#This Row],[Other Expenditure]]-Table1[[#This Row],[Garrisoned Soldier Cost]]) -> -2466.875
A10: Capadocia | C10: 3000 | D10: 1500 | F10: 400000 | G10: 20000 | H10: =Table1[[#This Row],[Normal Grain Harvest]]*0.6 -> 4050000 | I10: 6750000 | J10: =Table1[[#This Row],[Normal Grain Harvest]]*1.3 -> 8775000 | K10: =(Table1[[#This Row],[Population]]*365)/1000 -> 146000 | L10: =Table1[[#This Row],[Normal Grain Harvest]]-Table1[[#This Row],[Required Grain]] -> 6604000 | M10: =(Table1[[#This Row],[Suplus Grain]]/2)/2000 -> 1651 | N10: tin | Q10: =(Table1[[#This Row],[Tax Income in Talents]]+Table1[[#This Row],[Trade Income]]-Table1[[#This Row],[Army Costs]]-Table1[[#This Row],[Other Expenditure]]-Table1[[#This Row],[Garrisoned Soldier Cost]]) -> 151
A11: Kilikia | B11: Antigonos | C11: 3000 | D11: 1500 | F11: 750000 | G11: 13000 | H11: =Table1[[#This Row],[Normal Grain Harvest]]*0.6 -> 4050000 | I11: 6750000 | J11: =Table1[[#This Row],[Normal Grain Harvest]]*1.3 -> 8775000 | K11: =(Table1[[#This Row],[Population]]*365)/1000 -> 273750 | L11: =Table1[[#This Row],[Low Grain Harvest]]-Table1[[#This Row],[Required Grain]] -> 3776250 | M11: =(Table1[[#This Row],[Suplus Grain]]/2)/2000 -> 944.0625 | N11: timber | Q11: =(Table1[[#This Row],[Tax Income in Talents]]+Table1[[#This Row],[Trade Income]]-Table1[[#This Row],[Army Costs]]-Table1[[#This Row],[Other Expenditure]]-Table1[[#This Row],[Garrisoned Soldier Cost]]) -> -555.9375
A12: Syria | C12: 3000 | D12: 1500 | F12: 1000000 | G12: 20000 | H12: =Table1[[#This Row],[Normal Grain Harvest]]*0.6 -> 4500000 | I12: 7500000 | J12: =Table1[[#This Row],[Normal Grain Harvest]]*1.3 -> 9750000 | K12: =(Table1[[#This Row],[Population]]*365)/1000 -> 365000 | L12: =Table1[[#This Row],[Normal Grain Harvest]]-Table1[[#This Row],[Required Grain]] -> 7135000 | M12: =(Table1[[#This Row],[Suplus Grain]]/2)/2000 -> 1783.75 | N12: timber, dyes | Q12: =(Table1[[#This Row],[Tax Income in Talents]]+Table1[[#This Row],[Trade Income]]-Table1[[#This Row],[Army Costs]]-Table1[[#This Row],[Other Expenditure]]-Table1[[#This Row],[Garrisoned Soldier Cost]]) -> 283.75
A13: Egypt | B13: Ptolemy | C13: 7500 | D13: 3750 | E13: 10000 | F13: 3500000 | G13: 80000 | H13: =Table1[[#This Row],[Normal Grain Harvest]]*0.6 -> 13500000 | I13: 22500000 | J13: =Table1[[#This Row],[Normal Grain Harvest]]*1.3 -> 29250000 | K13: =(Table1[[#This Row],[Population]]*365)/1000 -> 1277500 | L13: =Table1[[#This Row],[High Grain Harvest]]-Table1[[#This Row],[Required Grain]] -> 27972500 | M13: =(Table1[[#This Row],[Suplus Grain]]/2)/2000 -> 6993.125 | N13: grain, produce, papyrus, gems | Q13: =(Table1[[#This Row],[Tax Income in Talents]]+Table1[[#This Row],[Trade Income]]-Table1[[#This Row],[Army Costs]]-Table1[[#This Row],[Other Expenditure]]-Table1[[#This Row],[Garrisoned Soldier Cost]]) -> -6756.875
A14: Mesopotamia | B14: Kassander | C14: 5000 | D14: 2500 | F14: 2000000 | G14: 45000 | H14: =Table1[[#This Row],[Normal Grain Harvest]]*0.6 -> 7800000 | I14: 13000000 | J14: =Table1[[#This Row],[Normal Grain Harvest]]*1.3 -> 16900000 | K14: =(Table1[[#This Row],[Population]]*365)/1000 -> 730000 | L14: =Table1[[#This Row],[High Grain Harvest]]-Table1[[#This Row],[Required Grain]] -> 16170000 | M14: =(Table1[[#This Row],[Suplus Grain]]/2)/2000 -> 4042.5 | N14: grain, dates, salt | Q14: =(Table1[[#This Row],[Tax Income in Talents]]+Table1[[#This Row],[Trade Income]]-Table1[[#This Row],[Army Costs]]-Table1[[#This Row],[Other Expenditure]]-Table1[[#This Row],[Garrisoned Soldier Cost]]) -> 1542.5
A15: Babylonia | B15: Meleagros | C15: 5000 | D15: 2500 | E15: 37640 | F15: 1500000 | G15: 40000 | H15: =Table1[[#This Row],[Normal Grain Harvest]]*0.6 -> 7800000 | I15: 13000000 | J15: =Table1[[#This Row],[Normal Grain Harvest]]*1.3 -> 16900000 | K15: =(Table1[[#This Row],[Population]]*365)/1000 -> 547500 | L15: =Table1[[#This Row],[High Grain Harvest]]-Table1[[#This Row],[Required Grain]] -> 16352500 | M15: =(Table1[[#This Row],[Suplus Grain]]/2)/2000 -> 4088.125 | N15: grain, dates, salt | Q15: =(Table1[[#This Row],[Tax Income in Talents]]+Table1[[#This Row],[Trade Income]]-Table1[[#This Row],[Army Costs]]-Table1[[#This Row],[Other Expenditure]]-Table1[[#This Row],[Garrisoned Soldier Cost]]) -> -36051.875
A16: Media | B16: Peithon | C16: 5000 | D16: 2500 | E16: 150 | F16: 1000000 | G16: 45000 | H16: =Table1[[#This Row],[Normal Grain Harvest]]*0.6 -> 7800000 | I16: 13000000 | J16: =Table1[[#This Row],[Normal Grain Harvest]]*1.3 -> 16900000 | K16: =(Table1[[#This Row],[Population]]*365)/1000 -> 365000 | L16: =Table1[[#This Row],[High Grain Harvest]]-Table1[[#This Row],[Required Grain]] -> 16535000 | M16: =(Table1[[#This Row],[Suplus Grain]]/2)/2000 -> 4133.75 | N16: horses, salt | Q16: =(Table1[[#This Row],[Tax Income in Talents]]+Table1[[#This Row],[Trade Income]]-Table1[[#This Row],[Army Costs]]-Table1[[#This Row],[Other Expenditure]]-Table1[[#This Row],[Garrisoned Soldier Cost]]) -> 1483.75
A17: Persis+ Drangiane | B17: Peukestas | C17: 5000 | D17: 2500 | E17: 250 | F17: 2250000 | G17: 45000 | H17: =Table1[[#This Row],[Normal Grain Harvest]]*0.6 -> 7800000 | I17: 13000000 | J17: =Table1[[#This Row],[Normal Grain Harvest]]*1.3 -> 16900000 | K17: =(Table1[[#This Row],[Population]]*365)/1000 -> 821250 | L17: =Table1[[#This Row],[Low Grain Harvest]]-Table1[[#This Row],[Required Grain]] -> 6978750 | M17: =(Table1[[#This Row],[Suplus Grain]]/2)/2000 -> 1744.6875 | N17: grain, horses, gold | Q17: =(Table1[[#This Row],[Tax Income in Talents]]+Table1[[#This Row],[Trade Income]]-Table1[[#This Row],[Army Costs]]-Table1[[#This Row],[Other Expenditure]]-Table1[[#This Row],[Garrisoned Soldier Cost]]) -> -1005.3125
A18: Parthia + Aria | C18: 3000 | D18: 1500 | F18: 750000 | G18: 7000 | H18: =Table1[[#This Row],[Normal Grain Harvest]]*0.6 -> 3900000 | I18: 6500000 | J18: =Table1[[#This Row],[Normal Grain Harvest]]*1.3 -> 8450000 | K18: =(Table1[[#This Row],[Population]]*365)/1000 -> 273750 | L18: =Table1[[#This Row],[Normal Grain Harvest]]-Table1[[#This Row],[Required Grain]] -> 6226250 | M18: =(Table1[[#This Row],[Suplus Grain]]/2)/2000 -> 1556.5625 | N18: grain | Q18: =(Table1[[#This Row],[Tax Income in Talents]]+Table1[[#This Row],[Trade Income]]-Table1[[#This Row],[Army Costs]]-Table1[[#This Row],[Other Expenditure]]-Table1[[#This Row],[Garrisoned Soldier Cost]]) -> 56.5625
A19: Bactria + Sogdiane | B19: Lysimachos | C19: 3000 | D19: 1500 | E19: 9500 | F19: 1000000 | G19: 20000 | H19: =Table1[[#This Row],[Normal Grain Harvest]]*0.6 -> 4500000 | I19: 7500000 | J19: =Table1[[#This Row],[Normal Grain Harvest]]*1.3 -> 9750000 | K19: =(Table1[[#This Row],[Population]]*365)/1000 -> 365000 | L19: =Table1[[#This Row],[High Grain Harvest]]-Table1[[#This Row],[Required Grain]] -> 9385000 | M19: =(Table1[[#This Row],[Suplus Grain]]/2)/2000 -> 2346.25 | N19: grain, gold | Q19: =(Table1[[#This Row],[Tax Income in Talents]]+Table1[[#This Row],[Trade Income]]-Table1[[#This Row],[Army Costs]]-Table1[[#This Row],[Other Expenditure]]-Table1[[#This Row],[Garrisoned Soldier Cost]]) -> -8653.75

Sheet Year 322
A1: Region | B1: Satrap | C1: Garrison Size | D1: Garrisoned Soldier Cost | E1: Population | F1: Potential Troop levy | G1: Low Grain Harvest | H1: Normal Grain Harvest | I1: High Grain Harvest | J1: Required Grain | K1: Suplus Grain | L1: Tax Income in Talents | M1: Top 3 trade resources | N1: Trade Income | O1: Other Expenditure | P1: Revenue - Expenses
A2: Macedonia | B2: Antipater | C2: 1000 | D2: 500 | E2: 200000 | F2: 12000 | G2: =Table13[[#This Row],[Normal Grain Harvest]]*0.6 -> 1500000 | H2: 2500000 | I2: =Table13[[#This Row],[Normal Grain Harvest]]*1.3 -> 3250000 | J2: =(Table13[[#This Row],[Population]]*365)/1000 -> 73000 | K2: =Table13[[#This Row],[Normal Grain Harvest]]-Table13[[#This Row],[Required Grain]] -> 2427000 | L2: =(Table13[[#This Row],[Suplus Grain]]/2)/2000 -> 606.75 | M2: timber, gold, silver | P2: =(Table13[[#This Row],[Tax Income in Talents]]+Table13[[#This Row],[Trade Income]]-Table13[[#This Row],[Other Expenditure]]-Table13[[#This Row],[Garrisoned Soldier Cost]]) -> 106.75
A3: Thrace | B3: Krateros/Nearchos | C3: 1000 | D3: 500 | E3: 200000 | F3: 7000 | G3: =Table13[[#This Row],[Normal Grain Harvest]]*0.6 -> 1500000 | H3: 2500000 | I3: =Table13[[#This Row],[Normal Grain Harvest]]*1.3 -> 3250000 | J3: =(Table13[[#This Row],[Population]]*365)/1000 -> 73000 | K3: =Table13[[#This Row],[Normal Grain Harvest]]-Table13[[#This Row],[Required Grain]] -> 2427000 | L3: =(Table13[[#This Row],[Suplus Grain]]/2)/2000 -> 606.75 | M3: gold, tin, silver | P3: =(Table13[[#This Row],[Tax Income in Talents]]+Table13[[#This Row],[Trade Income]]-Table13[[#This Row],[Other Expenditure]]-Table13[[#This Row],[Garrisoned Soldier Cost]]) -> 106.75
A4: Paphlogonia | C4: 3000 | D4: 1500 | E4: 500000 | F4: 15000 | G4: =Table13[[#This Row],[Normal Grain Harvest]]*0.6 -> 4050000 | H4: 6750000 | I4: =Table13[[#This Row],[Normal Grain Harvest]]*1.3 -> 8775000 | J4: =(Table13[[#This Row],[Population]]*365)/1000 -> 182500 | K4: =Table13[[#This Row],[Normal Grain Harvest]]-Table13[[#This Row],[Required Grain]] -> 6567500 | L4: =(Table13[[#This Row],[Suplus Grain]]/2)/2000 -> 1641.875 | M4: fish | P4: =(Table13[[#This Row],[Tax Income in Talents]]+Table13[[#This Row],[Trade Income]]-Table13[[#This Row],[Other Expenditure]]-Table13[[#This Row],[Garrisoned Soldier Cost]]) -> 141.875
A5: Greece | B5: Harpalos | C5: 3000 | D5: 1500 | E5: 500000 | F5: 15000 | G5: =Table13[[#This Row],[Normal Grain Harvest]]*0.6 -> 4050000 | H5: 6750000 | I5: =Table13[[#This Row],[Normal Grain Harvest]]*1.3 -> 8775000 | J5: =(Table13[[#This Row],[Population]]*365)/1000 -> 182500 | K5: =Table13[[#This Row],[Low Grain Harvest]]-Table13[[#This Row],[Required Grain]] -> 3867500 | L5: =(Table13[[#This Row],[Suplus Grain]]/2)/2000 -> 966.875 | M5: fish | N5: 1000 | P5: =(Table13[[#This Row],[Tax Income in Talents]]+Table13[[#This Row],[Trade Income]]-Table13[[#This Row],[Other Expenditure]]-Table13[[#This Row],[Garrisoned Soldier Cost]]) -> 466.875
A6: Ionia | B6: Eumenes/Antigonos | C6: 3000 | D6: 1500 | E6: 500000 | F6: 13000 | G6: =Table13[[#This Row],[Normal Grain Harvest]]*0.6 -> 4050000 | H6: 6750000 | I6: =Table13[[#This Row],[Normal Grain Harvest]]*1.3 -> 8775000 | J6: =(Table13[[#This Row],[Population]]*365)/1000 -> 182500 | K6: =Table13[[#This Row],[Normal Grain Harvest]]-Table13[[#This Row],[Required Grain]] -> 6567500 | L6: =(Table13[[#This Row],[Suplus Grain]]/2)/2000 -> 1641.875 | M6: fish | P6: =(Table13[[#This Row],[Tax Income in Talents]]+Table13[[#This Row],[Trade Income]]-Table13[[#This Row],[Other Expenditure]]-Table13[[#This Row],[Garrisoned Soldier Cost]]) -> 141.875
A7: Mysia | B7: Eumenes | C7: 3000 | D7: 1500 | E7: 500000 | F7: 10000 | G7: =Table13[[#This Row],[Normal Grain Harvest]]*0.6 -> 4050000 | H7: 6750000 | I7: =Table13[[#This Row],[Normal Grain Harvest]]*1.3 -> 8775000 | J7: =(Table13[[#This Row],[Population]]*365)/1000 -> 182500 | K7: =Table13[[#This Row],[Low Grain Harvest]]-Table13[[#This Row],[Required Grain]] -> 3867500 | L7: =(Table13[[#This Row],[Suplus Grain]]/2)/2000 -> 966.875 | M7: produce | P7: =(Table13[[#This Row],[Tax Income in Talents]]+Table13[[#This Row],[Trade Income]]-Table13[[#This Row],[Other Expenditure]]-Table13[[#This Row],[Garrisoned Soldier Cost]]) -> -533.125
A8: Phrygia | B8: Antigonos | C8: 3000 | D8: 1500 | E8: 500000 | F8: 20000 | G8: =Table13[[#This Row],[Normal Grain Harvest]]*0.6 -> 4050000 | H8: 6750000 | I8: =Table13[[#This Row],[Normal Grain Harvest]]*1.3 -> 8775000 | J8: =(Table13[[#This Row],[Population]]*365)/1000 -> 182500 | K8: =Table13[[#This Row],[Normal Grain Harvest]]-Table13[[#This Row],[Required Grain]] -> 6567500 | L8: =(Table13[[#This Row],[Suplus Grain]]/2)/2000 -> 1641.875 | M8: gold | P8: =(Table13[[#This Row],[Tax Income in Talents]]+Table13[[#This Row],[Trade Income]]-Table13[[#This Row],[Other Expenditure]]-Table13[[#This Row],[Garrisoned Soldier Cost]]) -> 141.875
A9: Lydia | B9: Eumenes | C9: 3000 | D9: 1500 | E9: 500000 | F9: 20000 | G9: =Table13[[#This Row],[Normal Grain Harvest]]*0.6 -> 4050000 | H9: 6750000 | I9: =Table13[[#This Row],[Normal Grain Harvest]]*1.3 -> 8775000 | J9: =(Table13[[#This Row],[Population]]*365)/1000 -> 182500 | K9: =Table13[[#This Row],[Normal Grain Harvest]]-Table13[[#This Row],[Required Grain]] -> 6567500 | L9: =(Table13[[#This Row],[Suplus Grain]]/2)/2000 -> 1641.875 | M9: grain | P9: =(Table13[[#This Row],[Tax Income in Talents]]+Table13[[#This Row],[Trade Income]]-Table13[[#This Row],[Other Expenditure]]-Table13[[#This Row],[Garrisoned Soldier Cost]]) -> 141.875
A10: Capadocia | C10: 3000 | D10: 1500 | E10: 400000 | F10: 20000 | G10: =Table13[[#This Row],[Normal Grain Harvest]]*0.6 -> 4050000 | H10: 6750000 | I10: =Table13[[#This Row],[Normal Grain Harvest]]*1.3 -> 8775000 | J10: =(Table13[[#This Row],[Population]]*365)/1000 -> 146000 | K10: =Table13[[#This Row],[Normal Grain Harvest]]-Table13[[#This Row],[Required Grain]] -> 6604000 | L10: =(Table13[[#This Row],[Suplus Grain]]/2)/2000 -> 1651 | M10: tin | P10: =(Table13[[#This Row],[Tax Income in Talents]]+Table13[[#This Row],[Trade Income]]-Table13[[#This Row],[Other Expenditure]]-Table13[[#This Row],[Garrisoned Soldier Cost]]) -> 151
A11: Kilikia | B11: Antigonos | C11: 3000 | D11: 1500 | E11: 750000 | F11: 13000 | G11: =Table13[[#This Row],[Normal Grain Harvest]]*0.6 -> 4050000 | H11: 6750000 | I11: =Table13[[#This Row],[Normal Grain Harvest]]*1.3 -> 8775000 | J11: =(Table13[[#This Row],[Population]]*365)/1000 -> 273750 | K11: =Table13[[#This Row],[Normal Grain Harvest]]-Table13[[#This Row],[Required Grain]] -> 6476250 | L11: =(Table13[[#This Row],[Suplus Grain]]/2)/2000 -> 1619.0625 | M11: timber | P11: =(Table13[[#This Row],[Tax Income in Talents]]+Table13[[#This Row],[Trade Income]]-Table13[[#This Row],[Other Expenditure]]-Table13[[#This Row],[Garrisoned Soldier Cost]]) -> 119.0625
A12: Syria | C12: 3000 | D12: 1500 | E12: 1000000 | F12: 20000 | G12: =Table13[[#This Row],[Normal Grain Harvest]]*0.6 -> 4500000 | H12: 7500000 | I12: =Table13[[#This Row],[Normal Grain Harvest]]*1.3 -> 9750000 | J12: =(Table13[[#This Row],[Population]]*365)/1000 -> 365000 | K12: =Table13[[#This Row],[Normal Grain Harvest]]-Table13[[#This Row],[Required Grain]] -> 7135000 | L12: =(Table13[[#This Row],[Suplus Grain]]/2)/2000 -> 1783.75 | M12: timber, dyes | P12: =(Table13[[#This Row],[Tax Income in Talents]]+Table13[[#This Row],[Trade Income]]-Table13[[#This Row],[Other Expenditure]]-Table13[[#This Row],[Garrisoned Soldier Cost]]) -> 283.75
A13: Cyrene | B13: Ptolemy | C13: 3000 | D13: 1500 | E13: 1000000 | F13: 20000 | G13: =Table13[[#This Row],[Normal Grain Harvest]]*0.6 -> 4500000 | H13: 7500000 | I13: =Table13[[#This Row],[Normal Grain Harvest]]*1.3 -> 9750000 | J13: =(Table13[[#This Row],[Population]]*365)/1000 -> 365000 | K13: =Table13[[#This Row],[Low Grain Harvest]]-Table13[[#This Row],[Required Grain]] -> 4135000 | L13: =(Table13[[#This Row],[Suplus Grain]]/2)/2000 -> 1033.75 | M13: timber, dyes | P13: =(Table13[[#This Row],[Tax Income in Talents]]+Table13[[#This Row],[Trade Income]]-Table13[[#This Row],[Other Expenditure]]-Table13[[#This Row],[Garrisoned Soldier Cost]]) -> -466.25
A14: Egypt | B14: Ptolemy | C14: 7500 | D14: 3750 | E14: 3500000 | F14: 80000 | G14: =Table13[[#This Row],[Normal Grain Harvest]]*0.6 -> 13500000 | H14: 22500000 | I14: =Table13[[#This Row],[Normal Grain Harvest]]*1.3 -> 29250000 | J14: =(Table13[[#This Row],[Population]]*365)/1000 -> 1277500 | K14: =Table13[[#This Row],[High Grain Harvest]]-Table13[[#This Row],[Required Grain]] -> 27972500 | L14: =(Table13[[#This Row],[Suplus Grain]]/2)/2000 -> 6993.125 | M14: grain, produce, papyrus, gems | P14: =(Table13[[#This Row],[Tax Income in Talents]]+Table13[[#This Row],[Trade Income]]-Table13[[#This Row],[Other Expenditure]]-Table13[[#This Row],[Garrisoned Soldier Cost]]) -> 3243.125
A15: Mesopotamia | B15: Kassander | C15: 5000 | D15: 2500 | E15: 2000000 | F15: 45000 | G15: =Table13[[#This Row],[Normal Grain Harvest]]*0.6 -> 7800000 | H15: 13000000 | I15: =Table13[[#This Row],[Normal Grain Harvest]]*1.3 -> 16900000 | J15: =(Table13[[#This Row],[Population]]*365)/1000 -> 730000 | K15: =Table13[[#This Row],[High Grain Harvest]]-Table13[[#This Row],[Required Grain]] -> 16170000 | L15: =(Table13[[#This Row],[Suplus Grain]]/2)/2000 -> 4042.5 | M15: grain, dates, salt | P15: =(Table13[[#This Row],[Tax Income in Talents]]+Table13[[#This Row],[Trade Income]]-Table13[[#This Row],[Other Expenditure]]-Table13[[#This Row],[Garrisoned Soldier Cost]]) -> 1542.5
A16: Babylonia | B16: Meleagros | C16: 5000 | D16: 2500 | E16: 1500000 | F16: 40000 | G16: =Table13[[#This Row],[Normal Grain Harvest]]*0.6 -> 7800000 | H16: 13000000 | I16: =Table13[[#This Row],[Normal Grain Harvest]]*1.3 -> 16900000 | J16: =(Table13[[#This Row],[Population]]*365)/1000 -> 547500 | K16: =Table13[[#This Row],[High Grain Harvest]]-Table13[[#This Row],[Required Grain]] -> 16352500 | L16: =(Table13[[#This Row],[Suplus Grain]]/2)/2000 -> 4088.125 | M16: grain, dates, salt | P16: =(Table13[[#This Row],[Tax Income in Talents]]+Table13[[#This Row],[Trade Income]]-Table13[[#This Row],[Other Expenditure]]-Table13[[#This Row],[Garrisoned Soldier Cost]]) -> 1588.125
A17: Media | B17: Peithon | C17: 5000 | D17: 2500 | E17: 1000000 | F17: 45000 | G17: =Table13[[#This Row],[Normal Grain Harvest]]*0.6 -> 7800000 | H17: 13000000 | I17: =Table13[[#This Row],[Normal Grain Harvest]]*1.3 -> 16900000 | J17: =(Table13[[#This Row],[Population]]*365)/1000 -> 365000 | K17: =Table13[[#This Row],[Normal Grain Harvest]]-Table13[[#This Row],[Required Grain]] -> 12635000 | L17: =(Table13[[#This Row],[Suplus Grain]]/2)/2000 -> 3158.75 | M17: horses, salt | P17: =(Table13[[#This Row],[Tax Income in Talents]]+Table13[[#This Row],[Trade Income]]-Table13[[#This Row],[Other Expenditure]]-Table13[[#This Row],[Garrisoned Soldier Cost]]) -> 658.75
A18: Persis+ Drangiane | B18: Peukestas | C18: 5000 | D18: 2500 | E18: 2250000 | F18: 45000 | G18: =Table13[[#This Row],[Normal Grain Harvest]]*0.6 -> 7800000 | H18: 13000000 | I18: =Table13[[#This Row],[Normal Grain Harvest]]*1.3 -> 16900000 | J18: =(Table13[[#This Row],[Population]]*365)/1000 -> 821250 | K18: =Table13[[#This Row],[Normal Grain Harvest]]-Table13[[#This Row],[Required Grain]] -> 12178750 | L18: =(Table13[[#This Row],[Suplus Grain]]/2)/2000 -> 3044.6875 | M18: grain, horses, gold | P18: =(Table13[[#This Row],[Tax Income in Talents]]+Table13[[#This Row],[Trade Income]]-Table13[[#This Row],[Other Expenditure]]-Table13[[#This Row],[Garrisoned Soldier Cost]]) -> 544.6875
A19: Parthia + Aria | B19: Peukestas/Lysimachos | C19: 3000 | D19: 1500 | E19: 750000 | F19: 7000 | G19: =Table13[[#This Row],[Normal Grain Harvest]]*0.6 -> 3900000 | H19: 6500000 | I19: =Table13[[#This Row],[Normal Grain Harvest]]*1.3 -> 8450000 | J19: =(Table13[[#This Row],[Population]]*365)/1000 -> 273750 | K19: =Table13[[#This Row],[Normal Grain Harvest]]-Table13[[#This Row],[Required Grain]] -> 6226250 | L19: =(Table13[[#This Row],[Suplus Grain]]/2)/2000 -> 1556.5625 | M19: grain | P19: =(Table13[[#This Row],[Tax Income in Talents]]+Table13[[#This Row],[Trade Income]]-Table13[[#This Row],[Other Expenditure]]-Table13[[#This Row],[Garrisoned Soldier Cost]]) -> 56.5625
A20: Bactria + Sogdiane | B20: Lysimachos | C20: 3000 | D20: 1500 | E20: 1000000 | F20: 20000 | G20: =Table13[[#This Row],[Normal Grain Harvest]]*0.6 -> 4500000 | H20: 7500000 | I20: =Table13[[#This Row],[Normal Grain Harvest]]*1.3 -> 9750000 | J20: =(Table13[[#This Row],[Population]]*365)/1000 -> 365000 | K20: =Table13[[#This Row],[High Grain Harvest]]-Table13[[#This Row],[Required Grain]] -> 9385000 | L20: =(Table13[[#This Row],[Suplus Grain]]/2)/2000 -> 2346.25 | M20: grain, gold | P20: =(Table13[[#This Row],[Tax Income in Talents]]+Table13[[#This Row],[Trade Income]]-Table13[[#This Row],[Other Expenditure]]-Table13[[#This Row],[Garrisoned Soldier Cost]]) -> 846.25

Sheet Year 321
A1: Region | B1: Satrap | C1: Garrison Size | D1: Garrisoned Soldier Cost | E1: Population | F1: Potential Troop levy | G1: Low Grain Harvest | H1: Normal Grain Harvest | I1: High Grain Harvest | J1: Required Grain | K1: Suplus Grain | L1: Tax Income in Talents | M1: Top 3 trade resources | N1: Trade Income | O1: Other Expenditure | P1: Revenue - Expenses
A2: Macedonia | B2: Antipater | C2: 1000 | D2: 500 | E2: 200000 | F2: 12000 | G2: =Table134[[#This Row],[Normal Grain Harvest]]*0.6 -> 1500000 | H2: 2500000 | I2: =Table134[[#This Row],[Normal Grain Harvest]]*1.3 -> 3250000 | J2: =(Table134[[#This Row],[Population]]*365)/1000 -> 73000 | K2: =Table134[[#This Row],[Normal Grain Harvest]]-Table134[[#This Row],[Required Grain]] -> 2427000 | L2: =(Table134[[#This Row],[Suplus Grain]]/2)/2000 -> 606.75 | M2: timber, gold, silver | P2: =(Table134[[#This Row],[Tax Income in Talents]]+Table134[[#This Row],[Trade Income]]-Table134[[#This Row],[Other Expenditure]]-Table134[[#This Row],[Garrisoned Soldier Cost]]) -> 106.75
A3: Thrace | B3: Krateros/Nearchos | C3: 1000 | D3: 500 | E3: 200000 | F3: 7000 | G3: =Table134[[#This Row],[Normal Grain Harvest]]*0.6 -> 1500000 | H3: 2500000 | I3: =Table134[[#This Row],[Normal Grain Harvest]]*1.3 -> 3250000 | J3: =(Table134[[#This Row],[Population]]*365)/1000 -> 73000 | K3: =Table134[[#This Row],[Low Grain Harvest]]-Table134[[#This Row],[Required Grain]] -> 1427000 | L3: =(Table134[[#This Row],[Suplus Grain]]/2)/2000 -> 356.75 | M3: gold, tin, silver | P3: =(Table134[[#This Row],[Tax Income in Talents]]+Table134[[#This Row],[Trade Income]]-Table134[[#This Row],[Other Expenditure]]-Table134[[#This Row],[Garrisoned Soldier Cost]]) -> -143.25
A4: Paphlogonia | C4: 3000 | D4: 1500 | E4: 500000 | F4: 15000 | G4: =Table134[[#This Row],[Normal Grain Harvest]]*0.6 -> 4050000 | H4: 6750000 | I4: =Table134[[#This Row],[Normal Grain Harvest]]*1.3 -> 8775000 | J4: =(Table134[[#This Row],[Population]]*365)/1000 -> 182500 | K4: =Table134[[#This Row],[Normal Grain Harvest]]-Table134[[#This Row],[Required Grain]] -> 6567500 | L4: =(Table134[[#This Row],[Suplus Grain]]/2)/2000 -> 1641.875 | M4: fish | P4: =(Table134[[#This Row],[Tax Income in Talents]]+Table134[[#This Row],[Trade Income]]-Table134[[#This Row],[Other Expenditure]]-Table134[[#This Row],[Garrisoned Soldier Cost]]) -> 141.875
A5: Greece | C5: 2700 | D5: 1350 | E5: 450000 | F5: 15000 | G5: =Table134[[#This Row],[Normal Grain Harvest]]*0.6 -> 4050000 | H5: 6750000 | I5: =Table134[[#This Row],[Normal Grain Harvest]]*1.3 -> 8775000 | J5: =(Table134[[#This Row],[Population]]*365)/1000 -> 164250 | K5: =Table134[[#This Row],[Normal Grain Harvest]]-Table134[[#This Row],[Required Grain]] -> 6585750 | L5: =(Table134[[#This Row],[Suplus Grain]]/2)/2000 -> 1646.4375 | M5: fish | N5: 200 | P5: =(Table134[[#This Row],[Tax Income in Talents]]+Table134[[#This Row],[Trade Income]]-Table134[[#This Row],[Other Expenditure]]-Table134[[#This Row],[Garrisoned Soldier Cost]]) -> 496.4375
A6: Bosphorus | C6: 3000 | D6: 1500 | E6: 500000 | F6: 13000 | G6: =Table134[[#This Row],[Normal Grain Harvest]]*0.6 -> 4050000 | H6: 6750000 | I6: =Table134[[#This Row],[Normal Grain Harvest]]*1.3 -> 8775000 | J6: =(Table134[[#This Row],[Population]]*365)/1000 -> 182500 | K6: =Table134[[#This Row],[Normal Grain Harvest]]-Table134[[#This Row],[Required Grain]] -> 6567500 | L6: =(Table134[[#This Row],[Suplus Grain]]/2)/2000 -> 1641.875 | M6: fish | P6: =(Table134[[#This Row],[Tax Income in Talents]]+Table134[[#This Row],[Trade Income]]-Table134[[#This Row],[Other Expenditure]]-Table134[[#This Row],[Garrisoned Soldier Cost]]) -> 141.875
A7: Ionia | B7: Eumenes/Antigonos | C7: 3000 | D7: 1500 | E7: 500000 | F7: 13000 | G7: =Table134[[#This Row],[Normal Grain Harvest]]*0.6 -> 4050000 | H7: 6750000 | I7: =Table134[[#This Row],[Normal Grain Harvest]]*1.3 -> 8775000 | J7: =(Table134[[#This Row],[Population]]*365)/1000 -> 182500 | K7: =Table134[[#This Row],[Normal Grain Harvest]]-Table134[[#This Row],[Required Grain]] -> 6567500 | L7: =(Table134[[#This Row],[Suplus Grain]]/2)/2000 -> 1641.875 | M7: fish | P7: =(Table134[[#This Row],[Tax Income in Talents]]+Table134[[#This Row],[Trade Income]]-Table134[[#This Row],[Other Expenditure]]-Table134[[#This Row],[Garrisoned Soldier Cost]]) -> 141.875
A8: Mysia | B8: Eumenes | C8: 3000 | D8: 1500 | E8: 500000 | F8: 10000 | G8: =Table134[[#This Row],[Normal Grain Harvest]]*0.6 -> 4050000 | H8: 6750000 | I8: =Table134[[#This Row],[Normal Grain Harvest]]*1.3 -> 8775000 | J8: =(Table134[[#This Row],[Population]]*365)/1000 -> 182500 | K8: =Table134[[#This Row],[Normal Grain Harvest]]-Table134[[#This Row],[Required Grain]] -> 6567500 | L8: =(Table134[[#This Row],[Suplus Grain]]/2)/2000 -> 1641.875 | M8: produce | P8: =(Table134[[#This Row],[Tax Income in Talents]]+Table134[[#This Row],[Trade Income]]-Table134[[#This Row],[Other Expenditure]]-Table134[[#This Row],[Garrisoned Soldier Cost]]) -> 141.875
A9: Phrygia | B9: Antigonos | C9: 4000 | D9: 1800 | E9: 500000 | F9: 20000 | G9: =Table134[[#This Row],[Normal Grain Harvest]]*0.6 -> 4050000 | H9: 6750000 | I9: =Table134[[#This Row],[Normal Grain Harvest]]*1.3 -> 8775000 | J9: =(Table134[[#This Row],[Population]]*365)/1000 -> 182500 | K9: =Table134[[#This Row],[High Grain Harvest]]-Table134[[#This Row],[Required Grain]] -> 8592500 | L9: =(Table134[[#This Row],[Suplus Grain]]/2)/2000 -> 2148.125 | M9: gold | P9: =(Table134[[#This Row],[Tax Income in Talents]]+Table134[[#This Row],[Trade Income]]-Table134[[#This Row],[Other Expenditure]]-Table134[[#This Row],[Garrisoned Soldier Cost]]) -> 348.125
A10: Lydia | B10: Eumenes | C10: 3000 | D10: 1500 | E10: 500000 | F10: 20000 | G10: =Table134[[#This Row],[Normal Grain Harvest]]*0.6 -> 4050000 | H10: 6750000 | I10: =Table134[[#This Row],[Normal Grain Harvest]]*1.3 -> 8775000 | J10: =(Table134[[#This Row],[Population]]*365)/1000 -> 182500 | K10: =Table134[[#This Row],[Low Grain Harvest]]-Table134[[#This Row],[Required Grain]] -> 3867500 | L10: =(Table134[[#This Row],[Suplus Grain]]/2)/2000 -> 966.875 | M10: grain | P10: =(Table134[[#This Row],[Tax Income in Talents]]+Table134[[#This Row],[Trade Income]]-Table134[[#This Row],[Other Expenditure]]-Table134[[#This Row],[Garrisoned Soldier Cost]]) -> -533.125
A11: Capadocia | B11: Antigonos | C11: 4000 | D11: 1800 | E11: 400000 | F11: 20000 | G11: =Table134[[#This Row],[Normal Grain Harvest]]*0.6 -> 4050000 | H11: 6750000 | I11: =Table134[[#This Row],[Normal Grain Harvest]]*1.3 -> 8775000 | J11: =(Table134[[#This Row],[Population]]*365)/1000 -> 146000 | K11: =Table134[[#This Row],[High Grain Harvest]]-Table134[[#This Row],[Required Grain]] -> 8629000 | L11: =(Table134[[#This Row],[Suplus Grain]]/2)/2000 -> 2157.25 | M11: tin | P11: =(Table134[[#This Row],[Tax Income in Talents]]+Table134[[#This Row],[Trade Income]]-Table134[[#This Row],[Other Expenditure]]-Table134[[#This Row],[Garrisoned Soldier Cost]]) -> 357.25
A12: Kilikia | B12: Antigonos | C12: 4000 | D12: 1800 | E12: 750000 | F12: 13000 | G12: =Table134[[#This Row],[Normal Grain Harvest]]*0.6 -> 4050000 | H12: 6750000 | I12: =Table134[[#This Row],[Normal Grain Harvest]]*1.3 -> 8775000 | J12: =(Table134[[#This Row],[Population]]*365)/1000 -> 273750 | K12: =Table134[[#This Row],[Low Grain Harvest]]-Table134[[#This Row],[Required Grain]] -> 3776250 | L12: =(Table134[[#This Row],[Suplus Grain]]/2)/2000 -> 944.0625 | M12: timber | P12: =(Table134[[#This Row],[Tax Income in Talents]]+Table134[[#This Row],[Trade Income]]-Table134[[#This Row],[Other Expenditure]]-Table134[[#This Row],[Garrisoned Soldier Cost]]) -> -855.9375
A13: Syria | B13: Ptolemy | C13: 1500 | D13: 1500 | E13: 500000 | F13: 10000 | G13: =Table134[[#This Row],[Normal Grain Harvest]]*0.6 -> 2250000 | H13: =7500000/2 -> 3750000 | I13: =Table134[[#This Row],[Normal Grain Harvest]]*1.3 -> 4875000 | J13: =(Table134[[#This Row],[Population]]*365)/1000 -> 182500 | K13: =Table134[[#This Row],[Normal Grain Harvest]]-Table134[[#This Row],[Required Grain]] -> 3567500 | L13: =(Table134[[#This Row],[Suplus Grain]]/2)/2000 -> 891.875 | M13: timber, dyes | P13: =(Table134[[#This Row],[Tax Income in Talents]]+Table134[[#This Row],[Trade Income]]-Table134[[#This Row],[Other Expenditure]]-Table134[[#This Row],[Garrisoned Soldier Cost]]) -> -608.125
A14: Koile Syria | B14: Ptolemy | C14: 1500 | D14: 1500 | E14: 500000 | F14: 10000 | G14: =Table134[[#This Row],[Normal Grain Harvest]]*0.6 -> 2250000 | H14: =7500000/2 -> 3750000 | I14: =Table134[[#This Row],[Normal Grain Harvest]]*1.3 -> 4875000 | J14: =(Table134[[#This Row],[Population]]*365)/1000 -> 182500 | K14: =Table134[[#This Row],[Normal Grain Harvest]]-Table134[[#This Row],[Required Grain]] -> 3567500 | L14: =(Table134[[#This Row],[Suplus Grain]]/2)/2000 -> 891.875 | M14: timber, dyes | P14: =(Table134[[#This Row],[Tax Income in Talents]]+Table134[[#This Row],[Trade Income]]-Table134[[#This Row],[Other Expenditure]]-Table134[[#This Row],[Garrisoned Soldier Cost]]) -> -608.125
A15: Cyrene | B15: Ptolemy | C15: 200 | D15: 100 | E15: 1000000 | F15: 20000 | G15: =Table134[[#This Row],[Normal Grain Harvest]]*0.6 -> 4500000 | H15: 7500000 | I15: =Table134[[#This Row],[Normal Grain Harvest]]*1.3 -> 9750000 | J15: =(Table134[[#This Row],[Population]]*365)/1000 -> 365000 | K15: =Table134[[#This Row],[Normal Grain Harvest]]-Table134[[#This Row],[Required Grain]] -> 7135000 | L15: =(Table134[[#This Row],[Suplus Grain]]/2)/2000 -> 1783.75 | M15: timber, dyes | P15: =(Table134[[#This Row],[Tax Income in Talents]]+Table134[[#This Row],[Trade Income]]-Table134[[#This Row],[Other Expenditure]]-Table134[[#This Row],[Garrisoned Soldier Cost]]) -> 1683.75
A16: Egypt | B16: Ptolemy | C16: 6000 | D16: 2400 | E16: 3500000 | F16: 80000 | G16: =Table134[[#This Row],[Normal Grain Harvest]]*0.6 -> 13905000 | H16: 23175000 | I16: =Table134[[#This Row],[Normal Grain Harvest]]*1.3 -> 30127500 | J16: =(Table134[[#This Row],[Population]]*365)/1000 -> 1277500 | K16: =Table134[[#This Row],[Normal Grain Harvest]]-Table134[[#This Row],[Required Grain]] -> 21897500 | L16: =(Table134[[#This Row],[Suplus Grain]]/2)/2000 -> 5474.375 | M16: 273 | P16: =(Table134[[#This Row],[Tax Income in Talents]]+Table134[[#This Row],[Trade Income]]-Table134[[#This Row],[Other Expenditure]]-Table134[[#This Row],[Garrisoned Soldier Cost]]) -> 3074.375
A17: Mesopotamia | B17: Kassander | C17: 5000 | D17: 2500 | E17: 2000000 | F17: 45000 | G17: =Table134[[#This Row],[Normal Grain Harvest]]*0.6 -> 7800000 | H17: 13000000 | I17: =Table134[[#This Row],[Normal Grain Harvest]]*1.3 -> 16900000 | J17: =(Table134[[#This Row],[Population]]*365)/1000 -> 730000 | K17: =Table134[[#This Row],[Low Grain Harvest]]-Table134[[#This Row],[Required Grain]] -> 7070000 | L17: =(Table134[[#This Row],[Suplus Grain]]/2)/2000 -> 1767.5 | M17: grain, dates, salt | P17: =(Table134[[#This Row],[Tax Income in Talents]]+Table134[[#This Row],[Trade Income]]-Table134[[#This Row],[Other Expenditure]]-Table134[[#This Row],[Garrisoned Soldier Cost]]) -> -732.5
A18: Babylonia | B18: Meleagros | C18: 5000 | D18: 2500 | E18: 1500000 | F18: 40000 | G18: =Table134[[#This Row],[Normal Grain Harvest]]*0.6 -> 7800000 | H18: 13000000 | I18: =Table134[[#This Row],[Normal Grain Harvest]]*1.3 -> 16900000 | J18: =(Table134[[#This Row],[Population]]*365)/1000 -> 547500 | K18: =Table134[[#This Row],[Normal Grain Harvest]]-Table134[[#This Row],[Required Grain]] -> 12452500 | L18: =(Table134[[#This Row],[Suplus Grain]]/2)/2000 -> 3113.125 | M18: grain, dates, salt | N18: 10 | P18: =(Table134[[#This Row],[Tax Income in Talents]]+Table134[[#This Row],[Trade Income]]-Table134[[#This Row],[Other Expenditure]]-Table134[[#This Row],[Garrisoned Soldier Cost]]) -> 623.125
A19: Media | B19: Peithon | C19: 5000 | D19: 2500 | E19: 1000000 | F19: 45000 | G19: =Table134[[#This Row],[Normal Grain Harvest]]*0.6 -> 7800000 | H19: 13000000 | I19: =Table134[[#This Row],[Normal Grain Harvest]]*1.3 -> 16900000 | J19: =(Table134[[#This Row],[Population]]*365)/1000 -> 365000 | K19: =Table134[[#This Row],[Normal Grain Harvest]]-Table134[[#This Row],[Required Grain]] -> 12635000 | L19: =(Table134[[#This Row],[Suplus Grain]]/2)/2000 -> 3158.75 | M19: horses, salt | P19: =(Table134[[#This Row],[Tax Income in Talents]]+Table134[[#This Row],[Trade Income]]-Table134[[#This Row],[Other Expenditure]]-Table134[[#This Row],[Garrisoned Soldier Cost]]) -> 658.75
A20: Persis+ Drangiane | B20: Peukestas | C20: 5000 | D20: 2500 | E20: 2250000 | F20: 45000 | G20: =Table134[[#This Row],[Normal Grain Harvest]]*0.6 -> 7800000 | H20: 13000000 | I20: =Table134[[#This Row],[Normal Grain Harvest]]*1.3 -> 16900000 | J20: =(Table134[[#This Row],[Population]]*365)/1000 -> 821250 | K20: =Table134[[#This Row],[Low Grain Harvest]]-Table134[[#This Row],[Required Grain]] -> 6978750 | L20: =(Table134[[#This Row],[Suplus Grain]]/2)/2000 -> 1744.6875 | M20: grain, horses, gold | P20: =(Table134[[#This Row],[Tax Income in Talents]]+Table134[[#This Row],[Trade Income]]-Table134[[#This Row],[Other Expenditure]]-Table134[[#This Row],[Garrisoned Soldier Cost]]) -> -755.3125
A21: Parthia + Aria | B21: Peukestas/Lysimachos | C21: 3000 | D21: 1500 | E21: 750000 | F21: 7000 | G21: =Table134[[#This Row],[Normal Grain Harvest]]*0.6 -> 3900000 | H21: 6500000 | I21: =Table134[[#This Row],[Normal Grain Harvest]]*1.3 -> 8450000 | J21: =(Table134[[#This Row],[Population]]*365)/1000 -> 273750 | K21: =Table134[[#This Row],[Low Grain Harvest]]-Table134[[#This Row],[Required Grain]] -> 3626250 | L21: =(Table134[[#This Row],[Suplus Grain]]/2)/2000 -> 906.5625 | M21: grain | P21: =(Table134[[#This Row],[Tax Income in Talents]]+Table134[[#This Row],[Trade Income]]-Table134[[#This Row],[Other Expenditure]]-Table134[[#This Row],[Garrisoned Soldier Cost]]) -> -593.4375
A22: Bactria + Sogdiane | B22: Lysimachos | C22: 3000 | D22: 1500 | E22: 1000000 | F22: 20000 | G22: =Table134[[#This Row],[Normal Grain Harvest]]*0.6 -> 4500000 | H22: 7500000 | I22: =Table134[[#This Row],[Normal Grain Harvest]]*1.3 -> 9750000 | J22: =(Table134[[#This Row],[Population]]*365)/1000 -> 365000 | K22: =Table134[[#This Row],[Normal Grain Harvest]]-Table134[[#This Row],[Required Grain]] -> 7135000 | L22: =(Table134[[#This Row],[Suplus Grain]]/2)/2000 -> 1783.75 | M22: grain, gold | P22: =(Table134[[#This Row],[Tax Income in Talents]]+Table134[[#This Row],[Trade Income]]-Table134[[#This Row],[Other Expenditure]]-Table134[[#This Row],[Garrisoned Soldier Cost]]) -> 283.75

Sheet Year 320
A1: Region | B1: Satrap | C1: Garrison Size | D1: Garrisoned Soldier Cost | E1: Population | F1: Potential Troop levy | G1: Low Grain Harvest | H1: Normal Grain Harvest | I1: High Grain Harvest | J1: Required Grain | K1: Suplus Grain | L1: Tax Income in Talents | M1: Top 3 trade resources | N1: Trade Income | O1: Other Expenditure | P1: Revenue - Expenses
A2: Macedonia | B2: Antipater | C2: 1000 | D2: 500 | E2: 200000 | F2: 12000 | G2: =Table1345[[#This Row],[Normal Grain Harvest]]*0.6 -> 1500000 | H2: 2500000 | I2: =Table1345[[#This Row],[Normal Grain Harvest]]*1.3 -> 3250000 | J2: =(Table1345[[#This Row],[Population]]*365)/1000 -> 73000 | K2: =Table1345[[#This Row],[Normal Grain Harvest]]-Table1345[[#This Row],[Required Grain]] -> 2427000 | L2: =(Table1345[[#This Row],[Suplus Grain]]/2)/2000 -> 606.75 | M2: timber, gold, silver | P2: =(Table1345[[#This Row],[Tax Income in Talents]]+Table1345[[#This Row],[Trade Income]]-Table1345[[#This Row],[Other Expenditure]]-Table1345[[#This Row],[Garrisoned Soldier Cost]]) -> 106.75
A3: Thrace | B3: Krateros/Nearchos | C3: 1000 | D3: 500 | E3: 200000 | F3: 7000 | G3: =Table1345[[#This Row],[Normal Grain Harvest]]*0.6 -> 1500000 | H3: 2500000 | I3: =Table1345[[#This Row],[Normal Grain Harvest]]*1.3 -> 3250000 | J3: =(Table1345[[#This Row],[Population]]*365)/1000 -> 73000 | K3: =Table1345[[#This Row],[Low Grain Harvest]]-Table1345[[#This Row],[Required Grain]] -> 1427000 | L3: =(Table1345[[#This Row],[Suplus Grain]]/2)/2000 -> 356.75 | M3: gold, tin, silver | P3: =(Table1345[[#This Row],[Tax Income in Talents]]+Table1345[[#This Row],[Trade Income]]-Table1345[[#This Row],[Other Expenditure]]-Table1345[[#This Row],[Garrisoned Soldier Cost]]) -> -143.25
A4: Paphlogonia | C4: 3000 | D4: 1500 | E4: 500000 | F4: 15000 | G4: =Table1345[[#This Row],[Normal Grain Harvest]]*0.6 -> 4050000 | H4: 6750000 | I4: =Table1345[[#This Row],[Normal Grain Harvest]]*1.3 -> 8775000 | J4: =(Table1345[[#This Row],[Population]]*365)/1000 -> 182500 | K4: =Table1345[[#This Row],[Normal Grain Harvest]]-Table1345[[#This Row],[Required Grain]] -> 6567500 | L4: =(Table1345[[#This Row],[Suplus Grain]]/2)/2000 -> 1641.875 | M4: fish | P4: =(Table1345[[#This Row],[Tax Income in Talents]]+Table1345[[#This Row],[Trade Income]]-Table1345[[#This Row],[Other Expenditure]]-Table1345[[#This Row],[Garrisoned Soldier Cost]]) -> 141.875
A5: Greece | C5: 2700 | D5: 1350 | E5: 450000 | F5: 15000 | G5: =Table1345[[#This Row],[Normal Grain Harvest]]*0.6 -> 4050000 | H5: 6750000 | I5: =Table1345[[#This Row],[Normal Grain Harvest]]*1.3 -> 8775000 | J5: =(Table1345[[#This Row],[Population]]*365)/1000 -> 164250 | K5: =Table1345[[#This Row],[Normal Grain Harvest]]-Table1345[[#This Row],[Required Grain]] -> 6585750 | L5: =(Table1345[[#This Row],[Suplus Grain]]/2)/2000 -> 1646.4375 | M5: fish | N5: 200 | P5: =(Table1345[[#This Row],[Tax Income in Talents]]+Table1345[[#This Row],[Trade Income]]-Table1345[[#This Row],[Other Expenditure]]-Table1345[[#This Row],[Garrisoned Soldier Cost]]) -> 496.4375
A6: Bosphorus | C6: 3000 | D6: 1500 | E6: 500000 | F6: 13000 | G6: =Table1345[[#This Row],[Normal Grain Harvest]]*0.6 -> 4050000 | H6: 6750000 | I6: =Table1345[[#This Row],[Normal Grain Harvest]]*1.3 -> 8775000 | J6: =(Table1345[[#This Row],[Population]]*365)/1000 -> 182500 | K6: =Table1345[[#This Row],[Normal Grain Harvest]]-Table1345[[#This Row],[Required Grain]] -> 6567500 | L6: =(Table1345[[#This Row],[Suplus Grain]]/2)/2000 -> 1641.875 | M6: fish | P6: =(Table1345[[#This Row],[Tax Income in Talents]]+Table1345[[#This Row],[Trade Income]]-Table1345[[#This Row],[Other Expenditure]]-Table1345[[#This Row],[Garrisoned Soldier Cost]]) -> 141.875
A7: Ionia | B7: Eumenes/Antigonos | C7: 3000 | D7: 1500 | E7: 500000 | F7: 13000 | G7: =Table1345[[#This Row],[Normal Grain Harvest]]*0.6 -> 4050000 | H7: 6750000 | I7: =Table1345[[#This Row],[Normal Grain Harvest]]*1.3 -> 8775000 | J7: =(Table1345[[#This Row],[Population]]*365)/1000 -> 182500 | K7: =Table1345[[#This Row],[Normal Grain Harvest]]-Table1345[[#This Row],[Required Grain]] -> 6567500 | L7: =(Table1345[[#This Row],[Suplus Grain]]/2)/2000 -> 1641.875 | M7: fish | P7: =(Table1345[[#This Row],[Tax Income in Talents]]+Table1345[[#This Row],[Trade Income]]-Table1345[[#This Row],[Other Expenditure]]-Table1345[[#This Row],[Garrisoned Soldier Cost]]) -> 141.875
A8: Mysia | B8: Eumenes | C8: 3000 | D8: 1500 | E8: 500000 | F8: 10000 | G8: =Table1345[[#This Row],[Normal Grain Harvest]]*0.6 -> 4050000 | H8: 6750000 | I8: =Table1345[[#This Row],[Normal Grain Harvest]]*1.3 -> 8775000 | J8: =(Table1345[[#This Row],[Population]]*365)/1000 -> 182500 | K8: =Table1345[[#This Row],[Normal Grain Harvest]]-Table1345[[#This Row],[Required Grain]] -> 6567500 | L8: =(Table1345[[#This Row],[Suplus Grain]]/2)/2000 -> 1641.875 | M8: produce | P8: =(Table1345[[#This Row],[Tax Income in Talents]]+Table1345[[#This Row],[Trade Income]]-Table1345[[#This Row],[Other Expenditure]]-Table1345[[#This Row],[Garrisoned Soldier Cost]]) -> 141.875
A9: Phrygia | B9: Antigonos | C9: 4000 | D9: 1800 | E9: 500000 | F9: 20000 | G9: =Table1345[[#This Row],[Normal Grain Harvest]]*0.6 -> 4050000 | H9: 6750000 | I9: =Table1345[[#This Row],[Normal Grain Harvest]]*1.3 -> 8775000 | J9: =(Table1345[[#This Row],[Population]]*365)/1000 -> 182500 | K9: =Table1345[[#This Row],[High Grain Harvest]]-Table1345[[#This Row],[Required Grain]] -> 8592500 | L9: =(Table1345[[#This Row],[Suplus Grain]]/2)/2000 -> 2148.125 | M9: gold | P9: =(Table1345[[#This Row],[Tax Income in Talents]]+Table1345[[#This Row],[Trade Income]]-Table1345[[#This Row],[Other Expenditure]]-Table1345[[#This Row],[Garrisoned Soldier Cost]]) -> 348.125
A10: Lydia | B10: Eumenes | C10: 3000 | D10: 1500 | E10: 500000 | F10: 20000 | G10: =Table1345[[#This Row],[Normal Grain Harvest]]*0.6 -> 4050000 | H10: 6750000 | I10: =Table1345[[#This Row],[Normal Grain Harvest]]*1.3 -> 8775000 | J10: =(Table1345[[#This Row],[Population]]*365)/1000 -> 182500 | K10: =Table1345[[#This Row],[Low Grain Harvest]]-Table1345[[#This Row],[Required Grain]] -> 3867500 | L10: =(Table1345[[#This Row],[Suplus Grain]]/2)/2000 -> 966.875 | M10: grain | P10: =(Table1345[[#This Row],[Tax Income in Talents]]+Table1345[[#This Row],[Trade Income]]-Table1345[[#This Row],[Other Expenditure]]-Table1345[[#This Row],[Garrisoned Soldier Cost]]) -> -533.125
A11: Capadocia | B11: Antigonos | C11: 4000 | D11: 1800 | E11: 400000 | F11: 20000 | G11: =Table1345[[#This Row],[Normal Grain Harvest]]*0.6 -> 4050000 | H11: 6750000 | I11: =Table1345[[#This Row],[Normal Grain Harvest]]*1.3 -> 8775000 | J11: =(Table1345[[#This Row],[Population]]*365)/1000 -> 146000 | K11: =Table1345[[#This Row],[High Grain Harvest]]-Table1345[[#This Row],[Required Grain]] -> 8629000 | L11: =(Table1345[[#This Row],[Suplus Grain]]/2)/2000 -> 2157.25 | M11: tin | P11: =(Table1345[[#This Row],[Tax Income in Talents]]+Table1345[[#This Row],[Trade Income]]-Table1345[[#This Row],[Other Expenditure]]-Table1345[[#This Row],[Garrisoned Soldier Cost]]) -> 357.25
A12: Kilikia | B12: Antigonos | C12: 4000 | D12: 1800 | E12: 750000 | F12: 13000 | G12: =Table1345[[#This Row],[Normal Grain Harvest]]*0.6 -> 4050000 | H12: 6750000 | I12: =Table1345[[#This Row],[Normal Grain Harvest]]*1.3 -> 8775000 | J12: =(Table1345[[#This Row],[Population]]*365)/1000 -> 273750 | K12: =Table1345[[#This Row],[High Grain Harvest]]-Table1345[[#This Row],[Required Grain]] -> 8501250 | L12: =(Table1345[[#This Row],[Suplus Grain]]/2)/2000 -> 2125.3125 | M12: timber | P12: =(Table1345[[#This Row],[Tax Income in Talents]]+Table1345[[#This Row],[Trade Income]]-Table1345[[#This Row],[Other Expenditure]]-Table1345[[#This Row],[Garrisoned Soldier Cost]]) -> 325.3125
A13: Syria | B13: Meleagros | C13: 1000 | D13: 1000 | E13: 500000 | F13: 10000 | G13: =Table1345[[#This Row],[Normal Grain Harvest]]*0.6 -> 2925000 | H13: 4875000 | I13: =Table1345[[#This Row],[Normal Grain Harvest]]*1.3 -> 6337500 | J13: =(Table1345[[#This Row],[Population]]*365)/1000 -> 182500 | K13: =Table1345[[#This Row],[Low Grain Harvest]]-Table1345[[#This Row],[Normal Grain Harvest]] -> -1950000 | L13: =(Table1345[[#This Row],[Suplus Grain]]/2)/2000 -> -487.5 | M13: timber, dyes | P13: =(Table1345[[#This Row],[Tax Income in Talents]]+Table1345[[#This Row],[Trade Income]]-Table1345[[#This Row],[Other Expenditure]]-Table1345[[#This Row],[Garrisoned Soldier Cost]]) -> -1487.5
A14: Koile Syria | B14: Ptolemy | C14: 3000 | D14: 2000 | E14: 500000 | F14: 10000 | G14: =Table1345[[#This Row],[Normal Grain Harvest]]*0.6 -> 2250000 | H14: 3750000 | I14: =Table1345[[#This Row],[Normal Grain Harvest]]*1.3 -> 4875000 | J14: =(Table1345[[#This Row],[Population]]*365)/1000 -> 182500 | K14: =Table1345[[#This Row],[High Grain Harvest]]-Table1345[[#This Row],[Required Grain]] -> 4692500 | L14: =(Table1345[[#This Row],[Suplus Grain]]/2)/2000 -> 1173.125 | M14: timber, dyes | P14: =(Table1345[[#This Row],[Tax Income in Talents]]+Table1345[[#This Row],[Trade Income]]-Table1345[[#This Row],[Other Expenditure]]-Table1345[[#This Row],[Garrisoned Soldier Cost]]) -> -826.875
A15: Cyrene | B15: Ptolemy | C15: 500 | D15: 250 | E15: 1000000 | F15: 20000 | G15: =Table1345[[#This Row],[Normal Grain Harvest]]*0.6 -> 4500000 | H15: 7500000 | I15: =Table1345[[#This Row],[Normal Grain Harvest]]*1.3 -> 9750000 | J15: =(Table1345[[#This Row],[Population]]*365)/1000 -> 365000 | K15: =Table1345[[#This Row],[High Grain Harvest]]-Table1345[[#This Row],[Required Grain]] -> 9385000 | L15: =(Table1345[[#This Row],[Suplus Grain]]/2)/2000 -> 2346.25 | M15: timber, dyes | P15: =(Table1345[[#This Row],[Tax Income in Talents]]+Table1345[[#This Row],[Trade Income]]-Table1345[[#This Row],[Other Expenditure]]-Table1345[[#This Row],[Garrisoned Soldier Cost]]) -> 2096.25
A16: Cyprus | C16: 500 | D16: 250 | E16: 500000 | F16: 10000 | G16: =Table1345[[#This Row],[Normal Grain Harvest]]*0.6 -> 2250000 | H16: 3750000 | I16: =Table1345[[#This Row],[Normal Grain Harvest]]*1.3 -> 4875000 | J16: =(Table1345[[#This Row],[Population]]*365)/1000 -> 182500 | K16: =Table1345[[#This Row],[High Grain Harvest]]-Table1345[[#This Row],[Required Grain]] -> 4692500 | L16: =(Table1345[[#This Row],[Suplus Grain]]/2)/2000 -> 1173.125 | M16: timber, copper | P16: =(Table1345[[#This Row],[Tax Income in Talents]]+Table1345[[#This Row],[Trade Income]]-Table1345[[#This Row],[Other Expenditure]]-Table1345[[#This Row],[Garrisoned Soldier Cost]]) -> 923.125
A17: Egypt | B17: Ptolemy | C17: 4500 | D17: 4000 | E17: 3500000 | F17: 80000 | G17: =Table1345[[#This Row],[Normal Grain Harvest]]*0.6 -> 14322150 | H17: 23870250 | I17: =Table1345[[#This Row],[Normal Grain Harvest]]*1.3 -> 31031325 | J17: =(Table1345[[#This Row],[Population]]*365)/1000 -> 1277500 | K17: =Table1345[[#This Row],[High Grain Harvest]]-Table1345[[#This Row],[Required Grain]] -> 29753825 | L17: =(Table1345[[#This Row],[Suplus Grain]]/2)/2000 -> 7438.4563 | P17: =(Table1345[[#This Row],[Tax Income in Talents]]+Table1345[[#This Row],[Trade Income]]-Table1345[[#This Row],[Other Expenditure]]-Table1345[[#This Row],[Garrisoned Soldier Cost]]) -> 3438.4563
A18: Mesopotamia | B18: Kassander | C18: 1000 | D18: 500 | E18: 2000000 | F18: 45000 | G18: =Table1345[[#This Row],[Normal Grain Harvest]]*0.6 -> 10140000 | H18: 16900000 | I18: =Table1345[[#This Row],[Normal Grain Harvest]]*1.3 -> 21970000 | J18: =(Table1345[[#This Row],[Population]]*365)/1000 -> 730000 | K18: =Table1345[[#This Row],[Low Grain Harvest]]-Table1345[[#This Row],[Required Grain]] -> 9410000 | L18: =(Table1345[[#This Row],[Suplus Grain]]/2)/2000 -> 2352.5 | M18: grain, dates, salt | P18: =(Table1345[[#This Row],[Tax Income in Talents]]+Table1345[[#This Row],[Trade Income]]-Table1345[[#This Row],[Other Expenditure]]-Table1345[[#This Row],[Garrisoned Soldier Cost]]) -> 1852.5
A19: Babylonia | B19: Meleagros | C19: 2000 | D19: 1000 | E19: 1300000 | F19: 40000 | G19: =Table1345[[#This Row],[Normal Grain Harvest]]*0.6 -> 9360000 | H19: 15600000 | I19: =Table1345[[#This Row],[Normal Grain Harvest]]*1.3 -> 20280000 | J19: =(Table1345[[#This Row],[Population]]*365)/1000 -> 474500 | K19: =Table1345[[#This Row],[Low Grain Harvest]]-Table1345[[#This Row],[Required Grain]] -> 8885500 | L19: =(Table1345[[#This Row],[Suplus Grain]]/2)/2000 -> 2221.375 | M19: grain, dates, salt | N19: 10 | P19: =(Table1345[[#This Row],[Tax Income in Talents]]+Table1345[[#This Row],[Trade Income]]-Table1345[[#This Row],[Other Expenditure]]-Table1345[[#This Row],[Garrisoned Soldier Cost]]) -> 1231.375
A20: Media | B20: Peithon | C20: 750 | D20: 750 | E20: 600000 | F20: 22500 | G20: =Table1345[[#This Row],[Normal Grain Harvest]]*0.6 -> 5850000 | H20: 9750000 | I20: =Table1345[[#This Row],[Normal Grain Harvest]]*1.3 -> 12675000 | J20: =(Table1345[[#This Row],[Population]]*365)/1000 -> 219000 | K20: =Table1345[[#This Row],[Normal Grain Harvest]]-Table1345[[#This Row],[Required Grain]] -> 9531000 | L20: =(Table1345[[#This Row],[Suplus Grain]]/2)/2000 -> 2382.75 | M20: horses, salt | P20: =(Table1345[[#This Row],[Tax Income in Talents]]+Table1345[[#This Row],[Trade Income]]-Table1345[[#This Row],[Other Expenditure]]-Table1345[[#This Row],[Garrisoned Soldier Cost]]) -> 1632.75
A21: Elymais | B21: Leonnatus | C21: 2000 | D21: 1000 | E21: 600000 | F21: 22500 | G21: =Table1345[[#This Row],[Normal Grain Harvest]]*0.6 -> 4500000 | H21: 7500000 | I21: =Table1345[[#This Row],[Normal Grain Harvest]]*1.3 -> 9750000 | J21: =(Table1345[[#This Row],[Population]]*365)/1000 -> 219000 | K21: =Table1345[[#This Row],[Normal Grain Harvest]]-Table1345[[#This Row],[Required Grain]] -> 7281000 | L21: =(Table1345[[#This Row],[Suplus Grain]]/2)/2000 -> 1820.25 | P21: =(Table1345[[#This Row],[Tax Income in Talents]]+Table1345[[#This Row],[Trade Income]]-Table1345[[#This Row],[Other Expenditure]]-Table1345[[#This Row],[Garrisoned Soldier Cost]]) -> 820.25
A22: Persis | B22: Leonnatus | C22: 3000 | D22: 1500 | E22: 1350000 | F22: 27000 | G22: =Table1345[[#This Row],[Normal Grain Harvest]]*0.6 -> 6084000 | H22: 10140000 | I22: =Table1345[[#This Row],[Normal Grain Harvest]]*1.3 -> 13182000 | J22: =(Table1345[[#This Row],[Population]]*365)/1000 -> 492750 | K22: =Table1345[[#This Row],[Normal Grain Harvest]]-Table1345[[#This Row],[Required Grain]] -> 9647250 | L22: =(Table1345[[#This Row],[Suplus Grain]]/2)/2000 -> 2411.8125 | M22: grain, horses, gold | P22: =(Table1345[[#This Row],[Tax Income in Talents]]+Table1345[[#This Row],[Trade Income]]-Table1345[[#This Row],[Other Expenditure]]-Table1345[[#This Row],[Garrisoned Soldier Cost]]) -> 911.8125
A23: Drangiane | B23: Peukestas | C23: 0 | D23: 0 | E23: =2250000*0.4 -> 900000 | F23: 18000 | G23: =Table1345[[#This Row],[Normal Grain Harvest]]*0.6 -> 4056000 | H23: 6760000 | I23: =Table1345[[#This Row],[Normal Grain Harvest]]*1.3 -> 8788000 | J23: =(Table1345[[#This Row],[Population]]*365)/1000 -> 328500 | K23: =Table1345[[#This Row],[High Grain Harvest]]-Table1345[[#This Row],[Required Grain]] -> 8459500 | L23: =(Table1345[[#This Row],[Suplus Grain]]/2)/2000 -> 2114.875 | P23: =(Table1345[[#This Row],[Tax Income in Talents]]+Table1345[[#This Row],[Trade Income]]-Table1345[[#This Row],[Other Expenditure]]-Table1345[[#This Row],[Garrisoned Soldier Cost]]) -> 2114.875
A24: Aria | B24: Peukestas | C24: 0 | D24: 0 | E24: 375000 | F24: 3500 | G24: =Table1345[[#This Row],[Normal Grain Harvest]]*0.6 -> 2535000 | H24: 4225000 | I24: =Table1345[[#This Row],[Normal Grain Harvest]]*1.3 -> 5492500 | J24: =(Table1345[[#This Row],[Population]]*365)/1000 -> 136875 | K24: =Table1345[[#This Row],[High Grain Harvest]]-Table1345[[#This Row],[Required Grain]] -> 5355625 | L24: =(Table1345[[#This Row],[Suplus Grain]]/2)/2000 -> 1338.9062 | P24: =(Table1345[[#This Row],[Tax Income in Talents]]+Table1345[[#This Row],[Trade Income]]-Table1345[[#This Row],[Other Expenditure]]-Table1345[[#This Row],[Garrisoned Soldier Cost]]) -> 1338.9062
A25: Parthia | B25: Peithon | C25: 1000 | D25: 500 | E25: 375000 | F25: 3500 | G25: =Table1345[[#This Row],[Normal Grain Harvest]]*0.6 -> 2535000 | H25: 4225000 | I25: =Table1345[[#This Row],[Normal Grain Harvest]]*1.3 -> 5492500 | J25: =(Table1345[[#This Row],[Population]]*365)/1000 -> 136875 | K25: =Table1345[[#This Row],[High Grain Harvest]]-Table1345[[#This Row],[Required Grain]] -> 5355625 | L25: =(Table1345[[#This Row],[Suplus Grain]]/2)/2000 -> 1338.9062 | M25: grain | P25: =(Table1345[[#This Row],[Tax Income in Talents]]+Table1345[[#This Row],[Trade Income]]-Table1345[[#This Row],[Other Expenditure]]-Table1345[[#This Row],[Garrisoned Soldier Cost]]) -> 838.90625
A26: Arachosia | B26: Peukestas | C26: 0 | D26: 0 | E26: 200000 | F26: 7000 | G26: =Table1345[[#This Row],[Normal Grain Harvest]]*0.6 -> 1950000 | H26: 3250000 | I26: =Table1345[[#This Row],[Normal Grain Harvest]]*1.3 -> 4225000 | J26: =(Table1345[[#This Row],[Population]]*365)/1000 -> 73000 | K26: =Table1345[[#This Row],[High Grain Harvest]]-Table1345[[#This Row],[Required Grain]] -> 4152000 | L26: =(Table1345[[#This Row],[Suplus Grain]]/2)/2000 -> 1038 | P26: =(Table1345[[#This Row],[Tax Income in Talents]]+Table1345[[#This Row],[Trade Income]]-Table1345[[#This Row],[Other Expenditure]]-Table1345[[#This Row],[Garrisoned Soldier Cost]]) -> 1038
A27: Hyrcania | B27: Peithon | C27: 500 | D27: 250 | E27: 200000 | F27: 4000 | G27: =Table1345[[#This Row],[Normal Grain Harvest]]*0.6 -> 1170000 | H27: 1950000 | I27: =Table1345[[#This Row],[Normal Grain Harvest]]*1.3 -> 2535000 | J27: =(Table1345[[#This Row],[Population]]*365)/1000 -> 73000 | K27: =Table1345[[#This Row],[Normal Grain Harvest]]-Table1345[[#This Row],[Required Grain]] -> 1877000 | L27: =(Table1345[[#This Row],[Suplus Grain]]/2)/2000 -> 469.25 | P27: =(Table1345[[#This Row],[Tax Income in Talents]]+Table1345[[#This Row],[Trade Income]]-Table1345[[#This Row],[Other Expenditure]]-Table1345[[#This Row],[Garrisoned Soldier Cost]]) -> 219.25
A28: Bactria + Sogdiane | B28: Peukestas | C28: 3000 | D28: 1500 | E28: 800000 | F28: 16000 | G28: =Table1345[[#This Row],[Normal Grain Harvest]]*0.6 -> 4680000 | H28: 7800000 | I28: =Table1345[[#This Row],[Normal Grain Harvest]]*1.3 -> 10140000 | J28: =(Table1345[[#This Row],[Population]]*365)/1000 -> 292000 | K28: =Table1345[[#This Row],[High Grain Harvest]]-Table1345[[#This Row],[Required Grain]] -> 9848000 | L28: =(Table1345[[#This Row],[Suplus Grain]]/2)/2000 -> 2462 | M28: grain, gold | P28: =(Table1345[[#This Row],[Tax Income in Talents]]+Table1345[[#This Row],[Trade Income]]-Table1345[[#This Row],[Other Expenditure]]-Table1345[[#This Row],[Garrisoned Soldier Cost]]) -> 962
A29: Gedrosia | B29: Leonnatus | E29: 7000 | F29: 500 | G29: =Table1345[[#This Row],[Normal Grain Harvest]]*0.6 -> 7800 | H29: 13000 | I29: =Table1345[[#This Row],[Normal Grain Harvest]]*1.3 -> 16900 | J29: =(Table1345[[#This Row],[Population]]*365)/1000 -> 2555 | K29: =Table1345[[#This Row],[Normal Grain Harvest]]-Table1345[[#This Row],[Required Grain]] -> 10445 | L29: =(Table1345[[#This Row],[Suplus Grain]]/2)/2000 -> 2.61125 | P29: =(Table1345[[#This Row],[Tax Income in Talents]]+Table1345[[#This Row],[Trade Income]]-Table1345[[#This Row],[Other Expenditure]]-Table1345[[#This Row],[Garrisoned Soldier Cost]]) -> 2.61125
A30: Indian | B30: Chandragupta | C30: 1000 | D30: 500 | E30: 200000 | F30: 7000 | G30: =Table1345[[#This Row],[Normal Grain Harvest]]*0.6 -> 1500000 | H30: 2500000 | I30: =Table1345[[#This Row],[Normal Grain Harvest]]*1.3 -> 3250000 | J30: =(Table1345[[#This Row],[Population]]*365)/1000 -> 73000 | K30: =Table1345[[#This Row],[Normal Grain Harvest]]-Table1345[[#This Row],[Required Grain]] -> 2427000 | L30: =(Table1345[[#This Row],[Suplus Grain]]/2)/2000 -> 606.75 | P30: =(Table1345[[#This Row],[Tax Income in Talents]]+Table1345[[#This Row],[Trade Income]]-Table1345[[#This Row],[Other Expenditure]]-Table1345[[#This Row],[Garrisoned Soldier Cost]]) -> 106.75

Sheet Year 319
A1: Region | B1: Satrap | C1: Garrison Size | D1: Garrisoned Soldier Cost | E1: Population | F1: Potential Troop levy | G1: Low Grain Harvest | H1: Normal Grain Harvest | I1: High Grain Harvest | J1: Required Grain | K1: Suplus Grain | L1: Tax Income in Talents | M1: Top 3 trade resources | N1: Trade Income | O1: Other Expenditure | P1: Revenue - Expenses
A2: Macedonia | B2: Krateros | C2: 1000 | D2: 500 | E2: 200000 | F2: 12000 | G2: =Table13456[[#This Row],[Normal Grain Harvest]]*0.6 -> 1950000 | H2: 3250000 | I2: =Table13456[[#This Row],[Normal Grain Harvest]]*1.3 -> 4225000 | J2: =(Table13456[[#This Row],[Population]]*365)/1000 -> 73000 | K2: =Table13456[[#This Row],[Normal Grain Harvest]]-Table13456[[#This Row],[Required Grain]] -> 3177000 | L2: =(Table13456[[#This Row],[Suplus Grain]]/2)/2000 -> 794.25 | M2: timber, gold, silver | P2: =(Table13456[[#This Row],[Tax Income in Talents]]+Table13456[[#This Row],[Trade Income]]-Table13456[[#This Row],[Other Expenditure]]-Table13456[[#This Row],[Garrisoned Soldier Cost]]) -> 294.25
A3: Thrace | B3: Krateros | C3: 1000 | D3: 500 | E3: 200000 | F3: 7000 | G3: =Table13456[[#This Row],[Normal Grain Harvest]]*0.6 -> 1950000 | H3: 3250000 | I3: =Table13456[[#This Row],[Normal Grain Harvest]]*1.3 -> 4225000 | J3: =(Table13456[[#This Row],[Population]]*365)/1000 -> 73000 | K3: =Table13456[[#This Row],[Normal Grain Harvest]]-Table13456[[#This Row],[Required Grain]] -> 3177000 | L3: =(Table13456[[#This Row],[Suplus Grain]]/2)/2000 -> 794.25 | M3: gold, tin, silver | P3: =(Table13456[[#This Row],[Tax Income in Talents]]+Table13456[[#This Row],[Trade Income]]-Table13456[[#This Row],[Other Expenditure]]-Table13456[[#This Row],[Garrisoned Soldier Cost]]) -> 294.25
A4: Paphlogonia | C4: 3000 | D4: 1500 | E4: 500000 | F4: 15000 | G4: =Table13456[[#This Row],[Normal Grain Harvest]]*0.6 -> 4050000 | H4: 6750000 | I4: =Table13456[[#This Row],[Normal Grain Harvest]]*1.3 -> 8775000 | J4: =(Table13456[[#This Row],[Population]]*365)/1000 -> 182500 | K4: =Table13456[[#This Row],[Normal Grain Harvest]]-Table13456[[#This Row],[Required Grain]] -> 6567500 | L4: =(Table13456[[#This Row],[Suplus Grain]]/2)/2000 -> 1641.875 | M4: fish | P4: =(Table13456[[#This Row],[Tax Income in Talents]]+Table13456[[#This Row],[Trade Income]]-Table13456[[#This Row],[Other Expenditure]]-Table13456[[#This Row],[Garrisoned Soldier Cost]]) -> 141.875
A5: Greece | C5: 2700 | D5: 1350 | E5: 450000 | F5: 15000 | G5: =Table13456[[#This Row],[Normal Grain Harvest]]*0.6 -> 5265000 | H5: 8775000 | I5: =Table13456[[#This Row],[Normal Grain Harvest]]*1.3 -> 11407500 | J5: =(Table13456[[#This Row],[Population]]*365)/1000 -> 164250 | K5: =Table13456[[#This Row],[Normal Grain Harvest]]-Table13456[[#This Row],[Required Grain]] -> 8610750 | L5: =(Table13456[[#This Row],[Suplus Grain]]/2)/2000 -> 2152.6875 | M5: fish | N5: 200 | P5: =(Table13456[[#This Row],[Tax Income in Talents]]+Table13456[[#This Row],[Trade Income]]-Table13456[[#This Row],[Other Expenditure]]-Table13456[[#This Row],[Garrisoned Soldier Cost]]) -> 1002.6875
A6: Bosphorus | C6: 3000 | D6: 1500 | E6: 500000 | F6: 13000 | G6: =Table13456[[#This Row],[Normal Grain Harvest]]*0.6 -> 4050000 | H6: 6750000 | I6: =Table13456[[#This Row],[Normal Grain Harvest]]*1.3 -> 8775000 | J6: =(Table13456[[#This Row],[Population]]*365)/1000 -> 182500 | K6: =Table13456[[#This Row],[Normal Grain Harvest]]-Table13456[[#This Row],[Required Grain]] -> 6567500 | L6: =(Table13456[[#This Row],[Suplus Grain]]/2)/2000 -> 1641.875 | M6: fish | P6: =(Table13456[[#This Row],[Tax Income in Talents]]+Table13456[[#This Row],[Trade Income]]-Table13456[[#This Row],[Other Expenditure]]-Table13456[[#This Row],[Garrisoned Soldier Cost]]) -> 141.875
A7: Ionia | B7: Krateros | C7: 3000 | D7: 1500 | E7: 500000 | F7: 13000 | G7: =Table13456[[#This Row],[Normal Grain Harvest]]*0.6 -> 4050000 | H7: 6750000 | I7: =Table13456[[#This Row],[Normal Grain Harvest]]*1.3 -> 8775000 | J7: =(Table13456[[#This Row],[Population]]*365)/1000 -> 182500 | K7: =Table13456[[#This Row],[Normal Grain Harvest]]-Table13456[[#This Row],[Required Grain]] -> 6567500 | L7: =(Table13456[[#This Row],[Suplus Grain]]/2)/2000 -> 1641.875 | M7: fish | P7: =(Table13456[[#This Row],[Tax Income in Talents]]+Table13456[[#This Row],[Trade Income]]-Table13456[[#This Row],[Other Expenditure]]-Table13456[[#This Row],[Garrisoned Soldier Cost]]) -> 141.875
A8: Mysia | C8: 3000 | D8: 1500 | E8: 500000 | F8: 10000 | G8: =Table13456[[#This Row],[Normal Grain Harvest]]*0.6 -> 4050000 | H8: 6750000 | I8: =Table13456[[#This Row],[Normal Grain Harvest]]*1.3 -> 8775000 | J8: =(Table13456[[#This Row],[Population]]*365)/1000 -> 182500 | K8: =Table13456[[#This Row],[Normal Grain Harvest]]-Table13456[[#This Row],[Required Grain]] -> 6567500 | L8: =(Table13456[[#This Row],[Suplus Grain]]/2)/2000 -> 1641.875 | M8: produce | P8: =(Table13456[[#This Row],[Tax Income in Talents]]+Table13456[[#This Row],[Trade Income]]-Table13456[[#This Row],[Other Expenditure]]-Table13456[[#This Row],[Garrisoned Soldier Cost]]) -> 141.875
A9: Phrygia | B9: Antigonos | C9: 4000 | D9: 1800 | E9: 500000 | F9: 20000 | G9: =Table13456[[#This Row],[Normal Grain Harvest]]*0.6 -> 4050000 | H9: 6750000 | I9: =Table13456[[#This Row],[Normal Grain Harvest]]*1.3 -> 8775000 | J9: =(Table13456[[#This Row],[Population]]*365)/1000 -> 182500 | K9: =Table13456[[#This Row],[Normal Grain Harvest]]-Table13456[[#This Row],[Required Grain]] -> 6567500 | L9: =(Table13456[[#This Row],[Suplus Grain]]/2)/2000 -> 1641.875 | M9: gold | P9: =(Table13456[[#This Row],[Tax Income in Talents]]+Table13456[[#This Row],[Trade Income]]-Table13456[[#This Row],[Other Expenditure]]-Table13456[[#This Row],[Garrisoned Soldier Cost]]) -> -158.125
A10: Lydia | C10: 3000 | D10: 1500 | E10: 500000 | F10: 20000 | G10: =Table13456[[#This Row],[Normal Grain Harvest]]*0.6 -> 4050000 | H10: 6750000 | I10: =Table13456[[#This Row],[Normal Grain Harvest]]*1.3 -> 8775000 | J10: =(Table13456[[#This Row],[Population]]*365)/1000 -> 182500 | K10: =Table13456[[#This Row],[Normal Grain Harvest]]-Table13456[[#This Row],[Required Grain]] -> 6567500 | L10: =(Table13456[[#This Row],[Suplus Grain]]/2)/2000 -> 1641.875 | M10: grain | P10: =(Table13456[[#This Row],[Tax Income in Talents]]+Table13456[[#This Row],[Trade Income]]-Table13456[[#This Row],[Other Expenditure]]-Table13456[[#This Row],[Garrisoned Soldier Cost]]) -> 141.875
A11: Capadocia | B11: Antigonos | C11: 4000 | D11: 1800 | E11: 400000 | F11: 20000 | G11: =Table13456[[#This Row],[Normal Grain Harvest]]*0.6 -> 4050000 | H11: 6750000 | I11: =Table13456[[#This Row],[Normal Grain Harvest]]*1.3 -> 8775000 | J11: =(Table13456[[#This Row],[Population]]*365)/1000 -> 146000 | K11: =Table13456[[#This Row],[Normal Grain Harvest]]-Table13456[[#This Row],[Required Grain]] -> 6604000 | L11: =(Table13456[[#This Row],[Suplus Grain]]/2)/2000 -> 1651 | M11: tin | P11: =(Table13456[[#This Row],[Tax Income in Talents]]+Table13456[[#This Row],[Trade Income]]-Table13456[[#This Row],[Other Expenditure]]-Table13456[[#This Row],[Garrisoned Soldier Cost]]) -> -149
A12: Kilikia | B12: Antigonos | C12: 4000 | D12: 1800 | E12: 750000 | F12: 13000 | G12: =Table13456[[#This Row],[Normal Grain Harvest]]*0.6 -> 4050000 | H12: 6750000 | I12: =Table13456[[#This Row],[Normal Grain Harvest]]*1.3 -> 8775000 | J12: =(Table13456[[#This Row],[Population]]*365)/1000 -> 273750 | K12: =Table13456[[#This Row],[Normal Grain Harvest]]-Table13456[[#This Row],[Required Grain]] -> 6476250 | L12: =(Table13456[[#This Row],[Suplus Grain]]/2)/2000 -> 1619.0625 | M12: timber | P12: =(Table13456[[#This Row],[Tax Income in Talents]]+Table13456[[#This Row],[Trade Income]]-Table13456[[#This Row],[Other Expenditure]]-Table13456[[#This Row],[Garrisoned Soldier Cost]]) -> -180.9375
A13: Syria | B13: Meleagros | C13: 1000 | D13: 1000 | E13: 500000 | F13: 10000 | G13: =Table13456[[#This Row],[Normal Grain Harvest]]*0.6 -> 2925000 | H13: 4875000 | I13: =Table13456[[#This Row],[Normal Grain Harvest]]*1.3 -> 6337500 | J13: =(Table13456[[#This Row],[Population]]*365)/1000 -> 182500 | K13: =Table13456[[#This Row],[Normal Grain Harvest]]-Table13456[[#This Row],[Required Grain]] -> 4692500 | L13: =(Table13456[[#This Row],[Suplus Grain]]/2)/2000 -> 1173.125 | M13: timber, dyes | P13: =(Table13456[[#This Row],[Tax Income in Talents]]+Table13456[[#This Row],[Trade Income]]-Table13456[[#This Row],[Other Expenditure]]-Table13456[[#This Row],[Garrisoned Soldier Cost]]) -> 173.125
A14: Koile Syria | B14: Ptolemy | C14: 3000 | D14: 2000 | E14: 500000 | F14: 10000 | G14: =Table13456[[#This Row],[Normal Grain Harvest]]*0.6 -> 2250000 | H14: 3750000 | I14: =Table13456[[#This Row],[Normal Grain Harvest]]*1.3 -> 4875000 | J14: =(Table13456[[#This Row],[Population]]*365)/1000 -> 182500 | K14: =Table13456[[#This Row],[Low Grain Harvest]]-Table13456[[#This Row],[Required Grain]] -> 2067500 | L14: =(Table13456[[#This Row],[Suplus Grain]]/2)/2000 -> 516.875 | M14: timber, dyes | P14: =(Table13456[[#This Row],[Tax Income in Talents]]+Table13456[[#This Row],[Trade Income]]-Table13456[[#This Row],[Other Expenditure]]-Table13456[[#This Row],[Garrisoned Soldier Cost]]) -> -1483.125
A15: Cyrene | B15: Ptolemy | C15: 500 | D15: 250 | E15: 1000000 | F15: 20000 | G15: =Table13456[[#This Row],[Normal Grain Harvest]]*0.6 -> 4500000 | H15: 7500000 | I15: =Table13456[[#This Row],[Normal Grain Harvest]]*1.3 -> 9750000 | J15: =(Table13456[[#This Row],[Population]]*365)/1000 -> 365000 | K15: =Table13456[[#This Row],[Normal Grain Harvest]]-Table13456[[#This Row],[Required Grain]] -> 7135000 | L15: =(Table13456[[#This Row],[Suplus Grain]]/2)/2000 -> 1783.75 | M15: timber, dyes | P15: =(Table13456[[#This Row],[Tax Income in Talents]]+Table13456[[#This Row],[Trade Income]]-Table13456[[#This Row],[Other Expenditure]]-Table13456[[#This Row],[Garrisoned Soldier Cost]]) -> 1533.75
A16: Cyprus | B16: Ptolemy | C16: 500 | D16: 250 | E16: 500000 | F16: 10000 | G16: =Table13456[[#This Row],[Normal Grain Harvest]]*0.6 -> 2250000 | H16: 3750000 | I16: =Table13456[[#This Row],[Normal Grain Harvest]]*1.3 -> 4875000 | J16: =(Table13456[[#This Row],[Population]]*365)/1000 -> 182500 | K16: =Table13456[[#This Row],[Low Grain Harvest]]-Table13456[[#This Row],[Required Grain]] -> 2067500 | L16: =(Table13456[[#This Row],[Suplus Grain]]/2)/2000 -> 516.875 | M16: timber, copper | P16: =(Table13456[[#This Row],[Tax Income in Talents]]+Table13456[[#This Row],[Trade Income]]-Table13456[[#This Row],[Other Expenditure]]-Table13456[[#This Row],[Garrisoned Soldier Cost]]) -> 266.875
A17: Egypt | B17: Ptolemy | C17: 4500 | D17: 4000 | E17: 3500000 | F17: 80000 | G17: =Table13456[[#This Row],[Normal Grain Harvest]]*0.6 -> 14751815 | H17: 24586358 | I17: =Table13456[[#This Row],[Normal Grain Harvest]]*1.3 -> 31962265 | J17: =(Table13456[[#This Row],[Population]]*365)/1000 -> 1277500 | K17: =Table13456[[#This Row],[Normal Grain Harvest]]-Table13456[[#This Row],[Required Grain]] -> 23308858 | L17: =(Table13456[[#This Row],[Suplus Grain]]/2)/2000 -> 5827.2145 | P17: =(Table13456[[#This Row],[Tax Income in Talents]]+Table13456[[#This Row],[Trade Income]]-Table13456[[#This Row],[Other Expenditure]]-Table13456[[#This Row],[Garrisoned Soldier Cost]]) -> 1827.2145
A18: Mesopotamia | B18: Kassander | C18: 1000 | D18: 500 | E18: 2000000 | F18: 45000 | G18: =Table13456[[#This Row],[Normal Grain Harvest]]*0.6 -> 10140000 | H18: 16900000 | I18: =Table13456[[#This Row],[Normal Grain Harvest]]*1.3 -> 21970000 | J18: =(Table13456[[#This Row],[Population]]*365)/1000 -> 730000 | K18: =Table13456[[#This Row],[Normal Grain Harvest]]-Table13456[[#This Row],[Required Grain]] -> 16170000 | L18: =(Table13456[[#This Row],[Suplus Grain]]/2)/2000 -> 4042.5 | M18: grain, dates, salt | P18: =(Table13456[[#This Row],[Tax Income in Talents]]+Table13456[[#This Row],[Trade Income]]-Table13456[[#This Row],[Other Expenditure]]-Table13456[[#This Row],[Garrisoned Soldier Cost]]) -> 3542.5
A19: Babylonia | B19: Meleagros | C19: 2000 | D19: 1000 | E19: 1300000 | F19: 40000 | G19: =Table13456[[#This Row],[Normal Grain Harvest]]*0.6 -> 9360000 | H19: 15600000 | I19: =Table13456[[#This Row],[Normal Grain Harvest]]*1.3 -> 20280000 | J19: =(Table13456[[#This Row],[Population]]*365)/1000 -> 474500 | K19: =Table13456[[#This Row],[Normal Grain Harvest]]-Table13456[[#This Row],[Required Grain]] -> 15125500 | L19: =(Table13456[[#This Row],[Suplus Grain]]/2)/2000 -> 3781.375 | M19: grain, dates, salt | N19: 10 | P19: =(Table13456[[#This Row],[Tax Income in Talents]]+Table13456[[#This Row],[Trade Income]]-Table13456[[#This Row],[Other Expenditure]]-Table13456[[#This Row],[Garrisoned Soldier Cost]]) -> 2791.375
A20: Media | B20: Peithon | C20: 750 | D20: 750 | E20: 600000 | F20: 22500 | G20: =Table13456[[#This Row],[Normal Grain Harvest]]*0.6 -> 5850000 | H20: 9750000 | I20: =Table13456[[#This Row],[Normal Grain Harvest]]*1.3 -> 12675000 | J20: =(Table13456[[#This Row],[Population]]*365)/1000 -> 219000 | K20: =Table13456[[#This Row],[High Grain Harvest]]-Table13456[[#This Row],[Required Grain]] -> 12456000 | L20: =(Table13456[[#This Row],[Suplus Grain]]/2)/2000 -> 3114 | M20: horses, salt | P20: =(Table13456[[#This Row],[Tax Income in Talents]]+Table13456[[#This Row],[Trade Income]]-Table13456[[#This Row],[Other Expenditure]]-Table13456[[#This Row],[Garrisoned Soldier Cost]]) -> 2364
A21: Elymais | B21: Leonnatus | C21: 2000 | D21: 1000 | E21: 600000 | F21: 22500 | G21: =Table13456[[#This Row],[Normal Grain Harvest]]*0.6 -> 4500000 | H21: 7500000 | I21: =Table13456[[#This Row],[Normal Grain Harvest]]*1.3 -> 9750000 | J21: =(Table13456[[#This Row],[Population]]*365)/1000 -> 219000 | K21: =Table13456[[#This Row],[Normal Grain Harvest]]-Table13456[[#This Row],[Required Grain]] -> 7281000 | L21: =(Table13456[[#This Row],[Suplus Grain]]/2)/2000 -> 1820.25 | P21: =(Table13456[[#This Row],[Tax Income in Talents]]+Table13456[[#This Row],[Trade Income]]-Table13456[[#This Row],[Other Expenditure]]-Table13456[[#This Row],[Garrisoned Soldier Cost]]) -> 820.25
A22: Persis | B22: Leonnatus | C22: 3000 | D22: 1500 | E22: 1350000 | F22: 27000 | G22: =Table13456[[#This Row],[Normal Grain Harvest]]*0.6 -> 6084000 | H22: 10140000 | I22: =Table13456[[#This Row],[Normal Grain Harvest]]*1.3 -> 13182000 | J22: =(Table13456[[#This Row],[Population]]*365)/1000 -> 492750 | K22: =Table13456[[#This Row],[Normal Grain Harvest]]-Table13456[[#This Row],[Required Grain]] -> 9647250 | L22: =(Table13456[[#This Row],[Suplus Grain]]/2)/2000 -> 2411.8125 | M22: grain, horses, gold | P22: =(Table13456[[#This Row],[Tax Income in Talents]]+Table13456[[#This Row],[Trade Income]]-Table13456[[#This Row],[Other Expenditure]]-Table13456[[#This Row],[Garrisoned Soldier Cost]]) -> 911.8125
A23: Drangiane | B23: Peukestas | C23: 0 | D23: 0 | E23: =2250000*0.4 -> 900000 | F23: 18000 | G23: =Table13456[[#This Row],[Normal Grain Harvest]]*0.6 -> 4056000 | H23: 6760000 | I23: =Table13456[[#This Row],[Normal Grain Harvest]]*1.3 -> 8788000 | J23: =(Table13456[[#This Row],[Population]]*365)/1000 -> 328500 | K23: =Table13456[[#This Row],[Normal Grain Harvest]]-Table13456[[#This Row],[Required Grain]] -> 6431500 | L23: =(Table13456[[#This Row],[Suplus Grain]]/2)/2000 -> 1607.875 | P23: =(Table13456[[#This Row],[Tax Income in Talents]]+Table13456[[#This Row],[Trade Income]]-Table13456[[#This Row],[Other Expenditure]]-Table13456[[#This Row],[Garrisoned Soldier Cost]]) -> 1607.875
A24: Aria | B24: Peukestas | C24: 0 | D24: 0 | E24: 375000 | F24: 3500 | G24: =Table13456[[#This Row],[Normal Grain Harvest]]*0.6 -> 2535000 | H24: 4225000 | I24: =Table13456[[#This Row],[Normal Grain Harvest]]*1.3 -> 5492500 | J24: =(Table13456[[#This Row],[Population]]*365)/1000 -> 136875 | K24: =Table13456[[#This Row],[Normal Grain Harvest]]-Table13456[[#This Row],[Required Grain]] -> 4088125 | L24: =(Table13456[[#This Row],[Suplus Grain]]/2)/2000 -> 1022.0312 | P24: =(Table13456[[#This Row],[Tax Income in Talents]]+Table13456[[#This Row],[Trade Income]]-Table13456[[#This Row],[Other Expenditure]]-Table13456[[#This Row],[Garrisoned Soldier Cost]]) -> 1022.0312
A25: Parthia | B25: Peithon | C25: 1000 | D25: 500 | E25: 375000 | F25: 3500 | G25: =Table13456[[#This Row],[Normal Grain Harvest]]*0.6 -> 2535000 | H25: 4225000 | I25: =Table13456[[#This Row],[Normal Grain Harvest]]*1.3 -> 5492500 | J25: =(Table13456[[#This Row],[Population]]*365)/1000 -> 136875 | K25: =Table13456[[#This Row],[High Grain Harvest]]-Table13456[[#This Row],[Required Grain]] -> 5355625 | L25: =(Table13456[[#This Row],[Suplus Grain]]/2)/2000 -> 1338.9062 | M25: grain | P25: =(Table13456[[#This Row],[Tax Income in Talents]]+Table13456[[#This Row],[Trade Income]]-Table13456[[#This Row],[Other Expenditure]]-Table13456[[#This Row],[Garrisoned Soldier Cost]]) -> 838.90625
A26: Arachosia | B26: Peukestas | C26: 0 | D26: 0 | E26: 200000 | F26: 7000 | G26: =Table13456[[#This Row],[Normal Grain Harvest]]*0.6 -> 1950000 | H26: 3250000 | I26: =Table13456[[#This Row],[Normal Grain Harvest]]*1.3 -> 4225000 | J26: =(Table13456[[#This Row],[Population]]*365)/1000 -> 73000 | K26: =Table13456[[#This Row],[Normal Grain Harvest]]-Table13456[[#This Row],[Required Grain]] -> 3177000 | L26: =(Table13456[[#This Row],[Suplus Grain]]/2)/2000 -> 794.25 | P26: =(Table13456[[#This Row],[Tax Income in Talents]]+Table13456[[#This Row],[Trade Income]]-Table13456[[#This Row],[Other Expenditure]]-Table13456[[#This Row],[Garrisoned Soldier Cost]]) -> 794.25
A27: Hyrcania | B27: Peithon | C27: 500 | D27: 250 | E27: 200000 | F27: 4000 | G27: =Table13456[[#This Row],[Normal Grain Harvest]]*0.6 -> 1170000 | H27: 1950000 | I27: =Table13456[[#This Row],[Normal Grain Harvest]]*1.3 -> 2535000 | J27: =(Table13456[[#This Row],[Population]]*365)/1000 -> 73000 | K27: =Table13456[[#This Row],[High Grain Harvest]]-Table13456[[#This Row],[Required Grain]] -> 2462000 | L27: =(Table13456[[#This Row],[Suplus Grain]]/2)/2000 -> 615.5 | P27: =(Table13456[[#This Row],[Tax Income in Talents]]+Table13456[[#This Row],[Trade Income]]-Table13456[[#This Row],[Other Expenditure]]-Table13456[[#This Row],[Garrisoned Soldier Cost]]) -> 365.5
A28: Bactria + Sogdiane | B28: Peukestas | C28: 3000 | D28: 1500 | E28: 800000 | F28: 16000 | G28: =Table13456[[#This Row],[Normal Grain Harvest]]*0.6 -> 4680000 | H28: 7800000 | I28: =Table13456[[#This Row],[Normal Grain Harvest]]*1.3 -> 10140000 | J28: =(Table13456[[#This Row],[Population]]*365)/1000 -> 292000 | K28: =Table13456[[#This Row],[Normal Grain Harvest]]-Table13456[[#This Row],[Required Grain]] -> 7508000 | L28: =(Table13456[[#This Row],[Suplus Grain]]/2)/2000 -> 1877 | M28: grain, gold | P28: =(Table13456[[#This Row],[Tax Income in Talents]]+Table13456[[#This Row],[Trade Income]]-Table13456[[#This Row],[Other Expenditure]]-Table13456[[#This Row],[Garrisoned Soldier Cost]]) -> 377
A29: Gedrosia | B29: Leonnatus | E29: 7000 | F29: 500 | G29: =Table13456[[#This Row],[Normal Grain Harvest]]*0.6 -> 7800 | H29: 13000 | I29: =Table13456[[#This Row],[Normal Grain Harvest]]*1.3 -> 16900 | J29: =(Table13456[[#This Row],[Population]]*365)/1000 -> 2555 | K29: =Table13456[[#This Row],[Normal Grain Harvest]]-Table13456[[#This Row],[Required Grain]] -> 10445 | L29: =(Table13456[[#This Row],[Suplus Grain]]/2)/2000 -> 2.61125 | N29: 2 | P29: =(Table13456[[#This Row],[Tax Income in Talents]]+Table13456[[#This Row],[Trade Income]]-Table13456[[#This Row],[Other Expenditure]]-Table13456[[#This Row],[Garrisoned Soldier Cost]]) -> 4.61125
A30: Indian | B30: Chandragupta | C30: 1000 | D30: 500 | E30: 200000 | F30: 7000 | G30: =Table13456[[#This Row],[Normal Grain Harvest]]*0.6 -> 1500000 | H30: 2500000 | I30: =Table13456[[#This Row],[Normal Grain Harvest]]*1.3 -> 3250000 | J30: =(Table13456[[#This Row],[Population]]*365)/1000 -> 73000 | K30: =Table13456[[#This Row],[Normal Grain Harvest]]-Table13456[[#This Row],[Required Grain]] -> 2427000 | L30: =(Table13456[[#This Row],[Suplus Grain]]/2)/2000 -> 606.75 | P30: =(Table13456[[#This Row],[Tax Income in Talents]]+Table13456[[#This Row],[Trade Income]]-Table13456[[#This Row],[Other Expenditure]]-Table13456[[#This Row],[Garrisoned Soldier Cost]]) -> 106.75
P35: =SUM(P14,P15,P17) -> 1877.8395

Sheet Year 318
A1: Region | B1: Satrap | C1: Garrison Size | D1: Garrisoned Soldier Cost | E1: Population | F1: Potential Troop levy | G1: Low Grain Harvest | H1: Normal Grain Harvest | I1: High Grain Harvest | J1: Required Grain | K1: Suplus Grain | L1: Tax Income in Talents | M1: Top 3 trade resources | N1: Trade Income | O1: Other Expenditure | P1: Revenue - Expenses
A2: Macedonia | B2: Krateros | C2: 1000 | D2: 500 | E2: 200000 | F2: 12000 | G2: =Table134567[[#This Row],[Normal Grain Harvest]]*0.6 -> 2068755 | H2: 3447925 | I2: =Table134567[[#This Row],[Normal Grain Harvest]]*1.3 -> 4482302.5 | J2: =(Table134567[[#This Row],[Population]]*365)/1000 -> 73000 | K2: =Table134567[[#This Row],[Normal Grain Harvest]]-Table134567[[#This Row],[Required Grain]] -> 3374925 | L2: =(Table134567[[#This Row],[Suplus Grain]]/2)/2000 -> 843.73125 | M2: timber, gold, silver | P2: =(Table134567[[#This Row],[Tax Income in Talents]]+Table134567[[#This Row],[Trade Income]]-Table134567[[#This Row],[Other Expenditure]]-Table134567[[#This Row],[Garrisoned Soldier Cost]]) -> 343.73125
A3: Thrace | B3: Polyperchon | C3: 1000 | D3: 500 | E3: 200000 | F3: 7000 | G3: =Table134567[[#This Row],[Normal Grain Harvest]]*0.6 -> 2068755 | H3: 3447925 | I3: =Table134567[[#This Row],[Normal Grain Harvest]]*1.3 -> 4482302.5 | J3: =(Table134567[[#This Row],[Population]]*365)/1000 -> 73000 | K3: =Table134567[[#This Row],[Normal Grain Harvest]]-Table134567[[#This Row],[Required Grain]] -> 3374925 | L3: =(Table134567[[#This Row],[Suplus Grain]]/2)/2000 -> 843.73125 | M3: gold, tin, silver | P3: =(Table134567[[#This Row],[Tax Income in Talents]]+Table134567[[#This Row],[Trade Income]]-Table134567[[#This Row],[Other Expenditure]]-Table134567[[#This Row],[Garrisoned Soldier Cost]]) -> 343.73125
A4: Paphlogonia | C4: 3000 | D4: 1500 | E4: 500000 | F4: 15000 | G4: =Table134567[[#This Row],[Normal Grain Harvest]]*0.6 -> 4296645 | H4: 7161075 | I4: =Table134567[[#This Row],[Normal Grain Harvest]]*1.3 -> 9309397.5 | J4: =(Table134567[[#This Row],[Population]]*365)/1000 -> 182500 | K4: =Table134567[[#This Row],[Normal Grain Harvest]]-Table134567[[#This Row],[Required Grain]] -> 6978575 | L4: =(Table134567[[#This Row],[Suplus Grain]]/2)/2000 -> 1744.6437 | M4: fish | P4: =(Table134567[[#This Row],[Tax Income in Talents]]+Table134567[[#This Row],[Trade Income]]-Table134567[[#This Row],[Other Expenditure]]-Table134567[[#This Row],[Garrisoned Soldier Cost]]) -> 244.64375
A5: Greece | C5: 2700 | D5: 1350 | E5: 450000 | F5: 15000 | G5: =Table134567[[#This Row],[Normal Grain Harvest]]*0.6 -> 5585638.5 | H5: 9309397.5 | I5: =Table134567[[#This Row],[Normal Grain Harvest]]*1.3 -> 12102217 | J5: =(Table134567[[#This Row],[Population]]*365)/1000 -> 164250 | K5: =Table134567[[#This Row],[Normal Grain Harvest]]-Table134567[[#This Row],[Required Grain]] -> 9145147.5 | L5: =(Table134567[[#This Row],[Suplus Grain]]/2)/2000 -> 2286.2869 | M5: fish | N5: 200 | P5: =(Table134567[[#This Row],[Tax Income in Talents]]+Table134567[[#This Row],[Trade Income]]-Table134567[[#This Row],[Other Expenditure]]-Table134567[[#This Row],[Garrisoned Soldier Cost]]) -> 1136.2869
A6: Bosphorus | C6: 3000 | D6: 1500 | E6: 500000 | F6: 13000 | G6: =Table134567[[#This Row],[Normal Grain Harvest]]*0.6 -> 4296645 | H6: 7161075 | I6: =Table134567[[#This Row],[Normal Grain Harvest]]*1.3 -> 9309397.5 | J6: =(Table134567[[#This Row],[Population]]*365)/1000 -> 182500 | K6: =Table134567[[#This Row],[Normal Grain Harvest]]-Table134567[[#This Row],[Required Grain]] -> 6978575 | L6: =(Table134567[[#This Row],[Suplus Grain]]/2)/2000 -> 1744.6437 | M6: fish | P6: =(Table134567[[#This Row],[Tax Income in Talents]]+Table134567[[#This Row],[Trade Income]]-Table134567[[#This Row],[Other Expenditure]]-Table134567[[#This Row],[Garrisoned Soldier Cost]]) -> 244.64375
A7: Ionia | B7: Demetrios | C7: 3000 | D7: 1500 | E7: 500000 | F7: 13000 | G7: =Table134567[[#This Row],[Normal Grain Harvest]]*0.6 -> 4296645 | H7: 7161075 | I7: =Table134567[[#This Row],[Normal Grain Harvest]]*1.3 -> 9309397.5 | J7: =(Table134567[[#This Row],[Population]]*365)/1000 -> 182500 | K7: =Table134567[[#This Row],[Low Grain Harvest]]-Table134567[[#This Row],[Required Grain]] -> 4114145 | L7: =(Table134567[[#This Row],[Suplus Grain]]/2)/2000 -> 1028.5363 | M7: fish | P7: =(Table134567[[#This Row],[Tax Income in Talents]]+Table134567[[#This Row],[Trade Income]]-Table134567[[#This Row],[Other Expenditure]]-Table134567[[#This Row],[Garrisoned Soldier Cost]]) -> -471.46375
A8: Mysia | B8: Demetrios | C8: 3000 | D8: 1500 | E8: 500000 | F8: 10000 | G8: =Table134567[[#This Row],[Normal Grain Harvest]]*0.6 -> 4296645 | H8: 7161075 | I8: =Table134567[[#This Row],[Normal Grain Harvest]]*1.3 -> 9309397.5 | J8: =(Table134567[[#This Row],[Population]]*365)/1000 -> 182500 | K8: =Table134567[[#This Row],[Low Grain Harvest]]-Table134567[[#This Row],[Required Grain]] -> 4114145 | L8: =(Table134567[[#This Row],[Suplus Grain]]/2)/2000 -> 1028.5363 | M8: produce | P8: =(Table134567[[#This Row],[Tax Income in Talents]]+Table134567[[#This Row],[Trade Income]]-Table134567[[#This Row],[Other Expenditure]]-Table134567[[#This Row],[Garrisoned Soldier Cost]]) -> -471.46375
A9: Phrygia | B9: Demetrios | C9: 3000 | D9: 1500 | E9: 500000 | F9: 20000 | G9: =Table134567[[#This Row],[Normal Grain Harvest]]*0.6 -> 4296645 | H9: 7161075 | I9: =Table134567[[#This Row],[Normal Grain Harvest]]*1.3 -> 9309397.5 | J9: =(Table134567[[#This Row],[Population]]*365)/1000 -> 182500 | K9: =Table134567[[#This Row],[Normal Grain Harvest]]-Table134567[[#This Row],[Required Grain]] -> 6978575 | L9: =(Table134567[[#This Row],[Suplus Grain]]/2)/2000 -> 1744.6437 | M9: gold | P9: =(Table134567[[#This Row],[Tax Income in Talents]]+Table134567[[#This Row],[Trade Income]]-Table134567[[#This Row],[Other Expenditure]]-Table134567[[#This Row],[Garrisoned Soldier Cost]]) -> 244.64375
A10: Lydia | B10: Demetrios | C10: 2000 | D10: 1000 | E10: 500000 | F10: 20000 | G10: =Table134567[[#This Row],[Normal Grain Harvest]]*0.6 -> 4296645 | H10: 7161075 | I10: =Table134567[[#This Row],[Normal Grain Harvest]]*1.3 -> 9309397.5 | J10: =(Table134567[[#This Row],[Population]]*365)/1000 -> 182500 | K10: =Table134567[[#This Row],[Normal Grain Harvest]]-Table134567[[#This Row],[Required Grain]] -> 6978575 | L10: =(Table134567[[#This Row],[Suplus Grain]]/2)/2000 -> 1744.6437 | M10: grain | P10: =(Table134567[[#This Row],[Tax Income in Talents]]+Table134567[[#This Row],[Trade Income]]-Table134567[[#This Row],[Other Expenditure]]-Table134567[[#This Row],[Garrisoned Soldier Cost]]) -> 744.64375
A11: Capadocia | C11: 4000 | D11: 2000 | E11: 400000 | F11: 20000 | G11: =Table134567[[#This Row],[Normal Grain Harvest]]*0.6 -> 4296645 | H11: 7161075 | I11: =Table134567[[#This Row],[Normal Grain Harvest]]*1.3 -> 9309397.5 | J11: =(Table134567[[#This Row],[Population]]*365)/1000 -> 146000 | K11: =Table134567[[#This Row],[Normal Grain Harvest]]-Table134567[[#This Row],[Required Grain]] -> 7015075 | L11: =(Table134567[[#This Row],[Suplus Grain]]/2)/2000 -> 1753.7687 | M11: tin | P11: =(Table134567[[#This Row],[Tax Income in Talents]]+Table134567[[#This Row],[Trade Income]]-Table134567[[#This Row],[Other Expenditure]]-Table134567[[#This Row],[Garrisoned Soldier Cost]]) -> -246.23125
A12: Kilikia | B12: Meleagros | C12: 1500 | D12: 500 | E12: 750000 | F12: 13000 | G12: =Table134567[[#This Row],[Normal Grain Harvest]]*0.6 -> 4296645 | H12: 7161075 | I12: =Table134567[[#This Row],[Normal Grain Harvest]]*1.3 -> 9309397.5 | J12: =(Table134567[[#This Row],[Population]]*365)/1000 -> 273750 | K12: =Table134567[[#This Row],[Normal Grain Harvest]]-Table134567[[#This Row],[Required Grain]] -> 6887325 | L12: =(Table134567[[#This Row],[Suplus Grain]]/2)/2000 -> 1721.8312 | M12: timber | P12: =(Table134567[[#This Row],[Tax Income in Talents]]+Table134567[[#This Row],[Trade Income]]-Table134567[[#This Row],[Other Expenditure]]-Table134567[[#This Row],[Garrisoned Soldier Cost]]) -> 1221.8312
A13: Syria | B13: Meleagros | C13: 1000 | D13: 1000 | E13: 500000 | F13: 10000 | G13: =Table134567[[#This Row],[Normal Grain Harvest]]*0.6 -> 3103132.5 | H13: 5171887.5 | I13: =Table134567[[#This Row],[Normal Grain Harvest]]*1.3 -> 6723453.8 | J13: =(Table134567[[#This Row],[Population]]*365)/1000 -> 182500 | K13: =Table134567[[#This Row],[Normal Grain Harvest]]-Table134567[[#This Row],[Required Grain]] -> 4989387.5 | L13: =(Table134567[[#This Row],[Suplus Grain]]/2)/2000 -> 1247.3469 | M13: timber, dyes | P13: =(Table134567[[#This Row],[Tax Income in Talents]]+Table134567[[#This Row],[Trade Income]]-Table134567[[#This Row],[Other Expenditure]]-Table134567[[#This Row],[Garrisoned Soldier Cost]]) -> 247.34687
A14: Koile Syria | B14: Ptolemy | C14: 3000 | D14: 1500 | E14: 500000 | F14: 10000 | G14: =Table134567[[#This Row],[Normal Grain Harvest]]*0.6 -> 2387025 | H14: 3978375 | I14: =Table134567[[#This Row],[Normal Grain Harvest]]*1.3 -> 5171887.5 | J14: =(Table134567[[#This Row],[Population]]*365)/1000 -> 182500 | K14: =Table134567[[#This Row],[Low Grain Harvest]]-Table134567[[#This Row],[Required Grain]] -> 2204525 | L14: =(Table134567[[#This Row],[Suplus Grain]]/2)/2000 -> 551.13125 | M14: timber, dyes | P14: =(Table134567[[#This Row],[Tax Income in Talents]]+Table134567[[#This Row],[Trade Income]]-Table134567[[#This Row],[Other Expenditure]]-Table134567[[#This Row],[Garrisoned Soldier Cost]]) -> -948.86875
A15: Cyrene | B15: Ptolemy | C15: 500 | D15: 250 | E15: 1000000 | F15: 20000 | G15: =Table134567[[#This Row],[Normal Grain Harvest]]*0.6 -> 4774050 | H15: 7956750 | I15: =Table134567[[#This Row],[Normal Grain Harvest]]*1.3 -> 10343775 | J15: =(Table134567[[#This Row],[Population]]*365)/1000 -> 365000 | K15: =Table134567[[#This Row],[Normal Grain Harvest]]-Table134567[[#This Row],[Required Grain]] -> 7591750 | L15: =(Table134567[[#This Row],[Suplus Grain]]/2)/2000 -> 1897.9375 | M15: timber, dyes | P15: =(Table134567[[#This Row],[Tax Income in Talents]]+Table134567[[#This Row],[Trade Income]]-Table134567[[#This Row],[Other Expenditure]]-Table134567[[#This Row],[Garrisoned Soldier Cost]]) -> 1647.9375
A16: Cyprus | B16: Ptolemy | C16: 500 | D16: 250 | E16: 500000 | F16: 10000 | G16: =Table134567[[#This Row],[Normal Grain Harvest]]*0.6 -> 2387025 | H16: 3978375 | I16: =Table134567[[#This Row],[Normal Grain Harvest]]*1.3 -> 5171887.5 | J16: =(Table134567[[#This Row],[Population]]*365)/1000 -> 182500 | K16: =Table134567[[#This Row],[Low Grain Harvest]]-Table134567[[#This Row],[Required Grain]] -> 2204525 | L16: =(Table134567[[#This Row],[Suplus Grain]]/2)/2000 -> 551.13125 | M16: timber, copper | P16: =(Table134567[[#This Row],[Tax Income in Talents]]+Table134567[[#This Row],[Trade Income]]-Table134567[[#This Row],[Other Expenditure]]-Table134567[[#This Row],[Garrisoned Soldier Cost]]) -> 301.13125
A17: Egypt | B17: Ptolemy | C17: 4500 | D17: 4000 | E17: 3500000 | F17: 80000 | G17: =Table134567[[#This Row],[Normal Grain Harvest]]*0.6 -> 15650200 | H17: 26083667 | I17: =Table134567[[#This Row],[Normal Grain Harvest]]*1.3 -> 33908767 | J17: =(Table134567[[#This Row],[Population]]*365)/1000 -> 1277500 | K17: =Table134567[[#This Row],[Normal Grain Harvest]]-Table134567[[#This Row],[Required Grain]] -> 24806167 | L17: =(Table134567[[#This Row],[Suplus Grain]]/2)/2000 -> 6201.5418 | P17: =(Table134567[[#This Row],[Tax Income in Talents]]+Table134567[[#This Row],[Trade Income]]-Table134567[[#This Row],[Other Expenditure]]-Table134567[[#This Row],[Garrisoned Soldier Cost]]) -> 2201.5418
A18: Mesopotamia | B18: Kassander | C18: 1000 | D18: 500 | E18: 2000000 | F18: 45000 | G18: =Table134567[[#This Row],[Normal Grain Harvest]]*0.6 -> 10757526 | H18: 17929210 | I18: =Table134567[[#This Row],[Normal Grain Harvest]]*1.3 -> 23307973 | J18: =(Table134567[[#This Row],[Population]]*365)/1000 -> 730000 | K18: =Table134567[[#This Row],[Normal Grain Harvest]]-Table134567[[#This Row],[Required Grain]] -> 17199210 | L18: =(Table134567[[#This Row],[Suplus Grain]]/2)/2000 -> 4299.8025 | M18: grain, dates, salt | P18: =(Table134567[[#This Row],[Tax Income in Talents]]+Table134567[[#This Row],[Trade Income]]-Table134567[[#This Row],[Other Expenditure]]-Table134567[[#This Row],[Garrisoned Soldier Cost]]) -> 3799.8025
A19: Babylonia | B19: Meleagros | C19: 2000 | D19: 1000 | E19: 1300000 | F19: 40000 | G19: =Table134567[[#This Row],[Normal Grain Harvest]]*0.6 -> 9930024 | H19: 16550040 | I19: =Table134567[[#This Row],[Normal Grain Harvest]]*1.3 -> 21515052 | J19: =(Table134567[[#This Row],[Population]]*365)/1000 -> 474500 | K19: =Table134567[[#This Row],[Low Grain Harvest]]-Table134567[[#This Row],[Required Grain]] -> 9455524 | L19: =(Table134567[[#This Row],[Suplus Grain]]/2)/2000 -> 2363.881 | M19: grain, dates, salt | N19: 10 | P19: =(Table134567[[#This Row],[Tax Income in Talents]]+Table134567[[#This Row],[Trade Income]]-Table134567[[#This Row],[Other Expenditure]]-Table134567[[#This Row],[Garrisoned Soldier Cost]]) -> 1373.881
A20: Media | B20: Peithon | C20: 750 | D20: 750 | E20: 600000 | F20: 22500 | G20: =Table134567[[#This Row],[Normal Grain Harvest]]*0.6 -> 6206265 | H20: 10343775 | I20: =Table134567[[#This Row],[Normal Grain Harvest]]*1.3 -> 13446908 | J20: =(Table134567[[#This Row],[Population]]*365)/1000 -> 219000 | K20: =Table134567[[#This Row],[High Grain Harvest]]-Table134567[[#This Row],[Required Grain]] -> 13227908 | L20: =(Table134567[[#This Row],[Suplus Grain]]/2)/2000 -> 3306.9769 | M20: horses, salt | P20: =(Table134567[[#This Row],[Tax Income in Talents]]+Table134567[[#This Row],[Trade Income]]-Table134567[[#This Row],[Other Expenditure]]-Table134567[[#This Row],[Garrisoned Soldier Cost]]) -> 2556.9769
A21: Elymais | B21: Leonnatus | C21: 2000 | D21: 1000 | E21: 600000 | F21: 22500 | G21: =Table134567[[#This Row],[Normal Grain Harvest]]*0.6 -> 4774050 | H21: 7956750 | I21: =Table134567[[#This Row],[Normal Grain Harvest]]*1.3 -> 10343775 | J21: =(Table134567[[#This Row],[Population]]*365)/1000 -> 219000 | K21: =Table134567[[#This Row],[Normal Grain Harvest]]-Table134567[[#This Row],[Required Grain]] -> 7737750 | L21: =(Table134567[[#This Row],[Suplus Grain]]/2)/2000 -> 1934.4375 | P21: =(Table134567[[#This Row],[Tax Income in Talents]]+Table134567[[#This Row],[Trade Income]]-Table134567[[#This Row],[Other Expenditure]]-Table134567[[#This Row],[Garrisoned Soldier Cost]]) -> 934.4375
A22: Persis | B22: Leonnatus | C22: 3000 | D22: 1500 | E22: 1350000 | F22: 27000 | G22: =Table134567[[#This Row],[Normal Grain Harvest]]*0.6 -> 6454515.6 | H22: 10757526 | I22: =Table134567[[#This Row],[Normal Grain Harvest]]*1.3 -> 13984784 | J22: =(Table134567[[#This Row],[Population]]*365)/1000 -> 492750 | K22: =Table134567[[#This Row],[Normal Grain Harvest]]-Table134567[[#This Row],[Required Grain]] -> 10264776 | L22: =(Table134567[[#This Row],[Suplus Grain]]/2)/2000 -> 2566.194 | M22: grain, horses, gold | P22: =(Table134567[[#This Row],[Tax Income in Talents]]+Table134567[[#This Row],[Trade Income]]-Table134567[[#This Row],[Other Expenditure]]-Table134567[[#This Row],[Garrisoned Soldier Cost]]) -> 1066.194
A23: Drangiane | B23: Peukestas | C23: 0 | D23: 0 | E23: =2250000*0.4 -> 900000 | F23: 18000 | G23: =Table134567[[#This Row],[Normal Grain Harvest]]*0.6 -> 4303010.4 | H23: 7171684 | I23: =Table134567[[#This Row],[Normal Grain Harvest]]*1.3 -> 9323189.2 | J23: =(Table134567[[#This Row],[Population]]*365)/1000 -> 328500 | K23: =Table134567[[#This Row],[Low Grain Harvest]]-Table134567[[#This Row],[Required Grain]] -> 3974510.4 | L23: =(Table134567[[#This Row],[Suplus Grain]]/2)/2000 -> 993.6276 | P23: =(Table134567[[#This Row],[Tax Income in Talents]]+Table134567[[#This Row],[Trade Income]]-Table134567[[#This Row],[Other Expenditure]]-Table134567[[#This Row],[Garrisoned Soldier Cost]]) -> 993.6276
A24: Aria | B24: Peukestas | C24: 0 | D24: 0 | E24: 375000 | F24: 3500 | G24: =Table134567[[#This Row],[Normal Grain Harvest]]*0.6 -> 2689381.5 | H24: 4482302.5 | I24: =Table134567[[#This Row],[Normal Grain Harvest]]*1.3 -> 5826993.2 | J24: =(Table134567[[#This Row],[Population]]*365)/1000 -> 136875 | K24: =Table134567[[#This Row],[Normal Grain Harvest]]-Table134567[[#This Row],[Required Grain]] -> 4345427.5 | L24: =(Table134567[[#This Row],[Suplus Grain]]/2)/2000 -> 1086.3569 | P24: =(Table134567[[#This Row],[Tax Income in Talents]]+Table134567[[#This Row],[Trade Income]]-Table134567[[#This Row],[Other Expenditure]]-Table134567[[#This Row],[Garrisoned Soldier Cost]]) -> 1086.3569
A25: Parthia | B25: Peithon | C25: 1000 | D25: 500 | E25: 375000 | F25: 3500 | G25: =Table134567[[#This Row],[Normal Grain Harvest]]*0.6 -> 2689381.5 | H25: 4482302.5 | I25: =Table134567[[#This Row],[Normal Grain Harvest]]*1.3 -> 5826993.2 | J25: =(Table134567[[#This Row],[Population]]*365)/1000 -> 136875 | K25: =Table134567[[#This Row],[Normal Grain Harvest]]-Table134567[[#This Row],[Required Grain]] -> 4345427.5 | L25: =(Table134567[[#This Row],[Suplus Grain]]/2)/2000 -> 1086.3569 | M25: grain | P25: =(Table134567[[#This Row],[Tax Income in Talents]]+Table134567[[#This Row],[Trade Income]]-Table134567[[#This Row],[Other Expenditure]]-Table134567[[#This Row],[Garrisoned Soldier Cost]]) -> 586.35687
A26: Arachosia | B26: Peukestas | C26: 0 | D26: 0 | E26: 200000 | F26: 7000 | G26: =Table134567[[#This Row],[Normal Grain Harvest]]*0.6 -> 2068755 | H26: 3447925 | I26: =Table134567[[#This Row],[Normal Grain Harvest]]*1.3 -> 4482302.5 | J26: =(Table134567[[#This Row],[Population]]*365)/1000 -> 73000 | K26: =Table134567[[#This Row],[Normal Grain Harvest]]-Table134567[[#This Row],[Required Grain]] -> 3374925 | L26: =(Table134567[[#This Row],[Suplus Grain]]/2)/2000 -> 843.73125 | P26: =(Table134567[[#This Row],[Tax Income in Talents]]+Table134567[[#This Row],[Trade Income]]-Table134567[[#This Row],[Other Expenditure]]-Table134567[[#This Row],[Garrisoned Soldier Cost]]) -> 843.73125
A27: Hyrcania | B27: Peithon | C27: 500 | D27: 250 | E27: 200000 | F27: 4000 | G27: =Table134567[[#This Row],[Normal Grain Harvest]]*0.6 -> 1241253 | H27: 2068755 | I27: =Table134567[[#This Row],[Normal Grain Harvest]]*1.3 -> 2689381.5 | J27: =(Table134567[[#This Row],[Population]]*365)/1000 -> 73000 | K27: =Table134567[[#This Row],[High Grain Harvest]]-Table134567[[#This Row],[Required Grain]] -> 2616381.5 | L27: =(Table134567[[#This Row],[Suplus Grain]]/2)/2000 -> 654.09537 | P27: =(Table134567[[#This Row],[Tax Income in Talents]]+Table134567[[#This Row],[Trade Income]]-Table134567[[#This Row],[Other Expenditure]]-Table134567[[#This Row],[Garrisoned Soldier Cost]]) -> 404.09537
A28: Bactria + Sogdiane | B28: Peukestas | C28: 3000 | D28: 1500 | E28: 800000 | F28: 16000 | G28: =Table134567[[#This Row],[Normal Grain Harvest]]*0.6 -> 4965012 | H28: 8275020 | I28: =Table134567[[#This Row],[Normal Grain Harvest]]*1.3 -> 10757526 | J28: =(Table134567[[#This Row],[Population]]*365)/1000 -> 292000 | K28: =Table134567[[#This Row],[Normal Grain Harvest]]-Table134567[[#This Row],[Required Grain]] -> 7983020 | L28: =(Table134567[[#This Row],[Suplus Grain]]/2)/2000 -> 1995.755 | M28: grain, gold | P28: =(Table134567[[#This Row],[Tax Income in Talents]]+Table134567[[#This Row],[Trade Income]]-Table134567[[#This Row],[Other Expenditure]]-Table134567[[#This Row],[Garrisoned Soldier Cost]]) -> 495.755
A29: Gedrosia | B29: Leonnatus | E29: 7000 | F29: 500 | G29: =Table134567[[#This Row],[Normal Grain Harvest]]*0.6 -> 8275.02 | H29: 13791.7 | I29: =Table134567[[#This Row],[Normal Grain Harvest]]*1.3 -> 17929.21 | J29: =(Table134567[[#This Row],[Population]]*365)/1000 -> 2555 | K29: =Table134567[[#This Row],[Normal Grain Harvest]]-Table134567[[#This Row],[Required Grain]] -> 11236.7 | L29: =(Table134567[[#This Row],[Suplus Grain]]/2)/2000 -> 2.809175 | N29: 2 | P29: =(Table134567[[#This Row],[Tax Income in Talents]]+Table134567[[#This Row],[Trade Income]]-Table134567[[#This Row],[Other Expenditure]]-Table134567[[#This Row],[Garrisoned Soldier Cost]]) -> 4.809175

Sheet Year 317
A1: Region | B1: Satrap | C1: Garrison Size | D1: Garrisoned Soldier Cost | E1: Population | F1: Potential Troop levy | G1: Low Grain Harvest | H1: Normal Grain Harvest | I1: High Grain Harvest | J1: Required Grain | K1: Suplus Grain | L1: Tax Income in Talents | M1: Top 3 trade resources | N1: Trade Income | O1: Other Expenditure | P1: Revenue - Expenses
A2: Macedonia | B2: Krateros | C2: 1000 | D2: 500 | E2: 200000 | F2: 12000 | G2: =Table1345678[[#This Row],[Normal Grain Harvest]]*0.6 -> 2068755 | H2: 3447925 | I2: =Table1345678[[#This Row],[Normal Grain Harvest]]*1.3 -> 4482302.5 | J2: =(Table1345678[[#This Row],[Population]]*365)/1000 -> 73000 | K2: =Table1345678[[#This Row],[Normal Grain Harvest]]-Table1345678[[#This Row],[Required Grain]] -> 3374925 | L2: =(Table1345678[[#This Row],[Suplus Grain]]/2)/2000 -> 843.73125 | M2: timber, gold, silver | P2: =(Table1345678[[#This Row],[Tax Income in Talents]]+Table1345678[[#This Row],[Trade Income]]-Table1345678[[#This Row],[Other Expenditure]]-Table1345678[[#This Row],[Garrisoned Soldier Cost]]) -> 343.73125
A3: Thrace | B3: Krateros | C3: 1000 | D3: 500 | E3: 200000 | F3: 7000 | G3: =Table1345678[[#This Row],[Normal Grain Harvest]]*0.6 -> 2068755 | H3: 3447925 | I3: =Table1345678[[#This Row],[Normal Grain Harvest]]*1.3 -> 4482302.5 | J3: =(Table1345678[[#This Row],[Population]]*365)/1000 -> 73000 | K3: =Table1345678[[#This Row],[Normal Grain Harvest]]-Table1345678[[#This Row],[Required Grain]] -> 3374925 | L3: =(Table1345678[[#This Row],[Suplus Grain]]/2)/2000 -> 843.73125 | M3: gold, tin, silver | P3: =(Table1345678[[#This Row],[Tax Income in Talents]]+Table1345678[[#This Row],[Trade Income]]-Table1345678[[#This Row],[Other Expenditure]]-Table1345678[[#This Row],[Garrisoned Soldier Cost]]) -> 343.73125
A4: Paphlogonia | C4: 3000 | D4: 1500 | E4: 500000 | F4: 15000 | G4: =Table1345678[[#This Row],[Normal Grain Harvest]]*0.6 -> 4296645 | H4: 7161075 | I4: =Table1345678[[#This Row],[Normal Grain Harvest]]*1.3 -> 9309397.5 | J4: =(Table1345678[[#This Row],[Population]]*365)/1000 -> 182500 | K4: =Table1345678[[#This Row],[Normal Grain Harvest]]-Table1345678[[#This Row],[Required Grain]] -> 6978575 | L4: =(Table1345678[[#This Row],[Suplus Grain]]/2)/2000 -> 1744.6437 | M4: fish | P4: =(Table1345678[[#This Row],[Tax Income in Talents]]+Table1345678[[#This Row],[Trade Income]]-Table1345678[[#This Row],[Other Expenditure]]-Table1345678[[#This Row],[Garrisoned Soldier Cost]]) -> 244.64375
A5: Greece | C5: 2700 | D5: 1350 | E5: 450000 | F5: 15000 | G5: =Table1345678[[#This Row],[Normal Grain Harvest]]*0.6 -> 5585638.5 | H5: 9309397.5 | I5: =Table1345678[[#This Row],[Normal Grain Harvest]]*1.3 -> 12102217 | J5: =(Table1345678[[#This Row],[Population]]*365)/1000 -> 164250 | K5: =Table1345678[[#This Row],[Normal Grain Harvest]]-Table1345678[[#This Row],[Required Grain]] -> 9145147.5 | L5: =(Table1345678[[#This Row],[Suplus Grain]]/2)/2000 -> 2286.2869 | M5: fish | N5: 200 | P5: =(Table1345678[[#This Row],[Tax Income in Talents]]+Table1345678[[#This Row],[Trade Income]]-Table1345678[[#This Row],[Other Expenditure]]-Table1345678[[#This Row],[Garrisoned Soldier Cost]]) -> 1136.2869
A6: Bosphorus | C6: 3000 | D6: 1500 | E6: 500000 | F6: 13000 | G6: =Table1345678[[#This Row],[Normal Grain Harvest]]*0.6 -> 4296645 | H6: 7161075 | I6: =Table1345678[[#This Row],[Normal Grain Harvest]]*1.3 -> 9309397.5 | J6: =(Table1345678[[#This Row],[Population]]*365)/1000 -> 182500 | K6: =Table1345678[[#This Row],[Normal Grain Harvest]]-Table1345678[[#This Row],[Required Grain]] -> 6978575 | L6: =(Table1345678[[#This Row],[Suplus Grain]]/2)/2000 -> 1744.6437 | M6: fish | P6: =(Table1345678[[#This Row],[Tax Income in Talents]]+Table1345678[[#This Row],[Trade Income]]-Table1345678[[#This Row],[Other Expenditure]]-Table1345678[[#This Row],[Garrisoned Soldier Cost]]) -> 244.64375
A7: Ionia | B7: Demetrios | C7: 3000 | D7: 1500 | E7: 500000 | F7: 13000 | G7: =Table1345678[[#This Row],[Normal Grain Harvest]]*0.6 -> 4296645 | H7: 7161075 | I7: =Table1345678[[#This Row],[Normal Grain Harvest]]*1.3 -> 9309397.5 | J7: =(Table1345678[[#This Row],[Population]]*365)/1000 -> 182500 | K7: =Table1345678[[#This Row],[Normal Grain Harvest]]-Table1345678[[#This Row],[Required Grain]] -> 6978575 | L7: =(Table1345678[[#This Row],[Suplus Grain]]/2)/2000 -> 1744.6437 | M7: fish | P7: =(Table1345678[[#This Row],[Tax Income in Talents]]+Table1345678[[#This Row],[Trade Income]]-Table1345678[[#This Row],[Other Expenditure]]-Table1345678[[#This Row],[Garrisoned Soldier Cost]]) -> 244.64375
A8: Mysia | B8: Demetrios | C8: 3000 | D8: 1500 | E8: 500000 | F8: 10000 | G8: =Table1345678[[#This Row],[Normal Grain Harvest]]*0.6 -> 4296645 | H8: 7161075 | I8: =Table1345678[[#This Row],[Normal Grain Harvest]]*1.3 -> 9309397.5 | J8: =(Table1345678[[#This Row],[Population]]*365)/1000 -> 182500 | K8: =Table1345678[[#This Row],[Normal Grain Harvest]]-Table1345678[[#This Row],[Required Grain]] -> 6978575 | L8: =(Table1345678[[#This Row],[Suplus Grain]]/2)/2000 -> 1744.6437 | M8: produce | P8: =(Table1345678[[#This Row],[Tax Income in Talents]]+Table1345678[[#This Row],[Trade Income]]-Table1345678[[#This Row],[Other Expenditure]]-Table1345678[[#This Row],[Garrisoned Soldier Cost]]) -> 244.64375
A9: Phrygia | B9: Demetrios | C9: 3000 | D9: 1500 | E9: 500000 | F9: 20000 | G9: =Table1345678[[#This Row],[Normal Grain Harvest]]*0.6 -> 4296645 | H9: 7161075 | I9: =Table1345678[[#This Row],[Normal Grain Harvest]]*1.3 -> 9309397.5 | J9: =(Table1345678[[#This Row],[Population]]*365)/1000 -> 182500 | K9: =Table1345678[[#This Row],[Normal Grain Harvest]]-Table1345678[[#This Row],[Required Grain]] -> 6978575 | L9: =(Table1345678[[#This Row],[Suplus Grain]]/2)/2000 -> 1744.6437 | M9: gold | P9: =(Table1345678[[#This Row],[Tax Income in Talents]]+Table1345678[[#This Row],[Trade Income]]-Table1345678[[#This Row],[Other Expenditure]]-Table1345678[[#This Row],[Garrisoned Soldier Cost]]) -> 244.64375
A10: Lydia | B10: Demetrios | C10: 2000 | D10: 1000 | E10: 500000 | F10: 20000 | G10: =Table1345678[[#This Row],[Normal Grain Harvest]]*0.6 -> 4296645 | H10: 7161075 | I10: =Table1345678[[#This Row],[Normal Grain Harvest]]*1.3 -> 9309397.5 | J10: =(Table1345678[[#This Row],[Population]]*365)/1000 -> 182500 | K10: =Table1345678[[#This Row],[Normal Grain Harvest]]-Table1345678[[#This Row],[Required Grain]] -> 6978575 | L10: =(Table1345678[[#This Row],[Suplus Grain]]/2)/2000 -> 1744.6437 | M10: grain | P10: =(Table1345678[[#This Row],[Tax Income in Talents]]+Table1345678[[#This Row],[Trade Income]]-Table1345678[[#This Row],[Other Expenditure]]-Table1345678[[#This Row],[Garrisoned Soldier Cost]]) -> 744.64375
A11: Capadocia | C11: 4000 | D11: 2000 | E11: 400000 | F11: 20000 | G11: =Table1345678[[#This Row],[Normal Grain Harvest]]*0.6 -> 4296645 | H11: 7161075 | I11: =Table1345678[[#This Row],[Normal Grain Harvest]]*1.3 -> 9309397.5 | J11: =(Table1345678[[#This Row],[Population]]*365)/1000 -> 146000 | K11: =Table1345678[[#This Row],[Normal Grain Harvest]]-Table1345678[[#This Row],[Required Grain]] -> 7015075 | L11: =(Table1345678[[#This Row],[Suplus Grain]]/2)/2000 -> 1753.7687 | M11: tin | P11: =(Table1345678[[#This Row],[Tax Income in Talents]]+Table1345678[[#This Row],[Trade Income]]-Table1345678[[#This Row],[Other Expenditure]]-Table1345678[[#This Row],[Garrisoned Soldier Cost]]) -> -246.23125
A12: Kilikia | B12: Meleagros/Peithon | C12: 1500 | D12: 500 | E12: 750000 | F12: 15000 | G12: =Table1345678[[#This Row],[Normal Grain Harvest]]*0.6 -> 4296645 | H12: 7161075 | I12: =Table1345678[[#This Row],[Normal Grain Harvest]]*1.3 -> 9309397.5 | J12: =(Table1345678[[#This Row],[Population]]*365)/1000 -> 273750 | K12: =Table1345678[[#This Row],[Normal Grain Harvest]]-Table1345678[[#This Row],[Required Grain]] -> 6887325 | L12: =(Table1345678[[#This Row],[Suplus Grain]]/2)/2000 -> 1721.8312 | M12: timber | P12: =(Table1345678[[#This Row],[Tax Income in Talents]]+Table1345678[[#This Row],[Trade Income]]-Table1345678[[#This Row],[Other Expenditure]]-Table1345678[[#This Row],[Garrisoned Soldier Cost]]) -> 1221.8312
A13: Syria | B13: Meleagros | C13: 1000 | D13: 1000 | E13: 500000 | F13: 10000 | G13: =Table1345678[[#This Row],[Normal Grain Harvest]]*0.6 -> 3103132.5 | H13: 5171887.5 | I13: =Table1345678[[#This Row],[Normal Grain Harvest]]*1.3 -> 6723453.8 | J13: =(Table1345678[[#This Row],[Population]]*365)/1000 -> 182500 | K13: =Table1345678[[#This Row],[Normal Grain Harvest]]-Table1345678[[#This Row],[Required Grain]] -> 4989387.5 | L13: =(Table1345678[[#This Row],[Suplus Grain]]/2)/2000 -> 1247.3469 | M13: timber, dyes | P13: =(Table1345678[[#This Row],[Tax Income in Talents]]+Table1345678[[#This Row],[Trade Income]]-Table1345678[[#This Row],[Other Expenditure]]-Table1345678[[#This Row],[Garrisoned Soldier Cost]]) -> 247.34687
A14: Koile Syria | B14: Ptolemy | C14: 3000 | D14: 1500 | E14: 500000 | F14: 15000 | G14: =Table1345678[[#This Row],[Normal Grain Harvest]]*0.6 -> 2387025 | H14: 3978375 | I14: =Table1345678[[#This Row],[Normal Grain Harvest]]*1.3 -> 5171887.5 | J14: =(Table1345678[[#This Row],[Population]]*365)/1000 -> 182500 | K14: =Table1345678[[#This Row],[High Grain Harvest]]-Table1345678[[#This Row],[Required Grain]] -> 4989387.5 | L14: =(Table1345678[[#This Row],[Suplus Grain]]/2)/2000 -> 1247.3469 | M14: timber, dyes | P14: =(Table1345678[[#This Row],[Tax Income in Talents]]+Table1345678[[#This Row],[Trade Income]]-Table1345678[[#This Row],[Other Expenditure]]-Table1345678[[#This Row],[Garrisoned Soldier Cost]]) -> -252.65313
A15: Cyrene | B15: Ptolemy | C15: 500 | D15: 250 | E15: 1000000 | F15: 20000 | G15: =Table1345678[[#This Row],[Normal Grain Harvest]]*0.6 -> 4774050 | H15: 7956750 | I15: =Table1345678[[#This Row],[Normal Grain Harvest]]*1.3 -> 10343775 | J15: =(Table1345678[[#This Row],[Population]]*365)/1000 -> 365000 | K15: =Table1345678[[#This Row],[High Grain Harvest]]-Table1345678[[#This Row],[Required Grain]] -> 9978775 | L15: =(Table1345678[[#This Row],[Suplus Grain]]/2)/2000 -> 2494.6937 | M15: timber, dyes | P15: =(Table1345678[[#This Row],[Tax Income in Talents]]+Table1345678[[#This Row],[Trade Income]]-Table1345678[[#This Row],[Other Expenditure]]-Table1345678[[#This Row],[Garrisoned Soldier Cost]]) -> 2244.6937
A16: Cyprus | B16: Ptolemy | C16: 500 | D16: 250 | E16: 500000 | F16: 10000 | G16: =Table1345678[[#This Row],[Normal Grain Harvest]]*0.6 -> 2387025 | H16: 3978375 | I16: =Table1345678[[#This Row],[Normal Grain Harvest]]*1.3 -> 5171887.5 | J16: =(Table1345678[[#This Row],[Population]]*365)/1000 -> 182500 | K16: =Table1345678[[#This Row],[High Grain Harvest]]-Table1345678[[#This Row],[Required Grain]] -> 4989387.5 | L16: =(Table1345678[[#This Row],[Suplus Grain]]/2)/2000 -> 1247.3469 | M16: timber, copper | P16: =(Table1345678[[#This Row],[Tax Income in Talents]]+Table1345678[[#This Row],[Trade Income]]-Table1345678[[#This Row],[Other Expenditure]]-Table1345678[[#This Row],[Garrisoned Soldier Cost]]) -> 997.34687
A17: Egypt | B17: Ptolemy | C17: 4500 | D17: 4000 | E17: 3500000 | F17: 80000 | G17: =Table1345678[[#This Row],[Normal Grain Harvest]]*0.6 -> 19562750 | H17: 32604584 | I17: =Table1345678[[#This Row],[Normal Grain Harvest]]*1.3 -> 42385959 | J17: =(Table1345678[[#This Row],[Population]]*365)/1000 -> 1277500 | K17: =Table1345678[[#This Row],[High Grain Harvest]]-Table1345678[[#This Row],[Required Grain]] -> 41108459 | L17: =(Table1345678[[#This Row],[Suplus Grain]]/2)/2000 -> 10277.115 | P17: =(Table1345678[[#This Row],[Tax Income in Talents]]+Table1345678[[#This Row],[Trade Income]]-Table1345678[[#This Row],[Other Expenditure]]-Table1345678[[#This Row],[Garrisoned Soldier Cost]]) -> 6277.1148
A18: Mesopotamia | B18: Kassander | C18: 1000 | D18: 500 | E18: 2000000 | F18: 45000 | G18: =Table1345678[[#This Row],[Normal Grain Harvest]]*0.6 -> 10757526 | H18: 17929210 | I18: =Table1345678[[#This Row],[Normal Grain Harvest]]*1.3 -> 23307973 | J18: =(Table1345678[[#This Row],[Population]]*365)/1000 -> 730000 | K18: =Table1345678[[#This Row],[Normal Grain Harvest]]-Table1345678[[#This Row],[Required Grain]] -> 17199210 | L18: =(Table1345678[[#This Row],[Suplus Grain]]/2)/2000 -> 4299.8025 | M18: grain, dates, salt | P18: =(Table1345678[[#This Row],[Tax Income in Talents]]+Table1345678[[#This Row],[Trade Income]]-Table1345678[[#This Row],[Other Expenditure]]-Table1345678[[#This Row],[Garrisoned Soldier Cost]]) -> 3799.8025
A19: Babylonia | B19: Meleagros | C19: 2000 | D19: 1000 | E19: 1300000 | F19: 40000 | G19: =Table1345678[[#This Row],[Normal Grain Harvest]]*0.6 -> 9930024 | H19: 16550040 | I19: =Table1345678[[#This Row],[Normal Grain Harvest]]*1.3 -> 21515052 | J19: =(Table1345678[[#This Row],[Population]]*365)/1000 -> 474500 | K19: =Table1345678[[#This Row],[Normal Grain Harvest]]-Table1345678[[#This Row],[Required Grain]] -> 16075540 | L19: =(Table1345678[[#This Row],[Suplus Grain]]/2)/2000 -> 4018.885 | M19: grain, dates, salt | N19: 10 | P19: =(Table1345678[[#This Row],[Tax Income in Talents]]+Table1345678[[#This Row],[Trade Income]]-Table1345678[[#This Row],[Other Expenditure]]-Table1345678[[#This Row],[Garrisoned Soldier Cost]]) -> 3028.885
A20: Media | B20: Peithon | C20: 750 | D20: 750 | E20: 600000 | F20: 22500 | G20: =Table1345678[[#This Row],[Normal Grain Harvest]]*0.6 -> 6206265 | H20: 10343775 | I20: =Table1345678[[#This Row],[Normal Grain Harvest]]*1.3 -> 13446908 | J20: =(Table1345678[[#This Row],[Population]]*365)/1000 -> 219000 | K20: =Table1345678[[#This Row],[Normal Grain Harvest]]-Table1345678[[#This Row],[Required Grain]] -> 10124775 | L20: =(Table1345678[[#This Row],[Suplus Grain]]/2)/2000 -> 2531.1937 | M20: horses, salt | P20: =(Table1345678[[#This Row],[Tax Income in Talents]]+Table1345678[[#This Row],[Trade Income]]-Table1345678[[#This Row],[Other Expenditure]]-Table1345678[[#This Row],[Garrisoned Soldier Cost]]) -> 1781.1937
A21: Elymais | B21: Meleagros | C21: 1000 | D21: 500 | E21: 600000 | F21: 22500 | G21: =Table1345678[[#This Row],[Normal Grain Harvest]]*0.6 -> 4774050 | H21: 7956750 | I21: =Table1345678[[#This Row],[Normal Grain Harvest]]*1.3 -> 10343775 | J21: =(Table1345678[[#This Row],[Population]]*365)/1000 -> 219000 | K21: =Table1345678[[#This Row],[Normal Grain Harvest]]-Table1345678[[#This Row],[Required Grain]] -> 7737750 | L21: =(Table1345678[[#This Row],[Suplus Grain]]/2)/2000 -> 1934.4375 | P21: =(Table1345678[[#This Row],[Tax Income in Talents]]+Table1345678[[#This Row],[Trade Income]]-Table1345678[[#This Row],[Other Expenditure]]-Table1345678[[#This Row],[Garrisoned Soldier Cost]]) -> 1434.4375
A22: Persis | D22: 0 | E22: 1350000 | F22: 27000 | G22: =Table1345678[[#This Row],[Normal Grain Harvest]]*0.6 -> 6454515.6 | H22: 10757526 | I22: =Table1345678[[#This Row],[Normal Grain Harvest]]*1.3 -> 13984784 | J22: =(Table1345678[[#This Row],[Population]]*365)/1000 -> 492750 | K22: =Table1345678[[#This Row],[Normal Grain Harvest]]-Table1345678[[#This Row],[Required Grain]] -> 10264776 | L22: =(Table1345678[[#This Row],[Suplus Grain]]/2)/2000 -> 2566.194 | M22: grain, horses, gold | P22: =(Table1345678[[#This Row],[Tax Income in Talents]]+Table1345678[[#This Row],[Trade Income]]-Table1345678[[#This Row],[Other Expenditure]]-Table1345678[[#This Row],[Garrisoned Soldier Cost]]) -> 2566.194
A23: Drangiane | B23: Peukestas | C23: 1000 | D23: 500 | E23: =2250000*0.4 -> 900000 | F23: 18000 | G23: =Table1345678[[#This Row],[Normal Grain Harvest]]*0.6 -> 4303010.4 | H23: 7171684 | I23: =Table1345678[[#This Row],[Normal Grain Harvest]]*1.3 -> 9323189.2 | J23: =(Table1345678[[#This Row],[Population]]*365)/1000 -> 328500 | K23: =Table1345678[[#This Row],[Normal Grain Harvest]]-Table1345678[[#This Row],[Required Grain]] -> 6843184 | L23: =(Table1345678[[#This Row],[Suplus Grain]]/2)/2000 -> 1710.796 | P23: =(Table1345678[[#This Row],[Tax Income in Talents]]+Table1345678[[#This Row],[Trade Income]]-Table1345678[[#This Row],[Other Expenditure]]-Table1345678[[#This Row],[Garrisoned Soldier Cost]]) -> 1210.796
A24: Aria | B24: Peukestas | C24: 1000 | D24: 500 | E24: 375000 | F24: 3500 | G24: =Table1345678[[#This Row],[Normal Grain Harvest]]*0.6 -> 2689381.5 | H24: 4482302.5 | I24: =Table1345678[[#This Row],[Normal Grain Harvest]]*1.3 -> 5826993.2 | J24: =(Table1345678[[#This Row],[Population]]*365)/1000 -> 136875 | K24: =Table1345678[[#This Row],[Normal Grain Harvest]]-Table1345678[[#This Row],[Required Grain]] -> 4345427.5 | L24: =(Table1345678[[#This Row],[Suplus Grain]]/2)/2000 -> 1086.3569 | P24: =(Table1345678[[#This Row],[Tax Income in Talents]]+Table1345678[[#This Row],[Trade Income]]-Table1345678[[#This Row],[Other Expenditure]]-Table1345678[[#This Row],[Garrisoned Soldier Cost]]) -> 586.35687
A25: Parthia | B25: Peithon | C25: 1000 | D25: 500 | E25: 375000 | F25: 3500 | G25: =Table1345678[[#This Row],[Normal Grain Harvest]]*0.6 -> 2689381.5 | H25: 4482302.5 | I25: =Table1345678[[#This Row],[Normal Grain Harvest]]*1.3 -> 5826993.2 | J25: =(Table1345678[[#This Row],[Population]]*365)/1000 -> 136875 | K25: =Table1345678[[#This Row],[Normal Grain Harvest]]-Table1345678[[#This Row],[Required Grain]] -> 4345427.5 | L25: =(Table1345678[[#This Row],[Suplus Grain]]/2)/2000 -> 1086.3569 | M25: grain | P25: =(Table1345678[[#This Row],[Tax Income in Talents]]+Table1345678[[#This Row],[Trade Income]]-Table1345678[[#This Row],[Other Expenditure]]-Table1345678[[#This Row],[Garrisoned Soldier Cost]]) -> 586.35687
A26: Arachosia | B26: Peukestas | C26: 1000 | D26: 500 | E26: 200000 | F26: 7000 | G26: =Table1345678[[#This Row],[Normal Grain Harvest]]*0.6 -> 2068755 | H26: 3447925 | I26: =Table1345678[[#This Row],[Normal Grain Harvest]]*1.3 -> 4482302.5 | J26: =(Table1345678[[#This Row],[Population]]*365)/1000 -> 73000 | K26: =Table1345678[[#This Row],[Normal Grain Harvest]]-Table1345678[[#This Row],[Required Grain]] -> 3374925 | L26: =(Table1345678[[#This Row],[Suplus Grain]]/2)/2000 -> 843.73125 | P26: =(Table1345678[[#This Row],[Tax Income in Talents]]+Table1345678[[#This Row],[Trade Income]]-Table1345678[[#This Row],[Other Expenditure]]-Table1345678[[#This Row],[Garrisoned Soldier Cost]]) -> 343.73125
A27: Hyrcania | B27: Peithon | C27: 500 | D27: 250 | E27: 200000 | F27: 4000 | G27: =Table1345678[[#This Row],[Normal Grain Harvest]]*0.6 -> 1241253 | H27: 2068755 | I27: =Table1345678[[#This Row],[Normal Grain Harvest]]*1.3 -> 2689381.5 | J27: =(Table1345678[[#This Row],[Population]]*365)/1000 -> 73000 | K27: =Table1345678[[#This Row],[Normal Grain Harvest]]-Table1345678[[#This Row],[Required Grain]] -> 1995755 | L27: =(Table1345678[[#This Row],[Suplus Grain]]/2)/2000 -> 498.93875 | P27: =(Table1345678[[#This Row],[Tax Income in Talents]]+Table1345678[[#This Row],[Trade Income]]-Table1345678[[#This Row],[Other Expenditure]]-Table1345678[[#This Row],[Garrisoned Soldier Cost]]) -> 248.93875
A28: Bactria + Sogdiane | B28: Peukestas | C28: 4000 | D28: 2000 | E28: 800000 | F28: 16000 | G28: =Table1345678[[#This Row],[Normal Grain Harvest]]*0.6 -> 4965012 | H28: 8275020 | I28: =Table1345678[[#This Row],[Normal Grain Harvest]]*1.3 -> 10757526 | J28: =(Table1345678[[#This Row],[Population]]*365)/1000 -> 292000 | K28: =Table1345678[[#This Row],[Normal Grain Harvest]]-Table1345678[[#This Row],[Required Grain]] -> 7983020 | L28: =(Table1345678[[#This Row],[Suplus Grain]]/2)/2000 -> 1995.755 | M28: grain, gold | P28: =(Table1345678[[#This Row],[Tax Income in Talents]]+Table1345678[[#This Row],[Trade Income]]-Table1345678[[#This Row],[Other Expenditure]]-Table1345678[[#This Row],[Garrisoned Soldier Cost]]) -> -4.245
A29: Gedrosia | E29: 7000 | F29: 500 | G29: =Table1345678[[#This Row],[Normal Grain Harvest]]*0.6 -> 8275.02 | H29: 13791.7 | I29: =Table1345678[[#This Row],[Normal Grain Harvest]]*1.3 -> 17929.21 | J29: =(Table1345678[[#This Row],[Population]]*365)/1000 -> 2555 | K29: =Table1345678[[#This Row],[Normal Grain Harvest]]-Table1345678[[#This Row],[Required Grain]] -> 11236.7 | L29: =(Table1345678[[#This Row],[Suplus Grain]]/2)/2000 -> 2.809175 | N29: 2 | P29: =(Table1345678[[#This Row],[Tax Income in Talents]]+Table1345678[[#This Row],[Trade Income]]-Table1345678[[#This Row],[Other Expenditure]]-Table1345678[[#This Row],[Garrisoned Soldier Cost]]) -> 4.809175

Sheet Year 316
A1: Region | B1: Satrap | C1: Garrison Size | D1: Garrisoned Soldier Cost | E1: Population | F1: Potential Troop levy | G1: Low Grain Harvest | H1: Normal Grain Harvest | I1: High Grain Harvest | J1: Required Grain | K1: Suplus Grain | L1: Tax Income in Talents | M1: Top 3 trade resources | N1: Trade Income | O1: Other Expenditure | P1: Revenue - Expenses
A2: Macedonia | B2: Krateros | C2: 800 | D2: =Table13456789[[#This Row],[Garrison Size]]*0.5 -> 400 | E2: 160000 | F2: 12000 | G2: =Table13456789[[#This Row],[Normal Grain Harvest]]*0.6 -> 1655004 | H2: 2758340 | I2: =Table13456789[[#This Row],[Normal Grain Harvest]]*1.3 -> 3585842 | J2: =(Table13456789[[#This Row],[Population]]*365)/1000 -> 58400 | K2: =Table13456789[[#This Row],[Low Grain Harvest]]-Table13456789[[#This Row],[Required Grain]] -> 1596604 | L2: =(Table13456789[[#This Row],[Suplus Grain]]/2)/2000 -> 399.151 | M2: timber, gold, silver | P2: =(Table13456789[[#This Row],[Tax Income in Talents]]+Table13456789[[#This Row],[Trade Income]]-Table13456789[[#This Row],[Other Expenditure]]-Table13456789[[#This Row],[Garrisoned Soldier Cost]]) -> -0.849
A3: Thrace | B3: Krateros | C3: 800 | D3: =Table13456789[[#This Row],[Garrison Size]]*0.5 -> 400 | E3: 160000 | F3: 7000 | G3: =Table13456789[[#This Row],[Normal Grain Harvest]]*0.6 -> 1655004 | H3: 2758340 | I3: =Table13456789[[#This Row],[Normal Grain Harvest]]*1.3 -> 3585842 | J3: =(Table13456789[[#This Row],[Population]]*365)/1000 -> 58400 | K3: =Table13456789[[#This Row],[Low Grain Harvest]]-Table13456789[[#This Row],[Required Grain]] -> 1596604 | L3: =(Table13456789[[#This Row],[Suplus Grain]]/2)/2000 -> 399.151 | M3: gold, tin, silver | P3: =(Table13456789[[#This Row],[Tax Income in Talents]]+Table13456789[[#This Row],[Trade Income]]-Table13456789[[#This Row],[Other Expenditure]]-Table13456789[[#This Row],[Garrisoned Soldier Cost]]) -> -0.849
A4: Paphlogonia | C4: =800*3 -> 2400 | D4: =Table13456789[[#This Row],[Garrison Size]]*0.5 -> 1200 | E4: 400000 | F4: 15000 | G4: =Table13456789[[#This Row],[Normal Grain Harvest]]*0.6 -> 3437316 | H4: 5728860 | I4: =Table13456789[[#This Row],[Normal Grain Harvest]]*1.3 -> 7447518 | J4: =(Table13456789[[#This Row],[Population]]*365)/1000 -> 146000 | K4: =Table13456789[[#This Row],[Low Grain Harvest]]-Table13456789[[#This Row],[Required Grain]] -> 3291316 | L4: =(Table13456789[[#This Row],[Suplus Grain]]/2)/2000 -> 822.829 | M4: fish | P4: =(Table13456789[[#This Row],[Tax Income in Talents]]+Table13456789[[#This Row],[Trade Income]]-Table13456789[[#This Row],[Other Expenditure]]-Table13456789[[#This Row],[Garrisoned Soldier Cost]]) -> -377.171
A5: Greece | C5: 2400 | D5: =Table13456789[[#This Row],[Garrison Size]]*0.5 -> 1200 | E5: 360000 | F5: 15000 | G5: =Table13456789[[#This Row],[Normal Grain Harvest]]*0.6 -> 4468510.8 | H5: 7447518 | I5: =Table13456789[[#This Row],[Normal Grain Harvest]]*1.3 -> 9681773.4 | J5: =(Table13456789[[#This Row],[Population]]*365)/1000 -> 131400 | K5: =Table13456789[[#This Row],[Low Grain Harvest]]-Table13456789[[#This Row],[Required Grain]] -> 4337110.8 | L5: =(Table13456789[[#This Row],[Suplus Grain]]/2)/2000 -> 1084.2777 | M5: fish | N5: 200 | P5: =(Table13456789[[#This Row],[Tax Income in Talents]]+Table13456789[[#This Row],[Trade Income]]-Table13456789[[#This Row],[Other Expenditure]]-Table13456789[[#This Row],[Garrisoned Soldier Cost]]) -> 84.2777
A6: Bosphorus | C6: 2400 | D6: =Table13456789[[#This Row],[Garrison Size]]*0.5 -> 1200 | E6: 400000 | F6: 13000 | G6: =Table13456789[[#This Row],[Normal Grain Harvest]]*0.6 -> 3437316 | H6: 5728860 | I6: =Table13456789[[#This Row],[Normal Grain Harvest]]*1.3 -> 7447518 | J6: =(Table13456789[[#This Row],[Population]]*365)/1000 -> 146000 | K6: =Table13456789[[#This Row],[Low Grain Harvest]]-Table13456789[[#This Row],[Required Grain]] -> 3291316 | L6: =(Table13456789[[#This Row],[Suplus Grain]]/2)/2000 -> 822.829 | M6: fish | P6: =(Table13456789[[#This Row],[Tax Income in Talents]]+Table13456789[[#This Row],[Trade Income]]-Table13456789[[#This Row],[Other Expenditure]]-Table13456789[[#This Row],[Garrisoned Soldier Cost]]) -> -377.171
A7: Ionia | B7: Demetrios | C7: 2400 | D7: =Table13456789[[#This Row],[Garrison Size]]*0.5 -> 1200 | E7: 400000 | F7: 13000 | G7: =Table13456789[[#This Row],[Normal Grain Harvest]]*0.6 -> 3437316 | H7: 5728860 | I7: =Table13456789[[#This Row],[Normal Grain Harvest]]*1.3 -> 7447518 | J7: =(Table13456789[[#This Row],[Population]]*365)/1000 -> 146000 | K7: =Table13456789[[#This Row],[Low Grain Harvest]]-Table13456789[[#This Row],[Required Grain]] -> 3291316 | L7: =(Table13456789[[#This Row],[Suplus Grain]]/2)/2000 -> 822.829 | M7: fish | P7: =(Table13456789[[#This Row],[Tax Income in Talents]]+Table13456789[[#This Row],[Trade Income]]-Table13456789[[#This Row],[Other Expenditure]]-Table13456789[[#This Row],[Garrisoned Soldier Cost]]) -> -377.171
A8: Mysia | B8: Demetrios | C8: 2400 | D8: =Table13456789[[#This Row],[Garrison Size]]*0.5 -> 1200 | E8: 400000 | F8: 10000 | G8: =Table13456789[[#This Row],[Normal Grain Harvest]]*0.6 -> 3437316 | H8: 5728860 | I8: =Table13456789[[#This Row],[Normal Grain Harvest]]*1.3 -> 7447518 | J8: =(Table13456789[[#This Row],[Population]]*365)/1000 -> 146000 | K8: =Table13456789[[#This Row],[Low Grain Harvest]]-Table13456789[[#This Row],[Required Grain]] -> 3291316 | L8: =(Table13456789[[#This Row],[Suplus Grain]]/2)/2000 -> 822.829 | M8: produce | P8: =(Table13456789[[#This Row],[Tax Income in Talents]]+Table13456789[[#This Row],[Trade Income]]-Table13456789[[#This Row],[Other Expenditure]]-Table13456789[[#This Row],[Garrisoned Soldier Cost]]) -> -377.171
A9: Phrygia | B9: Demetrios | C9: 2400 | D9: =Table13456789[[#This Row],[Garrison Size]]*0.5 -> 1200 | E9: 400000 | F9: 20000 | G9: =Table13456789[[#This Row],[Normal Grain Harvest]]*0.6 -> 3437316 | H9: 5728860 | I9: =Table13456789[[#This Row],[Normal Grain Harvest]]*1.3 -> 7447518 | J9: =(Table13456789[[#This Row],[Population]]*365)/1000 -> 146000 | K9: =Table13456789[[#This Row],[Low Grain Harvest]]-Table13456789[[#This Row],[Required Grain]] -> 3291316 | L9: =(Table13456789[[#This Row],[Suplus Grain]]/2)/2000 -> 822.829 | M9: gold | P9: =(Table13456789[[#This Row],[Tax Income in Talents]]+Table13456789[[#This Row],[Trade Income]]-Table13456789[[#This Row],[Other Expenditure]]-Table13456789[[#This Row],[Garrisoned Soldier Cost]]) -> -377.171
A10: Lydia | B10: Demetrios | C10: 1600 | D10: =Table13456789[[#This Row],[Garrison Size]]*0.5 -> 800 | E10: 400000 | F10: 20000 | G10: =Table13456789[[#This Row],[Normal Grain Harvest]]*0.6 -> 3437316 | H10: 5728860 | I10: =Table13456789[[#This Row],[Normal Grain Harvest]]*1.3 -> 7447518 | J10: =(Table13456789[[#This Row],[Population]]*365)/1000 -> 146000 | K10: =Table13456789[[#This Row],[Low Grain Harvest]]-Table13456789[[#This Row],[Required Grain]] -> 3291316 | L10: =(Table13456789[[#This Row],[Suplus Grain]]/2)/2000 -> 822.829 | M10: grain | P10: =(Table13456789[[#This Row],[Tax Income in Talents]]+Table13456789[[#This Row],[Trade Income]]-Table13456789[[#This Row],[Other Expenditure]]-Table13456789[[#This Row],[Garrisoned Soldier Cost]]) -> 22.829
A11: Capadocia | C11: 3200 | D11: =Table13456789[[#This Row],[Garrison Size]]*0.5 -> 1600 | E11: 320000 | F11: 20000 | G11: =Table13456789[[#This Row],[Normal Grain Harvest]]*0.6 -> 3437316 | H11: 5728860 | I11: =Table13456789[[#This Row],[Normal Grain Harvest]]*1.3 -> 7447518 | J11: =(Table13456789[[#This Row],[Population]]*365)/1000 -> 116800 | K11: =Table13456789[[#This Row],[Low Grain Harvest]]-Table13456789[[#This Row],[Required Grain]] -> 3320516 | L11: =(Table13456789[[#This Row],[Suplus Grain]]/2)/2000 -> 830.129 | M11: tin | P11: =(Table13456789[[#This Row],[Tax Income in Talents]]+Table13456789[[#This Row],[Trade Income]]-Table13456789[[#This Row],[Other Expenditure]]-Table13456789[[#This Row],[Garrisoned Soldier Cost]]) -> -769.871
A12: Kilikia | B12: Meleagros/Peithon | C12: 1200 | D12: =Table13456789[[#This Row],[Garrison Size]]*0.5 -> 600 | E12: 600000 | F12: 15000 | G12: =Table13456789[[#This Row],[Normal Grain Harvest]]*0.6 -> 3437316 | H12: 5728860 | I12: =Table13456789[[#This Row],[Normal Grain Harvest]]*1.3 -> 7447518 | J12: =(Table13456789[[#This Row],[Population]]*365)/1000 -> 219000 | K12: =Table13456789[[#This Row],[Low Grain Harvest]]-Table13456789[[#This Row],[Required Grain]] -> 3218316 | L12: =(Table13456789[[#This Row],[Suplus Grain]]/2)/2000 -> 804.579 | M12: timber | P12: =(Table13456789[[#This Row],[Tax Income in Talents]]+Table13456789[[#This Row],[Trade Income]]-Table13456789[[#This Row],[Other Expenditure]]-Table13456789[[#This Row],[Garrisoned Soldier Cost]]) -> 204.579
A13: Syria | B13: Meleagros | C13: 800 | D13: =Table13456789[[#This Row],[Garrison Size]]*0.5 -> 400 | E13: 400000 | F13: 10000 | G13: =Table13456789[[#This Row],[Normal Grain Harvest]]*0.6 -> 2482506 | H13: 4137510 | I13: =Table13456789[[#This Row],[Normal Grain Harvest]]*1.3 -> 5378763 | J13: =(Table13456789[[#This Row],[Population]]*365)/1000 -> 146000 | K13: =Table13456789[[#This Row],[Low Grain Harvest]]-Table13456789[[#This Row],[Required Grain]] -> 2336506 | L13: =(Table13456789[[#This Row],[Suplus Grain]]/2)/2000 -> 584.1265 | M13: timber, dyes | P13: =(Table13456789[[#This Row],[Tax Income in Talents]]+Table13456789[[#This Row],[Trade Income]]-Table13456789[[#This Row],[Other Expenditure]]-Table13456789[[#This Row],[Garrisoned Soldier Cost]]) -> 184.1265
A14: Koile Syria | B14: Ptolemy | C14: 2400 | D14: =Table13456789[[#This Row],[Garrison Size]]*0.5 -> 1200 | E14: 400000 | F14: 15000 | G14: =Table13456789[[#This Row],[Normal Grain Harvest]]*0.6 -> 1909620 | H14: 3182700 | I14: =Table13456789[[#This Row],[Normal Grain Harvest]]*1.3 -> 4137510 | J14: =(Table13456789[[#This Row],[Population]]*365)/1000 -> 146000 | K14: =Table13456789[[#This Row],[Low Grain Harvest]]-Table13456789[[#This Row],[Required Grain]] -> 1763620 | L14: =(Table13456789[[#This Row],[Suplus Grain]]/2)/2000 -> 440.905 | M14: timber, dyes | P14: =(Table13456789[[#This Row],[Tax Income in Talents]]+Table13456789[[#This Row],[Trade Income]]-Table13456789[[#This Row],[Other Expenditure]]-Table13456789[[#This Row],[Garrisoned Soldier Cost]]) -> -759.095
A15: Cyrene | B15: Ptolemy | C15: 400 | D15: =Table13456789[[#This Row],[Garrison Size]]*0.5 -> 200 | E15: 800000 | F15: 20000 | G15: =Table13456789[[#This Row],[Normal Grain Harvest]]*0.6 -> 3819240 | H15: 6365400 | I15: =Table13456789[[#This Row],[Normal Grain Harvest]]*1.3 -> 8275020 | J15: =(Table13456789[[#This Row],[Population]]*365)/1000 -> 292000 | K15: =Table13456789[[#This Row],[Low Grain Harvest]]-Table13456789[[#This Row],[Required Grain]] -> 3527240 | L15: =(Table13456789[[#This Row],[Suplus Grain]]/2)/2000 -> 881.81 | M15: timber, dyes | P15: =(Table13456789[[#This Row],[Tax Income in Talents]]+Table13456789[[#This Row],[Trade Income]]-Table13456789[[#This Row],[Other Expenditure]]-Table13456789[[#This Row],[Garrisoned Soldier Cost]]) -> 681.81
A16: Cyprus | B16: Ptolemy | C16: 400 | D16: =Table13456789[[#This Row],[Garrison Size]]*0.5 -> 200 | E16: 400000 | F16: 10000 | G16: =Table13456789[[#This Row],[Normal Grain Harvest]]*0.6 -> 1909620 | H16: 3182700 | I16: =Table13456789[[#This Row],[Normal Grain Harvest]]*1.3 -> 4137510 | J16: =(Table13456789[[#This Row],[Population]]*365)/1000 -> 146000 | K16: =Table13456789[[#This Row],[Low Grain Harvest]]-Table13456789[[#This Row],[Required Grain]] -> 1763620 | L16: =(Table13456789[[#This Row],[Suplus Grain]]/2)/2000 -> 440.905 | M16: timber, copper | P16: =(Table13456789[[#This Row],[Tax Income in Talents]]+Table13456789[[#This Row],[Trade Income]]-Table13456789[[#This Row],[Other Expenditure]]-Table13456789[[#This Row],[Garrisoned Soldier Cost]]) -> 240.905
A17: Egypt | B17: Ptolemy | C17: =4500*0.98 -> 4410 | D17: =Table13456789[[#This Row],[Garrison Size]]*0.5 -> 2205 | E17: 2800000 | F17: 80000 | G17: =Table13456789[[#This Row],[Normal Grain Harvest]]*0.6 -> 15650200 | H17: 26083667 | I17: =Table13456789[[#This Row],[Normal Grain Harvest]]*1.3 -> 33908767 | J17: =(Table13456789[[#This Row],[Population]]*365)/1000 -> 1022000 | K17: =Table13456789[[#This Row],[Low Grain Harvest]]-Table13456789[[#This Row],[Required Grain]] -> 14628200 | L17: =(Table13456789[[#This Row],[Suplus Grain]]/2)/2000 -> 3657.0501 | P17: =(Table13456789[[#This Row],[Tax Income in Talents]]+Table13456789[[#This Row],[Trade Income]]-Table13456789[[#This Row],[Other Expenditure]]-Table13456789[[#This Row],[Garrisoned Soldier Cost]]) -> 1452.0501
A18: Mesopotamia | B18: Kassander | C18: 800 | D18: =Table13456789[[#This Row],[Garrison Size]]*0.5 -> 400 | E18: 1600000 | F18: 45000 | G18: =Table13456789[[#This Row],[Normal Grain Harvest]]*0.6 -> 8606020.8 | H18: 14343368 | I18: =Table13456789[[#This Row],[Normal Grain Harvest]]*1.3 -> 18646378 | J18: =(Table13456789[[#This Row],[Population]]*365)/1000 -> 584000 | K18: =Table13456789[[#This Row],[Low Grain Harvest]]-Table13456789[[#This Row],[Required Grain]] -> 8022020.8 | L18: =(Table13456789[[#This Row],[Suplus Grain]]/2)/2000 -> 2005.5052 | M18: grain, dates, salt | P18: =(Table13456789[[#This Row],[Tax Income in Talents]]+Table13456789[[#This Row],[Trade Income]]-Table13456789[[#This Row],[Other Expenditure]]-Table13456789[[#This Row],[Garrisoned Soldier Cost]]) -> 1605.5052
A19: Babylonia | B19: Meleagros | C19: =2000*0.98 -> 1960 | D19: =Table13456789[[#This Row],[Garrison Size]]*0.5 -> 980 | E19: 1040000 | F19: 40000 | G19: =Table13456789[[#This Row],[Normal Grain Harvest]]*0.6 -> 7944019.2 | H19: 13240032 | I19: =Table13456789[[#This Row],[Normal Grain Harvest]]*1.3 -> 17212042 | J19: =(Table13456789[[#This Row],[Population]]*365)/1000 -> 379600 | K19: =Table13456789[[#This Row],[Low Grain Harvest]]-Table13456789[[#This Row],[Required Grain]] -> 7564419.2 | L19: =(Table13456789[[#This Row],[Suplus Grain]]/2)/2000 -> 1891.1048 | M19: grain, dates, salt | N19: 10 | P19: =(Table13456789[[#This Row],[Tax Income in Talents]]+Table13456789[[#This Row],[Trade Income]]-Table13456789[[#This Row],[Other Expenditure]]-Table13456789[[#This Row],[Garrisoned Soldier Cost]]) -> 921.1048
A20: Media | B20: Peithon | C20: =750*0.8 -> 600 | D20: =Table13456789[[#This Row],[Garrison Size]]*0.5 -> 300 | E20: 480000 | F20: 22500 | G20: =Table13456789[[#This Row],[Normal Grain Harvest]]*0.6 -> 4965012 | H20: 8275020 | I20: =Table13456789[[#This Row],[Normal Grain Harvest]]*1.3 -> 10757526 | J20: =(Table13456789[[#This Row],[Population]]*365)/1000 -> 175200 | K20: =Table13456789[[#This Row],[Low Grain Harvest]]-Table13456789[[#This Row],[Required Grain]] -> 4789812 | L20: =(Table13456789[[#This Row],[Suplus Grain]]/2)/2000 -> 1197.453 | M20: horses, salt | P20: =(Table13456789[[#This Row],[Tax Income in Talents]]+Table13456789[[#This Row],[Trade Income]]-Table13456789[[#This Row],[Other Expenditure]]-Table13456789[[#This Row],[Garrisoned Soldier Cost]]) -> 897.453
A21: Elymais | B21: Leonnatus | C21: 1000 | D21: =Table13456789[[#This Row],[Garrison Size]]*0.5 -> 500 | E21: =1.2*480000 -> 576000 | F21: =1.2*22500 -> 27000 | G21: =Table13456789[[#This Row],[Normal Grain Harvest]]*0.6 -> 4774050 | H21: 7956750 | I21: =Table13456789[[#This Row],[Normal Grain Harvest]]*1.3 -> 10343775 | J21: =(Table13456789[[#This Row],[Population]]*365)/1000 -> 210240 | K21: =Table13456789[[#This Row],[Normal Grain Harvest]]-Table13456789[[#This Row],[Required Grain]] -> 7746510 | L21: =(Table13456789[[#This Row],[Suplus Grain]]/2)/2000 -> 1936.6275 | P21: =(Table13456789[[#This Row],[Tax Income in Talents]]+Table13456789[[#This Row],[Trade Income]]-Table13456789[[#This Row],[Other Expenditure]]-Table13456789[[#This Row],[Garrisoned Soldier Cost]]) -> 1436.6275
A22: Persis | B22: Leonnatus | C22: 1000 | D22: =Table13456789[[#This Row],[Garrison Size]]*0.5 -> 500 | E22: =1.2*1080000 -> 1296000 | F22: =1.2*27000 -> 32400 | G22: =Table13456789[[#This Row],[Normal Grain Harvest]]*0.6 -> 6454515.6 | H22: 10757526 | I22: =Table13456789[[#This Row],[Normal Grain Harvest]]*1.3 -> 13984784 | J22: =(Table13456789[[#This Row],[Population]]*365)/1000 -> 473040 | K22: =Table13456789[[#This Row],[Normal Grain Harvest]]-Table13456789[[#This Row],[Required Grain]] -> 10284486 | L22: =(Table13456789[[#This Row],[Suplus Grain]]/2)/2000 -> 2571.1215 | M22: grain, horses, gold | P22: =(Table13456789[[#This Row],[Tax Income in Talents]]+Table13456789[[#This Row],[Trade Income]]-Table13456789[[#This Row],[Other Expenditure]]-Table13456789[[#This Row],[Garrisoned Soldier Cost]]) -> 2071.1215
A23: Drangiane | B23: Peukestas | C23: 800 | D23: =Table13456789[[#This Row],[Garrison Size]]*0.5 -> 400 | E23: 720000 | F23: 18000 | G23: =Table13456789[[#This Row],[Normal Grain Harvest]]*0.6 -> 3442408.3 | H23: 5737347.2 | I23: =Table13456789[[#This Row],[Normal Grain Harvest]]*1.3 -> 7458551.4 | J23: =(Table13456789[[#This Row],[Population]]*365)/1000 -> 262800 | K23: =Table13456789[[#This Row],[Low Grain Harvest]]-Table13456789[[#This Row],[Required Grain]] -> 3179608.3 | L23: =(Table13456789[[#This Row],[Suplus Grain]]/2)/2000 -> 794.90208 | P23: =(Table13456789[[#This Row],[Tax Income in Talents]]+Table13456789[[#This Row],[Trade Income]]-Table13456789[[#This Row],[Other Expenditure]]-Table13456789[[#This Row],[Garrisoned Soldier Cost]]) -> 394.90208
A24: Aria | B24: Peukestas | C24: 800 | D24: =Table13456789[[#This Row],[Garrison Size]]*0.5 -> 400 | E24: 300000 | F24: 3500 | G24: =Table13456789[[#This Row],[Normal Grain Harvest]]*0.6 -> 2151505.2 | H24: 3585842 | I24: =Table13456789[[#This Row],[Normal Grain Harvest]]*1.3 -> 4661594.6 | J24: =(Table13456789[[#This Row],[Population]]*365)/1000 -> 109500 | K24: =Table13456789[[#This Row],[Low Grain Harvest]]-Table13456789[[#This Row],[Required Grain]] -> 2042005.2 | L24: =(Table13456789[[#This Row],[Suplus Grain]]/2)/2000 -> 510.5013 | P24: =(Table13456789[[#This Row],[Tax Income in Talents]]+Table13456789[[#This Row],[Trade Income]]-Table13456789[[#This Row],[Other Expenditure]]-Table13456789[[#This Row],[Garrisoned Soldier Cost]]) -> 110.5013
A25: Parthia | B25: Peithon | C25: 800 | D25: =Table13456789[[#This Row],[Garrison Size]]*0.5 -> 400 | E25: 300000 | F25: 3500 | G25: =Table13456789[[#This Row],[Normal Grain Harvest]]*0.6 -> 2151505.2 | H25: 3585842 | I25: =Table13456789[[#This Row],[Normal Grain Harvest]]*1.3 -> 4661594.6 | J25: =(Table13456789[[#This Row],[Population]]*365)/1000 -> 109500 | K25: =Table13456789[[#This Row],[Low Grain Harvest]]-Table13456789[[#This Row],[Required Grain]] -> 2042005.2 | L25: =(Table13456789[[#This Row],[Suplus Grain]]/2)/2000 -> 510.5013 | M25: grain | P25: =(Table13456789[[#This Row],[Tax Income in Talents]]+Table13456789[[#This Row],[Trade Income]]-Table13456789[[#This Row],[Other Expenditure]]-Table13456789[[#This Row],[Garrisoned Soldier Cost]]) -> 110.5013
A26: Arachosia | B26: Peukestas | C26: 800 | D26: =Table13456789[[#This Row],[Garrison Size]]*0.5 -> 400 | E26: 200000 | F26: 7000 | G26: =Table13456789[[#This Row],[Normal Grain Harvest]]*0.6 -> 1655004 | H26: 2758340 | I26: =Table13456789[[#This Row],[Normal Grain Harvest]]*1.3 -> 3585842 | J26: =(Table13456789[[#This Row],[Population]]*365)/1000 -> 73000 | K26: =Table13456789[[#This Row],[Low Grain Harvest]]-Table13456789[[#This Row],[Required Grain]] -> 1582004 | L26: =(Table13456789[[#This Row],[Suplus Grain]]/2)/2000 -> 395.501 | P26: =(Table13456789[[#This Row],[Tax Income in Talents]]+Table13456789[[#This Row],[Trade Income]]-Table13456789[[#This Row],[Other Expenditure]]-Table13456789[[#This Row],[Garrisoned Soldier Cost]]) -> -4.499
A27: Hyrcania | B27: Peithon | C27: 400 | D27: =Table13456789[[#This Row],[Garrison Size]]*0.5 -> 200 | E27: 200000 | F27: 4000 | G27: =Table13456789[[#This Row],[Normal Grain Harvest]]*0.6 -> 993002.4 | H27: 1655004 | I27: =Table13456789[[#This Row],[Normal Grain Harvest]]*1.3 -> 2151505.2 | J27: =(Table13456789[[#This Row],[Population]]*365)/1000 -> 73000 | K27: =Table13456789[[#This Row],[Low Grain Harvest]]-Table13456789[[#This Row],[Required Grain]] -> 920002.4 | L27: =(Table13456789[[#This Row],[Suplus Grain]]/2)/2000 -> 230.0006 | P27: =(Table13456789[[#This Row],[Tax Income in Talents]]+Table13456789[[#This Row],[Trade Income]]-Table13456789[[#This Row],[Other Expenditure]]-Table13456789[[#This Row],[Garrisoned Soldier Cost]]) -> 30.0006
A28: Bactria + Sogdiane | B28: Peukestas | C28: 4800 | D28: =Table13456789[[#This Row],[Garrison Size]]*0.5 -> 2400 | E28: =1.2*800000 -> 960000 | F28: 16000 | G28: =Table13456789[[#This Row],[Normal Grain Harvest]]*0.6 -> 4965012 | H28: 8275020 | I28: =Table13456789[[#This Row],[Normal Grain Harvest]]*1.3 -> 10757526 | J28: =(Table13456789[[#This Row],[Population]]*365)/1000 -> 350400 | K28: =Table13456789[[#This Row],[Normal Grain Harvest]]-Table13456789[[#This Row],[Required Grain]] -> 7924620 | L28: =(Table13456789[[#This Row],[Suplus Grain]]/2)/2000 -> 1981.155 | M28: grain, gold | P28: =(Table13456789[[#This Row],[Tax Income in Talents]]+Table13456789[[#This Row],[Trade Income]]-Table13456789[[#This Row],[Other Expenditure]]-Table13456789[[#This Row],[Garrisoned Soldier Cost]]) -> -418.845
A29: Gedrosia | B29: Leonnatus | E29: =1.2*7000 -> 8400 | F29: 500 | G29: =Table13456789[[#This Row],[Normal Grain Harvest]]*0.6 -> 8275.02 | H29: 13791.7 | I29: =Table13456789[[#This Row],[Normal Grain Harvest]]*1.3 -> 17929.21 | J29: =(Table13456789[[#This Row],[Population]]*365)/1000 -> 3066 | K29: =Table13456789[[#This Row],[Normal Grain Harvest]]-Table13456789[[#This Row],[Required Grain]] -> 10725.7 | L29: =(Table13456789[[#This Row],[Suplus Grain]]/2)/2000 -> 2.681425 | N29: 2 | P29: =(Table13456789[[#This Row],[Tax Income in Talents]]+Table13456789[[#This Row],[Trade Income]]-Table13456789[[#This Row],[Other Expenditure]]-Table13456789[[#This Row],[Garrisoned Soldier Cost]]) -> 4.681425

Sheet Year 315
A1: Region | B1: Satrap | C1: Garrison Size | D1: Garrisoned Soldier Cost | E1: Population | F1: Potential Troop levy | G1: Low Grain Harvest | H1: Normal Grain Harvest | I1: High Grain Harvest | J1: Required Grain | K1: Suplus Grain | L1: Tax Income in Talents | M1: Top 3 trade resources | N1: Trade Income | O1: Other Expenditure | P1: Revenue - Expenses
A2: Macedonia | B2: Krateros | C2: 800 | D2: =Table1345678910[[#This Row],[Garrison Size]]*0.5 -> 400 | E2: 160000 | F2: 12000 | G2: =Table1345678910[[#This Row],[Normal Grain Harvest]]*0.6 -> 1655004 | H2: 2758340 | I2: =Table1345678910[[#This Row],[Normal Grain Harvest]]*1.3 -> 3585842 | J2: =(Table1345678910[[#This Row],[Population]]*365)/1000 -> 58400 | K2: =Table1345678910[[#This Row],[High Grain Harvest]]-Table1345678910[[#This Row],[Required Grain]] -> 3527442 | L2: =(Table1345678910[[#This Row],[Suplus Grain]]/2)/2000 -> 881.8605 | M2: timber, gold, silver | P2: =(Table1345678910[[#This Row],[Tax Income in Talents]]+Table1345678910[[#This Row],[Trade Income]]-Table1345678910[[#This Row],[Other Expenditure]]-Table1345678910[[#This Row],[Garrisoned Soldier Cost]]) -> 481.8605
A3: Thrace | B3: Krateros | C3: 800 | D3: =Table1345678910[[#This Row],[Garrison Size]]*0.5 -> 400 | E3: 160000 | F3: 7000 | G3: =Table1345678910[[#This Row],[Normal Grain Harvest]]*0.6 -> 1655004 | H3: 2758340 | I3: =Table1345678910[[#This Row],[Normal Grain Harvest]]*1.3 -> 3585842 | J3: =(Table1345678910[[#This Row],[Population]]*365)/1000 -> 58400 | K3: =Table1345678910[[#This Row],[High Grain Harvest]]-Table1345678910[[#This Row],[Required Grain]] -> 3527442 | L3: =(Table1345678910[[#This Row],[Suplus Grain]]/2)/2000 -> 881.8605 | M3: gold, tin, silver | P3: =(Table1345678910[[#This Row],[Tax Income in Talents]]+Table1345678910[[#This Row],[Trade Income]]-Table1345678910[[#This Row],[Other Expenditure]]-Table1345678910[[#This Row],[Garrisoned Soldier Cost]]) -> 481.8605
A4: Paphlogonia | C4: =800*3 -> 2400 | D4: =Table1345678910[[#This Row],[Garrison Size]]*0.5 -> 1200 | E4: 400000 | F4: 15000 | G4: =Table1345678910[[#This Row],[Normal Grain Harvest]]*0.6 -> 3437316 | H4: 5728860 | I4: =Table1345678910[[#This Row],[Normal Grain Harvest]]*1.3 -> 7447518 | J4: =(Table1345678910[[#This Row],[Population]]*365)/1000 -> 146000 | K4: =Table1345678910[[#This Row],[Low Grain Harvest]]-Table1345678910[[#This Row],[Required Grain]] -> 3291316 | L4: =(Table1345678910[[#This Row],[Suplus Grain]]/2)/2000 -> 822.829 | M4: fish | P4: =(Table1345678910[[#This Row],[Tax Income in Talents]]+Table1345678910[[#This Row],[Trade Income]]-Table1345678910[[#This Row],[Other Expenditure]]-Table1345678910[[#This Row],[Garrisoned Soldier Cost]]) -> -377.171
A5: Greece | C5: 2400 | D5: =Table1345678910[[#This Row],[Garrison Size]]*0.5 -> 1200 | E5: 360000 | F5: 15000 | G5: =Table1345678910[[#This Row],[Normal Grain Harvest]]*0.6 -> 4468510.8 | H5: 7447518 | I5: =Table1345678910[[#This Row],[Normal Grain Harvest]]*1.3 -> 9681773.4 | J5: =(Table1345678910[[#This Row],[Population]]*365)/1000 -> 131400 | K5: =Table1345678910[[#This Row],[Low Grain Harvest]]-Table1345678910[[#This Row],[Required Grain]] -> 4337110.8 | L5: =(Table1345678910[[#This Row],[Suplus Grain]]/2)/2000 -> 1084.2777 | M5: fish | N5: 200 | P5: =(Table1345678910[[#This Row],[Tax Income in Talents]]+Table1345678910[[#This Row],[Trade Income]]-Table1345678910[[#This Row],[Other Expenditure]]-Table1345678910[[#This Row],[Garrisoned Soldier Cost]]) -> 84.2777
A6: Bosphorus | C6: 2400 | D6: =Table1345678910[[#This Row],[Garrison Size]]*0.5 -> 1200 | E6: 400000 | F6: 13000 | G6: =Table1345678910[[#This Row],[Normal Grain Harvest]]*0.6 -> 3437316 | H6: 5728860 | I6: =Table1345678910[[#This Row],[Normal Grain Harvest]]*1.3 -> 7447518 | J6: =(Table1345678910[[#This Row],[Population]]*365)/1000 -> 146000 | K6: =Table1345678910[[#This Row],[Low Grain Harvest]]-Table1345678910[[#This Row],[Required Grain]] -> 3291316 | L6: =(Table1345678910[[#This Row],[Suplus Grain]]/2)/2000 -> 822.829 | M6: fish | P6: =(Table1345678910[[#This Row],[Tax Income in Talents]]+Table1345678910[[#This Row],[Trade Income]]-Table1345678910[[#This Row],[Other Expenditure]]-Table1345678910[[#This Row],[Garrisoned Soldier Cost]]) -> -377.171
A7: Ionia | B7: Demetrios | C7: 2400 | D7: =Table1345678910[[#This Row],[Garrison Size]]*0.5 -> 1200 | E7: 400000 | F7: 13000 | G7: =Table1345678910[[#This Row],[Normal Grain Harvest]]*0.6 -> 3437316 | H7: 5728860 | I7: =Table1345678910[[#This Row],[Normal Grain Harvest]]*1.3 -> 7447518 | J7: =(Table1345678910[[#This Row],[Population]]*365)/1000 -> 146000 | K7: =Table1345678910[[#This Row],[Normal Grain Harvest]]-Table1345678910[[#This Row],[Required Grain]] -> 5582860 | L7: =(Table1345678910[[#This Row],[Suplus Grain]]/2)/2000 -> 1395.715 | M7: fish | P7: =(Table1345678910[[#This Row],[Tax Income in Talents]]+Table1345678910[[#This Row],[Trade Income]]-Table1345678910[[#This Row],[Other Expenditure]]-Table1345678910[[#This Row],[Garrisoned Soldier Cost]]) -> 195.715
A8: Mysia | B8: Demetrios | C8: 2400 | D8: =Table1345678910[[#This Row],[Garrison Size]]*0.5 -> 1200 | E8: 400000 | F8: 10000 | G8: =Table1345678910[[#This Row],[Normal Grain Harvest]]*0.6 -> 3437316 | H8: 5728860 | I8: =Table1345678910[[#This Row],[Normal Grain Harvest]]*1.3 -> 7447518 | J8: =(Table1345678910[[#This Row],[Population]]*365)/1000 -> 146000 | K8: =Table1345678910[[#This Row],[Normal Grain Harvest]]-Table1345678910[[#This Row],[Required Grain]] -> 5582860 | L8: =(Table1345678910[[#This Row],[Suplus Grain]]/2)/2000 -> 1395.715 | M8: produce | P8: =(Table1345678910[[#This Row],[Tax Income in Talents]]+Table1345678910[[#This Row],[Trade Income]]-Table1345678910[[#This Row],[Other Expenditure]]-Table1345678910[[#This Row],[Garrisoned Soldier Cost]]) -> 195.715
A9: Phrygia | B9: Demetrios | C9: 2400 | D9: =Table1345678910[[#This Row],[Garrison Size]]*0.5 -> 1200 | E9: 400000 | F9: 20000 | G9: =Table1345678910[[#This Row],[Normal Grain Harvest]]*0.6 -> 3437316 | H9: 5728860 | I9: =Table1345678910[[#This Row],[Normal Grain Harvest]]*1.3 -> 7447518 | J9: =(Table1345678910[[#This Row],[Population]]*365)/1000 -> 146000 | K9: =Table1345678910[[#This Row],[Normal Grain Harvest]]-Table1345678910[[#This Row],[Required Grain]] -> 5582860 | L9: =(Table1345678910[[#This Row],[Suplus Grain]]/2)/2000 -> 1395.715 | M9: gold | P9: =(Table1345678910[[#This Row],[Tax Income in Talents]]+Table1345678910[[#This Row],[Trade Income]]-Table1345678910[[#This Row],[Other Expenditure]]-Table1345678910[[#This Row],[Garrisoned Soldier Cost]]) -> 195.715
A10: Lydia | B10: Demetrios | C10: 1600 | D10: =Table1345678910[[#This Row],[Garrison Size]]*0.5 -> 800 | E10: 400000 | F10: 20000 | G10: =Table1345678910[[#This Row],[Normal Grain Harvest]]*0.6 -> 3437316 | H10: 5728860 | I10: =Table1345678910[[#This Row],[Normal Grain Harvest]]*1.3 -> 7447518 | J10: =(Table1345678910[[#This Row],[Population]]*365)/1000 -> 146000 | K10: =Table1345678910[[#This Row],[Normal Grain Harvest]]-Table1345678910[[#This Row],[Required Grain]] -> 5582860 | L10: =(Table1345678910[[#This Row],[Suplus Grain]]/2)/2000 -> 1395.715 | M10: grain | P10: =(Table1345678910[[#This Row],[Tax Income in Talents]]+Table1345678910[[#This Row],[Trade Income]]-Table1345678910[[#This Row],[Other Expenditure]]-Table1345678910[[#This Row],[Garrisoned Soldier Cost]]) -> 595.715
A11: Capadocia | C11: 3200 | D11: =Table1345678910[[#This Row],[Garrison Size]]*0.5 -> 1600 | E11: 320000 | F11: 20000 | G11: =Table1345678910[[#This Row],[Normal Grain Harvest]]*0.6 -> 3437316 | H11: 5728860 | I11: =Table1345678910[[#This Row],[Normal Grain Harvest]]*1.3 -> 7447518 | J11: =(Table1345678910[[#This Row],[Population]]*365)/1000 -> 116800 | K11: =Table1345678910[[#This Row],[Low Grain Harvest]]-Table1345678910[[#This Row],[Required Grain]] -> 3320516 | L11: =(Table1345678910[[#This Row],[Suplus Grain]]/2)/2000 -> 830.129 | M11: tin | P11: =(Table1345678910[[#This Row],[Tax Income in Talents]]+Table1345678910[[#This Row],[Trade Income]]-Table1345678910[[#This Row],[Other Expenditure]]-Table1345678910[[#This Row],[Garrisoned Soldier Cost]]) -> -769.871
A12: Kilikia | C12: 1200 | D12: =Table1345678910[[#This Row],[Garrison Size]]*0.5 -> 600 | E12: 600000 | F12: 15000 | G12: =Table1345678910[[#This Row],[Normal Grain Harvest]]*0.6 -> 3437316 | H12: 5728860 | I12: =Table1345678910[[#This Row],[Normal Grain Harvest]]*1.3 -> 7447518 | J12: =(Table1345678910[[#This Row],[Population]]*365)/1000 -> 219000 | K12: =Table1345678910[[#This Row],[Low Grain Harvest]]-Table1345678910[[#This Row],[Required Grain]] -> 3218316 | L12: =(Table1345678910[[#This Row],[Suplus Grain]]/2)/2000 -> 804.579 | M12: timber | P12: =(Table1345678910[[#This Row],[Tax Income in Talents]]+Table1345678910[[#This Row],[Trade Income]]-Table1345678910[[#This Row],[Other Expenditure]]-Table1345678910[[#This Row],[Garrisoned Soldier Cost]]) -> 204.579
A13: Syria | B13: Ptolemy | C13: 800 | D13: =Table1345678910[[#This Row],[Garrison Size]]*0.5 -> 400 | E13: 400000 | F13: 10000 | G13: =Table1345678910[[#This Row],[Normal Grain Harvest]]*0.6 -> 2482506 | H13: 4137510 | I13: =Table1345678910[[#This Row],[Normal Grain Harvest]]*1.3 -> 5378763 | J13: =(Table1345678910[[#This Row],[Population]]*365)/1000 -> 146000 | K13: =Table1345678910[[#This Row],[High Grain Harvest]]-Table1345678910[[#This Row],[Required Grain]] -> 5232763 | L13: =(Table1345678910[[#This Row],[Suplus Grain]]/2)/2000 -> 1308.1907 | M13: timber, dyes | P13: =(Table1345678910[[#This Row],[Tax Income in Talents]]+Table1345678910[[#This Row],[Trade Income]]-Table1345678910[[#This Row],[Other Expenditure]]-Table1345678910[[#This Row],[Garrisoned Soldier Cost]]) -> 908.19075
A14: Koile Syria | B14: Ptolemy | C14: 2400 | D14: =Table1345678910[[#This Row],[Garrison Size]]*0.5 -> 1200 | E14: 400000 | F14: 15000 | G14: =Table1345678910[[#This Row],[Normal Grain Harvest]]*0.6 -> 1909620 | H14: 3182700 | I14: =Table1345678910[[#This Row],[Normal Grain Harvest]]*1.3 -> 4137510 | J14: =(Table1345678910[[#This Row],[Population]]*365)/1000 -> 146000 | K14: =Table1345678910[[#This Row],[High Grain Harvest]]-Table1345678910[[#This Row],[Required Grain]] -> 3991510 | L14: =(Table1345678910[[#This Row],[Suplus Grain]]/2)/2000 -> 997.8775 | M14: timber, dyes | P14: =(Table1345678910[[#This Row],[Tax Income in Talents]]+Table1345678910[[#This Row],[Trade Income]]-Table1345678910[[#This Row],[Other Expenditure]]-Table1345678910[[#This Row],[Garrisoned Soldier Cost]]) -> -202.1225
A15: Cyrene | B15: Ptolemy | C15: 400 | D15: =Table1345678910[[#This Row],[Garrison Size]]*0.5 -> 200 | E15: 800000 | F15: 20000 | G15: =Table1345678910[[#This Row],[Normal Grain Harvest]]*0.6 -> 3819240 | H15: 6365400 | I15: =Table1345678910[[#This Row],[Normal Grain Harvest]]*1.3 -> 8275020 | J15: =(Table1345678910[[#This Row],[Population]]*365)/1000 -> 292000 | K15: =Table1345678910[[#This Row],[High Grain Harvest]]-Table1345678910[[#This Row],[Required Grain]] -> 7983020 | L15: =(Table1345678910[[#This Row],[Suplus Grain]]/2)/2000 -> 1995.755 | M15: timber, dyes | P15: =(Table1345678910[[#This Row],[Tax Income in Talents]]+Table1345678910[[#This Row],[Trade Income]]-Table1345678910[[#This Row],[Other Expenditure]]-Table1345678910[[#This Row],[Garrisoned Soldier Cost]]) -> 1795.755
A16: Cyprus | B16: Ptolemy | C16: 400 | D16: =Table1345678910[[#This Row],[Garrison Size]]*0.5 -> 200 | E16: 400000 | F16: 10000 | G16: =Table1345678910[[#This Row],[Normal Grain Harvest]]*0.6 -> 1909620 | H16: 3182700 | I16: =Table1345678910[[#This Row],[Normal Grain Harvest]]*1.3 -> 4137510 | J16: =(Table1345678910[[#This Row],[Population]]*365)/1000 -> 146000 | K16: =Table1345678910[[#This Row],[High Grain Harvest]]-Table1345678910[[#This Row],[Required Grain]] -> 3991510 | L16: =(Table1345678910[[#This Row],[Suplus Grain]]/2)/2000 -> 997.8775 | M16: timber, copper | P16: =(Table1345678910[[#This Row],[Tax Income in Talents]]+Table1345678910[[#This Row],[Trade Income]]-Table1345678910[[#This Row],[Other Expenditure]]-Table1345678910[[#This Row],[Garrisoned Soldier Cost]]) -> 797.8775
A17: Egypt | B17: Ptolemy | C17: =4500*0.98 -> 4410 | D17: =Table1345678910[[#This Row],[Garrison Size]]*0.5 -> 2205 | E17: 2800000 | F17: 80000 | G17: =Table1345678910[[#This Row],[Normal Grain Harvest]]*0.6 -> 15650200 | H17: 26083667 | I17: =Table1345678910[[#This Row],[Normal Grain Harvest]]*1.3 -> 33908767 | J17: =(Table1345678910[[#This Row],[Population]]*365)/1000 -> 1022000 | K17: =Table1345678910[[#This Row],[High Grain Harvest]]-Table1345678910[[#This Row],[Required Grain]] -> 32886767 | L17: =(Table1345678910[[#This Row],[Suplus Grain]]/2)/2000 -> 8221.6918 | P17: =(Table1345678910[[#This Row],[Tax Income in Talents]]+Table1345678910[[#This Row],[Trade Income]]-Table1345678910[[#This Row],[Other Expenditure]]-Table1345678910[[#This Row],[Garrisoned Soldier Cost]]) -> 6016.6918
A18: Mesopotamia | B18: Peithon | C18: 800 | D18: =Table1345678910[[#This Row],[Garrison Size]]*0.5 -> 400 | E18: 1600000 | F18: 45000 | G18: =Table1345678910[[#This Row],[Normal Grain Harvest]]*0.6 -> 8606020.8 | H18: 14343368 | I18: =Table1345678910[[#This Row],[Normal Grain Harvest]]*1.3 -> 18646378 | J18: =(Table1345678910[[#This Row],[Population]]*365)/1000 -> 584000 | K18: =Table1345678910[[#This Row],[Normal Grain Harvest]]-Table1345678910[[#This Row],[Required Grain]] -> 13759368 | L18: =(Table1345678910[[#This Row],[Suplus Grain]]/2)/2000 -> 3439.842 | M18: grain, dates, salt | P18: =(Table1345678910[[#This Row],[Tax Income in Talents]]+Table1345678910[[#This Row],[Trade Income]]-Table1345678910[[#This Row],[Other Expenditure]]-Table1345678910[[#This Row],[Garrisoned Soldier Cost]]) -> 3039.842
A19: Babylonia | B19: Peithon | C19: =2000*0.98 -> 1960 | D19: =Table1345678910[[#This Row],[Garrison Size]]*0.5 -> 980 | E19: 1040000 | F19: 40000 | G19: =Table1345678910[[#This Row],[Normal Grain Harvest]]*0.6 -> 7944019.2 | H19: 13240032 | I19: =Table1345678910[[#This Row],[Normal Grain Harvest]]*1.3 -> 17212042 | J19: =(Table1345678910[[#This Row],[Population]]*365)/1000 -> 379600 | K19: =Table1345678910[[#This Row],[Normal Grain Harvest]]-Table1345678910[[#This Row],[Required Grain]] -> 12860432 | L19: =(Table1345678910[[#This Row],[Suplus Grain]]/2)/2000 -> 3215.108 | M19: grain, dates, salt | N19: 10 | P19: =(Table1345678910[[#This Row],[Tax Income in Talents]]+Table1345678910[[#This Row],[Trade Income]]-Table1345678910[[#This Row],[Other Expenditure]]-Table1345678910[[#This Row],[Garrisoned Soldier Cost]]) -> 2245.108
A20: Media | B20: Peithon | C20: =750*0.8 -> 600 | D20: =Table1345678910[[#This Row],[Garrison Size]]*0.5 -> 300 | E20: 480000 | F20: 22500 | G20: =Table1345678910[[#This Row],[Normal Grain Harvest]]*0.6 -> 4965012 | H20: 8275020 | I20: =Table1345678910[[#This Row],[Normal Grain Harvest]]*1.3 -> 10757526 | J20: =(Table1345678910[[#This Row],[Population]]*365)/1000 -> 175200 | K20: =Table1345678910[[#This Row],[Normal Grain Harvest]]-Table1345678910[[#This Row],[Required Grain]] -> 8099820 | L20: =(Table1345678910[[#This Row],[Suplus Grain]]/2)/2000 -> 2024.955 | M20: horses, salt | P20: =(Table1345678910[[#This Row],[Tax Income in Talents]]+Table1345678910[[#This Row],[Trade Income]]-Table1345678910[[#This Row],[Other Expenditure]]-Table1345678910[[#This Row],[Garrisoned Soldier Cost]]) -> 1724.955
A21: Elymais | B21: Peithon | C21: 1000 | D21: =Table1345678910[[#This Row],[Garrison Size]]*0.5 -> 500 | E21: =1.2*480000 -> 576000 | F21: =1.2*22500 -> 27000 | G21: =Table1345678910[[#This Row],[Normal Grain Harvest]]*0.6 -> 4774050 | H21: 7956750 | I21: =Table1345678910[[#This Row],[Normal Grain Harvest]]*1.3 -> 10343775 | J21: =(Table1345678910[[#This Row],[Population]]*365)/1000 -> 210240 | K21: =Table1345678910[[#This Row],[Normal Grain Harvest]]-Table1345678910[[#This Row],[Required Grain]] -> 7746510 | L21: =(Table1345678910[[#This Row],[Suplus Grain]]/2)/2000 -> 1936.6275 | P21: =(Table1345678910[[#This Row],[Tax Income in Talents]]+Table1345678910[[#This Row],[Trade Income]]-Table1345678910[[#This Row],[Other Expenditure]]-Table1345678910[[#This Row],[Garrisoned Soldier Cost]]) -> 1436.6275
A22: Persis | B22: Peithon | C22: 1000 | D22: =Table1345678910[[#This Row],[Garrison Size]]*0.5 -> 500 | E22: =1.2*1080000 -> 1296000 | F22: =1.2*27000 -> 32400 | G22: =Table1345678910[[#This Row],[Normal Grain Harvest]]*0.6 -> 6454515.6 | H22: 10757526 | I22: =Table1345678910[[#This Row],[Normal Grain Harvest]]*1.3 -> 13984784 | J22: =(Table1345678910[[#This Row],[Population]]*365)/1000 -> 473040 | K22: =Table1345678910[[#This Row],[Normal Grain Harvest]]-Table1345678910[[#This Row],[Required Grain]] -> 10284486 | L22: =(Table1345678910[[#This Row],[Suplus Grain]]/2)/2000 -> 2571.1215 | M22: grain, horses, gold | P22: =(Table1345678910[[#This Row],[Tax Income in Talents]]+Table1345678910[[#This Row],[Trade Income]]-Table1345678910[[#This Row],[Other Expenditure]]-Table1345678910[[#This Row],[Garrisoned Soldier Cost]]) -> 2071.1215
A23: Drangiane | B23: Polyperchon | C23: 800 | D23: =Table1345678910[[#This Row],[Garrison Size]]*0.5 -> 400 | E23: 720000 | F23: 18000 | G23: =Table1345678910[[#This Row],[Normal Grain Harvest]]*0.6 -> 3442408.3 | H23: 5737347.2 | I23: =Table1345678910[[#This Row],[Normal Grain Harvest]]*1.3 -> 7458551.4 | J23: =(Table1345678910[[#This Row],[Population]]*365)/1000 -> 262800 | K23: =Table1345678910[[#This Row],[Normal Grain Harvest]]-Table1345678910[[#This Row],[Required Grain]] -> 5474547.2 | L23: =(Table1345678910[[#This Row],[Suplus Grain]]/2)/2000 -> 1368.6368 | P23: =(Table1345678910[[#This Row],[Tax Income in Talents]]+Table1345678910[[#This Row],[Trade Income]]-Table1345678910[[#This Row],[Other Expenditure]]-Table1345678910[[#This Row],[Garrisoned Soldier Cost]]) -> 968.6368
A24: Aria | B24: Polyperchon | C24: 800 | D24: =Table1345678910[[#This Row],[Garrison Size]]*0.5 -> 400 | E24: 300000 | F24: 3500 | G24: =Table1345678910[[#This Row],[Normal Grain Harvest]]*0.6 -> 2151505.2 | H24: 3585842 | I24: =Table1345678910[[#This Row],[Normal Grain Harvest]]*1.3 -> 4661594.6 | J24: =(Table1345678910[[#This Row],[Population]]*365)/1000 -> 109500 | K24: =Table1345678910[[#This Row],[Normal Grain Harvest]]-Table1345678910[[#This Row],[Required Grain]] -> 3476342 | L24: =(Table1345678910[[#This Row],[Suplus Grain]]/2)/2000 -> 869.0855 | P24: =(Table1345678910[[#This Row],[Tax Income in Talents]]+Table1345678910[[#This Row],[Trade Income]]-Table1345678910[[#This Row],[Other Expenditure]]-Table1345678910[[#This Row],[Garrisoned Soldier Cost]]) -> 469.0855
A25: Parthia | B25: Polyperchon | C25: 800 | D25: =Table1345678910[[#This Row],[Garrison Size]]*0.5 -> 400 | E25: 300000 | F25: 3500 | G25: =Table1345678910[[#This Row],[Normal Grain Harvest]]*0.6 -> 2151505.2 | H25: 3585842 | I25: =Table1345678910[[#This Row],[Normal Grain Harvest]]*1.3 -> 4661594.6 | J25: =(Table1345678910[[#This Row],[Population]]*365)/1000 -> 109500 | K25: =Table1345678910[[#This Row],[Normal Grain Harvest]]-Table1345678910[[#This Row],[Required Grain]] -> 3476342 | L25: =(Table1345678910[[#This Row],[Suplus Grain]]/2)/2000 -> 869.0855 | M25: grain | P25: =(Table1345678910[[#This Row],[Tax Income in Talents]]+Table1345678910[[#This Row],[Trade Income]]-Table1345678910[[#This Row],[Other Expenditure]]-Table1345678910[[#This Row],[Garrisoned Soldier Cost]]) -> 469.0855
A26: Arachosia | B26: Polyperchon | C26: 800 | D26: =Table1345678910[[#This Row],[Garrison Size]]*0.5 -> 400 | E26: 200000 | F26: 7000 | G26: =Table1345678910[[#This Row],[Normal Grain Harvest]]*0.6 -> 1655004 | H26: 2758340 | I26: =Table1345678910[[#This Row],[Normal Grain Harvest]]*1.3 -> 3585842 | J26: =(Table1345678910[[#This Row],[Population]]*365)/1000 -> 73000 | K26: =Table1345678910[[#This Row],[Normal Grain Harvest]]-Table1345678910[[#This Row],[Required Grain]] -> 2685340 | L26: =(Table1345678910[[#This Row],[Suplus Grain]]/2)/2000 -> 671.335 | P26: =(Table1345678910[[#This Row],[Tax Income in Talents]]+Table1345678910[[#This Row],[Trade Income]]-Table1345678910[[#This Row],[Other Expenditure]]-Table1345678910[[#This Row],[Garrisoned Soldier Cost]]) -> 271.335
A27: Hyrcania | B27: Polyperchon | C27: 400 | D27: =Table1345678910[[#This Row],[Garrison Size]]*0.5 -> 200 | E27: 200000 | F27: 4000 | G27: =Table1345678910[[#This Row],[Normal Grain Harvest]]*0.6 -> 993002.4 | H27: 1655004 | I27: =Table1345678910[[#This Row],[Normal Grain Harvest]]*1.3 -> 2151505.2 | J27: =(Table1345678910[[#This Row],[Population]]*365)/1000 -> 73000 | K27: =Table1345678910[[#This Row],[Normal Grain Harvest]]-Table1345678910[[#This Row],[Required Grain]] -> 1582004 | L27: =(Table1345678910[[#This Row],[Suplus Grain]]/2)/2000 -> 395.501 | P27: =(Table1345678910[[#This Row],[Tax Income in Talents]]+Table1345678910[[#This Row],[Trade Income]]-Table1345678910[[#This Row],[Other Expenditure]]-Table1345678910[[#This Row],[Garrisoned Soldier Cost]]) -> 195.501
A28: Bactria + Sogdiane | B28: Polyperchon | C28: 4800 | D28: =Table1345678910[[#This Row],[Garrison Size]]*0.5 -> 2400 | E28: =1.2*800000 -> 960000 | F28: 16000 | G28: =Table1345678910[[#This Row],[Normal Grain Harvest]]*0.6 -> 4965012 | H28: 8275020 | I28: =Table1345678910[[#This Row],[Normal Grain Harvest]]*1.3 -> 10757526 | J28: =(Table1345678910[[#This Row],[Population]]*365)/1000 -> 350400 | K28: =Table1345678910[[#This Row],[Normal Grain Harvest]]-Table1345678910[[#This Row],[Required Grain]] -> 7924620 | L28: =(Table1345678910[[#This Row],[Suplus Grain]]/2)/2000 -> 1981.155 | M28: grain, gold | P28: =(Table1345678910[[#This Row],[Tax Income in Talents]]+Table1345678910[[#This Row],[Trade Income]]-Table1345678910[[#This Row],[Other Expenditure]]-Table1345678910[[#This Row],[Garrisoned Soldier Cost]]) -> -418.845
A29: Gedrosia | B29: Polyperchon | E29: =1.2*7000 -> 8400 | F29: 500 | G29: =Table1345678910[[#This Row],[Normal Grain Harvest]]*0.6 -> 8275.02 | H29: 13791.7 | I29: =Table1345678910[[#This Row],[Normal Grain Harvest]]*1.3 -> 17929.21 | J29: =(Table1345678910[[#This Row],[Population]]*365)/1000 -> 3066 | K29: =Table1345678910[[#This Row],[Normal Grain Harvest]]-Table1345678910[[#This Row],[Required Grain]] -> 10725.7 | L29: =(Table1345678910[[#This Row],[Suplus Grain]]/2)/2000 -> 2.681425 | N29: 2 | P29: =(Table1345678910[[#This Row],[Tax Income in Talents]]+Table1345678910[[#This Row],[Trade Income]]-Table1345678910[[#This Row],[Other Expenditure]]-Table1345678910[[#This Row],[Garrisoned Soldier Cost]]) -> 4.681425

Sheet Trade deals
A1: Trade Details
A2: Babylon | B2: Persis | C2: 200
A3: Babylon | B3: Mesopotamia | C3: 200
A4: Babylon | B4: Media | C4: 200
A5: Babylon | B5: Baktria | C5: 450
A6: Black sea tax | C6: 200
A7: Babylon | B7: Egypt | C7: 500
A8: Babylon | B8: Smyrna | C8: 10 talents
A9: Egyptian grain tax | C9: 500 talents
A10: Macedonia | B10: Bosphorus | C10: 20 talents
A11: Tax on persian tribes | C11: 50 talents
A12: Persis | B12: Babylon | C12: 150
A13: Armenia | B13: Peithon | C13: 220
A14: Macedonia | B14: Syracuse | C14: 300 | D14: (timber)
